Workbook
Name AVCOMP: #REF!
Name AVGLEVY: #REF!
Name CLASSCOMPS: #REF!
Name EQUALIZATION: #REF!
Name MINVALS: 'MINERAL VALUE DETAIL'!#REF!
Name TAXCOMP: #REF!
Name WHATIF: #REF!

Sheet Albany Value
A1: ="ALBANY COUNTY "&D3 -> ALBANY COUNTY 2026
C3: 2025 | D3: 2026 | E3: 2025 | F3: =$D$3 -> 2026 | I3: =$D$3 -> 2026
C4: Productive | D4: Productive | E4: Assessed | F4: Assessed | G4: Productive Value | H4: Assessed Value | I4: Level of
A5: LINE | B5: CLASSIFICATION | C5: Value | D5: Value | E5: Value | F5: Value | G5: Change | H5: % Change | I5: Assessment
A6: A | B6: AGRICULTRAL LAND | C6: 147667113 | D6: =D25 -> 141739270 | E6: 14028409 | F6: =F25 -> 13465262 | G6: =D6-C6 -> -5927843 | H6: =IF(E6=0,"",F6/E6-1) -> -0.040143326 | I6: =IF(D6=0,"N/A",F6/D6) -> 0.095000221
A7: B | B7: REAL PROPERTY | C7: 4.6949747e+09 | D7: =D42 -> 5.4242511e+09 | E7: 446022635 | F7: =F42 -> 515304217 | G7: =D7-C7 -> 7.2927646e+08 | H7: =IF(E7=0,"",F7/E7-1) -> 0.15533199 | I7: =IF(D7=0,"N/A",F7/D7) -> 0.095000067
A8: C | B8: PERSONAL PROPERTY | C8: 1.3504365e+08 | D8: =D49 -> 1.0267303e+08 | E8: 12829153 | F8: =F49 -> 9753943 | G8: =D8-C8 -> -32370621 | H8: =IF(E8=0,"",F8/E8-1) -> -0.23970483 | I8: =IF(D8=0,"N/A",F8/D8) -> 0.095000053
A9: D | B9: INDUSTRIAL PROPERTY | C9: 759543169 | D9: =D87 -> 847753690 | E9: 87347465 | F9: =F87 -> 97491683 | G9: =D9-C9 -> 88210521 | H9: =IF(E9=0,"",F9/E9-1) -> 0.11613638 | I9: =IF(D9=0,"N/A",F9/D9) -> 0.11500001
B10: STATE ASSESSED - MINERALS | C10: 23698014 | D10: ='STATE ASSESSED'!C5 -> 16502142 | E10: 23698014 | F10: =D10 -> 16502142 | G10: =D10-C10 -> -7195872 | H10: =IF(E10=0,"",F10/E10-1) -> -0.30364874 | I10: =IF(D10=0,"N/A",F10/D10) -> 1
B11: STATE ASSESSED - OTHER | C11: 737079882 | D11: ='STATE ASSESSED'!F5 -> 796225493 | E11: 84222273 | F11: ='STATE ASSESSED'!I5 -> 91066586 | G11: =D11-C11 -> 59145611 | H11: =IF(E11=0,"",F11/E11-1) -> 0.081264881 | I11: =F11/D11 -> 0.11437286 | J11: *
H12: =IF(E12=0,"",F12/E12-1)
B13: LOCALLY ASSESSED VALUATION | C13: 5.7372286e+09 | D13: =SUM(D6:D9) -> 6.5164171e+09 | E13: 560227662 | F13: =SUM(F6:F9) -> 636015105 | G13: =SUM(G6:G9) -> 7.7918852e+08 | H13: =IF(E13=0,"",F13/E13-1) -> 0.13527972
B14: STATE ASSESSED VALUATION | C14: 760777896 | D14: =SUM(D10:D11) -> 812727635 | E14: 107920287 | F14: =SUM(F10:F11) -> 107568728 | G14: =SUM(G10:G11) -> 51949739 | H14: =IF(E14=0,"",F14/E14-1) -> -0.0032575803
B15: TOTAL VALUATION | C15: 6.4980065e+09 | D15: =SUM(D13:D14) -> 7.3291447e+09 | E15: 668147949 | F15: =SUM(F13:F14) -> 743583833 | G15: =SUM(G13:G14) -> 8.3113826e+08 | H15: =IF(E15=0,"",F15/E15-1) -> 0.11290296
A18: * Telephone and cable are taxed at 9.5%. All others are taxed at 11.5%.
C19: 2025 | D19: =$D$3 -> 2026 | E19: 2025 | F19: =$D$3 -> 2026 | I19: =$D$3 -> 2026
C20: Productive | D20: Productive | E20: Assessed | F20: Assessed | G20: Productive Value | H20: Assessed Value | I20: Level of
A21: AGRICULTURAL LANDS | C21: Value | D21: Value | E21: Value | F21: Value | G21: Change | H21: % Change | I21: Assessment
A22: 110 | B22: IRRIGATED | C22: 0 | D22: 0 | E22: 0 | F22: 0 | G22: =D22-C22 -> 0 | H22: =IF(E22=0,"",F22/E22-1) | I22: =IF(D22=0,"N/A",F22/D22) -> N/A
A23: 120 | B23: DRY CROP | C23: 0 | D23: 0 | E23: 0 | F23: 0 | G23: =D23-C23 -> 0 | H23: =IF(E23=0,"",F23/E23-1) | I23: =IF(D23=0,"N/A",F23/D23) -> N/A
A24: 130 | B24: RANGE | C24: 147667113 | D24: 141739270 | E24: 14028409 | F24: 13465262 | G24: =D24-C24 -> -5927843 | H24: =IF(E24=0,"",F24/E24-1) -> -0.040143326 | I24: =IF(D24=0,"N/A",F24/D24) -> 0.095000221
A25: A | B25: TOTAL AG LANDS | C25: 147667113 | D25: =SUM(D22:D24) -> 141739270 | E25: 14028409 | F25: =SUM(F22:F24) -> 13465262 | G25: =SUM(G22:G24) -> -5927843 | H25: =IF(E25=0,"",F25/E25-1) -> -0.040143326 | I25: =IF(D25=0,"N/A",F25/D25) -> 0.095000221
C27: 2025 | D27: =$D$3 -> 2026 | E27: 2025 | F27: =$D$3 -> 2026
A28: AG ACREAGE | C28: Acres | D28: Acres | E28: Value/Acre | F28: Value/Acre | G28: Acre Change | H28: Value/Acre Change
A29: 110 | B29: IRRIGATED | C29: 0 | D29: 0 | E29: 0 | F29: =IF(D29<>0,D22/D29,0) -> 0 | G29: =D29-C29 -> 0 | H29: =F29-E29 -> 0
A30: 120 | B30: DRY CROP | C30: 0 | D30: 0 | E30: 0 | F30: =IF(D30<>0,D23/D30,0) -> 0 | G30: =D30-C30 -> 0 | H30: =F30-E30 -> 0
A31: 130 | B31: RANGE | C31: 1642230.6 | D31: 1647527.4 | E31: 89.918624 | F31: =IF(D31<>0,D24/D31,0) -> 86.031509 | G31: =D31-C31 -> 5296.848 | H31: =F31-E31 -> -3.8871148
C35: 2025 | D35: =$D$3 -> 2026 | E35: 2025 | F35: =$D$3 -> 2026 | G35: Dollar | H35: % | I35: =$D$3 -> 2026
C36: Fair Market | D36: Fair Market | E36: Assessed | F36: Assessed | G36: Market Value | H36: Assessed Value | I36: Level of
A37: REAL PROPERTY | C37: Value | D37: Value | E37: Value | F37: Value | G37: Change | H37: Change | I37: Assessment
A38: 200 | B38: RESIDENTIAL LAND | C38: 7.8006491e+08 | D38: 9.0946867e+08 | E38: 74106235 | F38: 86399727 | G38: =D38-C38 -> 1.2940376e+08 | H38: =IF(E38=0,"",F38/E38-1) -> 0.16589012 | I38: =IF(D38=0,"N/A",F38/D38) -> 0.095000224
A39: 300 | B39: RESIDENTIAL IMPROVED | C39: 2.6234335e+09 | D39: 3.2161275e+09 | E39: 249226178 | F39: 305532245 | G39: =D39-C39 -> 5.9269403e+08 | H39: =IF(E39=0,"",F39/E39-1) -> 0.22592357 | I39: =IF(D39=0,"N/A",F39/D39) -> 0.09500004
A40: 400 | B40: COMMERCIAL LAND | C40: 2.2382588e+08 | D40: 2.4069506e+08 | E40: 21263440 | F40: 22866029 | G40: =D40-C40 -> 16869180 | H40: =IF(E40=0,"",F40/E40-1) -> 0.075368285 | I40: =IF(D40=0,"N/A",F40/D40) -> 0.094999995
A41: 500 | B41: COMMERCIAL IMPROVED | C41: 1.0676504e+09 | D41: 1.0579599e+09 | E41: 101426782 | F41: 100506216 | G41: =D41-C41 -> -9690506.2 | H41: =IF(E41=0,"",F41/E41-1) -> -0.0090761629 | I41: =IF(D41=0,"N/A",F41/D41) -> 0.095000027
A42: B | B42: TOTAL REAL PROPERTY | C42: 4.6949747e+09 | D42: =SUM(D38:D41) -> 5.4242511e+09 | E42: 446022635 | F42: =SUM(F38:F41) -> 515304217 | G42: =SUM(G38:G41) -> 7.2927646e+08 | H42: =IF(E42=0,"",F42/E42-1) -> 0.15533199 | I42: =IF(D42=0,"N/A",F42/D42) -> 0.095000067
C44: 2025 | D44: =$D$3 -> 2026 | E44: 2025 | F44: =$D$3 -> 2026 | G44: Dollar | H44: % | I44: =$D$3 -> 2026
C45: Fair Market | D45: Fair Market | E45: Assessed | F45: Assessed | G45: Market Value | H45: Assessed Value | I45: Level of
A46: PERSONAL PROPERTY | C46: Value | D46: Value | E46: Value | F46: Value | G46: Change | H46: Change | I46: Assessment
A47: 610 | B47: RESIDENTIAL PERSONAL PROPERTY | C47: 21537782 | D47: 27146986 | E47: 2046089 | F47: 2578972 | G47: =D47-C47 -> 5609204 | H47: =IF(E47=0,"",F47/E47-1) -> 0.2604398 | I47: =IF(D47=0,"N/A",F47/D47) -> 0.095000305
A48: 730 | B48: COMMERCAIL PERSONAL PROPERTY | C48: 113505865 | D48: 75526040 | E48: 10783064 | F48: 7174971 | G48: =D48-C48 -> -37979825 | H48: =IF(E48=0,"",F48/E48-1) -> -0.3346074 | I48: =IF(D48=0,"N/A",F48/D48) -> 0.094999963
A49: C | B49: TOTAL PERSONAL PROPERTY | C49: 1.3504365e+08 | D49: =SUM(D47:D48) -> 1.0267303e+08 | E49: 12829153 | F49: =SUM(F47:F48) -> 9753943 | G49: =SUM(G47:G48) -> -32370621 | H49: =IF(E49=0,"",F49/E49-1) -> -0.23970483 | I49: =IF(D49=0,"N/A",F49/D49) -> 0.095000053
C53: 2025 | D53: =$D$3 -> 2026 | E53: 2025 | F53: =$D$3 -> 2026 | G53: Dollar | H53: % | I53: =$D$3 -> 2026
C54: Fair Market | D54: Fair Market | E54: Assessed | F54: Assessed | G54: Market Value | H54: Assessed Value | I54: Level of
A55: INDUSTRIAL PROPERTY | C55: Value | D55: Value | E55: Value | F55: Value | G55: Change | H55: Change | I55: Assessment
A56: 501 | B56: Food Manufacturing | C56: 4035327 | D56: 4224261 | E56: 464062 | F56: 485790 | G56: =D56-C56 -> 188934 | H56: =IF(E56=0,"",F56/E56-1) -> 0.04682133 | I56: =IF(D56=0,"N/A",F56/D56) -> 0.115
A57: 502 | B57: Beverage Manufacturing | C57: 2475446 | D57: 2045452 | E57: 284676 | F57: 235226 | G57: =D57-C57 -> -429994 | H57: =IF(E57=0,"",F57/E57-1) -> -0.17370625 | I57: =IF(D57=0,"N/A",F57/D57) -> 0.11499952
A58: 503 | B58: Tobacco Manufacturing | C58: 0 | D58: 0 | E58: 0 | F58: 0 | G58: =D58-C58 -> 0 | H58: =IF(E58=0,"",F58/E58-1) | I58: =IF(D58=0,"N/A",F58/D58) -> N/A
A59: 504 | B59: Manufacture of Textile Mill Products | C59: 2975 | D59: 0 | E59: 342 | F59: 0 | G59: =D59-C59 -> -2975 | H59: =IF(E59=0,"",F59/E59-1) -> -1 | I59: =IF(D59=0,"N/A",F59/D59) -> N/A
A60: 505 | B60: Apparel Manufacturing | C60: 63290 | D60: 0 | E60: 7278 | F60: 0 | G60: =D60-C60 -> -63290 | H60: =IF(E60=0,"",F60/E60-1) -> -1 | I60: =IF(D60=0,"N/A",F60/D60) -> N/A
A61: 506 | B61: Leather Manufacturing | C61: 9170 | D61: 0 | E61: 1055 | F61: 0 | G61: =D61-C61 -> -9170 | H61: =IF(E61=0,"",F61/E61-1) -> -1 | I61: =IF(D61=0,"N/A",F61/D61) -> N/A
A62: 507 | B62: Wood Product Manufacturing | C62: 3574023 | D62: 3269218 | E62: 411013 | F62: 375963 | G62: =D62-C62 -> -304805 | H62: =IF(E62=0,"",F62/E62-1) -> -0.085277108 | I62: =IF(D62=0,"N/A",F62/D62) -> 0.1150009
A63: 508 | B63: Paper Manufacturing | C63: 0 | D63: 0 | E63: 0 | F63: 0 | G63: =D63-C63 -> 0 | H63: =IF(E63=0,"",F63/E63-1) | I63: =IF(D63=0,"N/A",F63/D63) -> N/A
A64: 509 | B64: Printing - Newspapers, Books etc. | C64: 873838 | D64: 663097 | E64: 100491 | F64: 76256 | G64: =D64-C64 -> -210741 | H64: =IF(E64=0,"",F64/E64-1) -> -0.24116588 | I64: =IF(D64=0,"N/A",F64/D64) -> 0.11499977
A65: 510 | B65: Chemical Manufacturing | C65: 507317 | D65: 454752 | E65: 58342 | F65: 52297 | G65: =D65-C65 -> -52565 | H65: =IF(E65=0,"",F65/E65-1) -> -0.10361318 | I65: =IF(D65=0,"N/A",F65/D65) -> 0.11500114
A66: 511 | B66: Plastic & Rubber Product Manufacturing | C66: 4729247 | D66: 5491485 | E66: 543864 | F66: 631521 | G66: =D66-C66 -> 762238 | H66: =IF(E66=0,"",F66/E66-1) -> 0.16117448 | I66: =IF(D66=0,"N/A",F66/D66) -> 0.11500004
A67: 512 | B67: Non-Metallic Mineral Product Manufacturing | C67: 165754533 | D67: 256143208 | E67: 19061771 | F67: 29456471 | G67: =D67-C67 -> 90388675 | H67: =IF(E67=0,"",F67/E67-1) -> 0.54531659 | I67: =IF(D67=0,"N/A",F67/D67) -> 0.11500001
... A86: 532 | B86: Pollution Control & Fire Exemptions Granted | C86: 0 | D86: 0 | E86: 0 | F86: 0 | G86: =D86-C86 -> 0 | H86: =IF(E86=0,"",F86/E86-1) | I86: =IF(D86=0,"N/A",F86/D86) -> N/A
A87: D | B87: TOTAL INDUSTRIAL | C87: 759543169 | D87: =SUM(D56:D85) -> 847753690 | E87: 87347465 | F87: =SUM(F56:F85) -> 97491683 | G87: =SUM(G56:G85) -> 88210521 | H87: =IF(E87=0,"",F87/E87-1) -> 0.11613638 | I87: =IF(D87=0,"N/A",F87/D87) -> 0.11500001

Sheet Big Horn Value
A1: ="BIG HORN COUNTY "&D3 -> BIG HORN COUNTY 2026
C3: 2025 | D3: ='Albany Value'!$D$3 -> 2026 | E3: =$C$3 -> 2025 | F3: =$D$3 -> 2026 | I3: =$D$3 -> 2026
C4: Productive | D4: Productive | E4: Assessed | F4: Assessed | G4: Productive Value | H4: Assessed Value | I4: Level of
A5: LINE | B5: CLASSIFICATION | C5: Value | D5: Value | E5: Value | F5: Value | G5: Change | H5: % Change | I5: Assessment
A6: A | B6: AGRICULTRAL LAND | C6: 2.5890608e+08 | D6: =D25 -> 1.792311e+08 | E6: 24596167 | F6: =F25 -> 17027459 | G6: =D6-C6 -> -79674982 | H6: =IF(E6=0,"",F6/E6-1) -> -0.307719 | I6: =IF(D6=0,"N/A",F6/D6) -> 0.095002816
A7: B | B7: REAL PROPERTY | C7: 8.9536499e+08 | D7: =D42 -> 1.0849614e+09 | E7: 85059860 | F7: =F42 -> 103071556 | G7: =D7-C7 -> 1.8959639e+08 | H7: =IF(E7=0,"",F7/E7-1) -> 0.21175318 | I7: =IF(D7=0,"N/A",F7/D7) -> 0.095000208
A8: C | B8: PERSONAL PROPERTY | C8: 1.059064e+08 | D8: =D49 -> 87929119 | E8: 10061127 | F8: =F49 -> 8353252 | G8: =D8-C8 -> -17977283 | H8: =IF(E8=0,"",F8/E8-1) -> -0.16974987 | I8: =IF(D8=0,"N/A",F8/D8) -> 0.094999837
A9: D | B9: INDUSTRIAL PROPERTY | C9: 149928026 | D9: =D87 -> 1.642789e+08 | E9: 17241726 | F9: =F87 -> 18892077 | G9: =D9-C9 -> 14350869 | H9: =IF(E9=0,"",F9/E9-1) -> 0.095718433 | I9: =IF(D9=0,"N/A",F9/D9) -> 0.11500002
B10: STATE ASSESSED - MINERALS | C10: 97042542 | D10: ='STATE ASSESSED'!C6 -> 82345182 | E10: 97042542 | F10: =D10 -> 82345182 | G10: =D10-C10 -> -14697360 | H10: =IF(E10=0,"",F10/E10-1) -> -0.15145275 | I10: =IF(D10=0,"N/A",F10/D10) -> 1
B11: STATE ASSESSED - OTHER | C11: 220995138 | D11: ='STATE ASSESSED'!F6 -> 221862195 | E11: 25076728 | F11: ='STATE ASSESSED'!I6 -> 25261145 | G11: =D11-C11 -> 867057 | H11: =IF(E11=0,"",F11/E11-1) -> 0.0073541094 | I11: =F11/D11 -> 0.11385962 | J11: *
H12: =IF(E12=0,"",F12/E12-1)
B13: LOCALLY ASSESSED VALUATION | C13: 1.4101055e+09 | D13: =SUM(D6:D9) -> 1.5164005e+09 | E13: 136958880 | F13: =SUM(F6:F9) -> 147344344 | G13: =SUM(G6:G9) -> 1.0629499e+08 | H13: =IF(E13=0,"",F13/E13-1) -> 0.075829066
B14: STATE ASSESSED VALUATION | C14: 318037680 | D14: =SUM(D10:D11) -> 304207377 | E14: 122119270 | F14: =SUM(F10:F11) -> 107606327 | G14: =SUM(G10:G11) -> -13830303 | H14: =IF(E14=0,"",F14/E14-1) -> -0.11884237
B15: TOTAL VALUATION | C15: 1.7281432e+09 | D15: =SUM(D13:D14) -> 1.8206079e+09 | E15: 259078150 | F15: =SUM(F13:F14) -> 254950671 | G15: =SUM(G13:G14) -> 92464690 | H15: =IF(E15=0,"",F15/E15-1) -> -0.015931405
A18: * Telephone and cable are taxed at 9.5%. All others are taxed at 11.5%.
C19: =$C$3 -> 2025 | D19: =$D$3 -> 2026 | E19: =$C$3 -> 2025 | F19: =$D$3 -> 2026 | I19: =$D$3 -> 2026
C20: Productive | D20: Productive | E20: Assessed | F20: Assessed | G20: Productive Value | H20: Assessed Value | I20: Level of
A21: AGRICULTURAL LANDS | C21: Value | D21: Value | E21: Value | F21: Value | G21: Change | H21: % Change | I21: Assessment
A22: 110 | B22: IRRIGATED | C22: 2.4390452e+08 | D22: 1.6803416e+08 | E22: 23170926 | F22: 15963382 | G22: =D22-C22 -> -75870362 | H22: =IF(E22=0,"",F22/E22-1) -> -0.31105982 | I22: =IF(D22=0,"N/A",F22/D22) -> 0.095000817
A23: 120 | B23: DRY CROP | C23: 0 | D23: 0 | E23: 0 | F23: 0 | G23: =D23-C23 -> 0 | H23: =IF(E23=0,"",F23/E23-1) | I23: =IF(D23=0,"N/A",F23/D23) -> N/A
A24: 130 | B24: RANGE | C24: 15001563 | D24: 11196943 | E24: 1425241 | F24: 1064077 | G24: =D24-C24 -> -3804619.4 | H24: =IF(E24=0,"",F24/E24-1) -> -0.25340556 | I24: =IF(D24=0,"N/A",F24/D24) -> 0.095032811
A25: A | B25: TOTAL AG LANDS | C25: 2.5890608e+08 | D25: =SUM(D22:D24) -> 1.792311e+08 | E25: 24596167 | F25: =SUM(F22:F24) -> 17027459 | G25: =SUM(G22:G24) -> -79674982 | H25: =IF(E25=0,"",F25/E25-1) -> -0.307719 | I25: =IF(D25=0,"N/A",F25/D25) -> 0.095002816
C27: =$C$3 -> 2025 | D27: =$D$3 -> 2026 | E27: =$C$3 -> 2025 | F27: =$D$3 -> 2026
A28: AG ACREAGE | C28: Acres | D28: Acres | E28: Value/Acre | F28: Value/Acre | G28: Acre Change | H28: Value/Acre Change
A29: 110 | B29: IRRIGATED | C29: 116158.85 | D29: 116255.73 | E29: 2099.7498 | F29: =IF(D29<>0,D22/D29,0) -> 1445.3839 | G29: =D29-C29 -> 96.88 | H29: =F29-E29 -> -654.36591
A30: 120 | B30: DRY CROP | C30: 0 | D30: 0 | E30: 0 | F30: =IF(D30<>0,D23/D30,0) -> 0 | G30: =D30-C30 -> 0 | H30: =F30-E30 -> 0
A31: 130 | B31: RANGE | C31: 181156.64 | D31: 183583.94 | E31: 82.809897 | F31: =IF(D31<>0,D24/D31,0) -> 60.990865 | G31: =D31-C31 -> 2427.3 | H31: =F31-E31 -> -21.819032
C35: =$C$3 -> 2025 | D35: =$D$3 -> 2026 | E35: =$C$3 -> 2025 | F35: =$D$3 -> 2026 | G35: Dollar | H35: % | I35: =$D$3 -> 2026
C36: Fair Market | D36: Fair Market | E36: Assessed | F36: Assessed | G36: Market Value | H36: Assessed Value | I36: Level of
A37: REAL PROPERTY | C37: Value | D37: Value | E37: Value | F37: Value | G37: Change | H37: Change | I37: Assessment
A38: 200 | B38: RESIDENTIAL LAND | C38: 1.9465093e+08 | D38: 2.4186039e+08 | E38: 18492033 | F38: 22976911 | G38: =D38-C38 -> 47209463 | H38: =IF(E38=0,"",F38/E38-1) -> 0.24253028 | I38: =IF(D38=0,"N/A",F38/D38) -> 0.095000719
A39: 300 | B39: RESIDENTIAL IMPROVED | C39: 5.911132e+08 | D39: 7.2742912e+08 | E39: 56155720 | F39: 69105796 | G39: =D39-C39 -> 1.3631591e+08 | H39: =IF(E39=0,"",F39/E39-1) -> 0.2306101 | I39: =IF(D39=0,"N/A",F39/D39) -> 0.095000041
A40: 400 | B40: COMMERCIAL LAND | C40: 22233360 | D40: 27028576 | E40: 2112196 | F40: 2567738 | G40: =D40-C40 -> 4795216 | H40: =IF(E40=0,"",F40/E40-1) -> 0.21567222 | I40: =IF(D40=0,"N/A",F40/D40) -> 0.095000861
A41: 500 | B41: COMMERCIAL IMPROVED | C41: 87367494 | D41: 88643291 | E41: 8299911 | F41: 8421111 | G41: =D41-C41 -> 1275796.5 | H41: =IF(E41=0,"",F41/E41-1) -> 0.014602566 | I41: =IF(D41=0,"N/A",F41/D41) -> 0.094999982
A42: B | B42: TOTAL REAL PROPERTY | C42: 8.9536499e+08 | D42: =SUM(D38:D41) -> 1.0849614e+09 | E42: 85059860 | F42: =SUM(F38:F41) -> 103071556 | G42: =SUM(G38:G41) -> 1.8959639e+08 | H42: =IF(E42=0,"",F42/E42-1) -> 0.21175318 | I42: =IF(D42=0,"N/A",F42/D42) -> 0.095000208
C44: =$C$3 -> 2025 | D44: =$D$3 -> 2026 | E44: =$C$3 -> 2025 | F44: =$D$3 -> 2026 | G44: Dollar | H44: % | I44: =$D$3 -> 2026
C45: Fair Market | D45: Fair Market | E45: Assessed | F45: Assessed | G45: Market Value | H45: Assessed Value | I45: Level of
A46: PERSONAL PROPERTY | C46: Value | D46: Value | E46: Value | F46: Value | G46: Change | H46: Change | I46: Assessment
A47: 610 | B47: RESIDENTIAL PERSONAL PROPERTY | C47: 13917779 | D47: 16622684 | E47: 1322198 | F47: 1579142 | G47: =D47-C47 -> 2704904.2 | H47: =IF(E47=0,"",F47/E47-1) -> 0.19433095 | I47: =IF(D47=0,"N/A",F47/D47) -> 0.094999221
A48: 730 | B48: COMMERCAIL PERSONAL PROPERTY | C48: 91988623 | D48: 71306436 | E48: 8738929 | F48: 6774110 | G48: =D48-C48 -> -20682187 | H48: =IF(E48=0,"",F48/E48-1) -> -0.22483522 | I48: =IF(D48=0,"N/A",F48/D48) -> 0.094999981
A49: C | B49: TOTAL PERSONAL PROPERTY | C49: 1.059064e+08 | D49: =SUM(D47:D48) -> 87929119 | E49: 10061127 | F49: =SUM(F47:F48) -> 8353252 | G49: =SUM(G47:G48) -> -17977283 | H49: =IF(E49=0,"",F49/E49-1) -> -0.16974987 | I49: =IF(D49=0,"N/A",F49/D49) -> 0.094999837
C53: =$C$3 -> 2025 | D53: =$D$3 -> 2026 | E53: =$C$3 -> 2025 | F53: =$D$3 -> 2026 | G53: Dollar | H53: % | I53: =$D$3 -> 2026
C54: Fair Market | D54: Fair Market | E54: Assessed | F54: Assessed | G54: Market Value | H54: Assessed Value | I54: Level of
A55: INDUSTRIAL PROPERTY | C55: Value | D55: Value | E55: Value | F55: Value | G55: Change | H55: Change | I55: Assessment
A56: 501 | B56: Food Manufacturing | C56: 9278160 | D56: 9636940 | E56: 1066989 | F56: 1108248 | G56: =D56-C56 -> 358780 | H56: =IF(E56=0,"",F56/E56-1) -> 0.038668627 | I56: =IF(D56=0,"N/A",F56/D56) -> 0.11499999
A57: 502 | B57: Beverage Manufacturing | C57: 0 | D57: 0 | E57: 0 | F57: 0 | G57: =D57-C57 -> 0 | H57: =IF(E57=0,"",F57/E57-1) | I57: =IF(D57=0,"N/A",F57/D57) -> N/A
A58: 503 | B58: Tobacco Manufacturing | C58: 0 | D58: 0 | E58: 0 | F58: 0 | G58: =D58-C58 -> 0 | H58: =IF(E58=0,"",F58/E58-1) | I58: =IF(D58=0,"N/A",F58/D58) -> N/A
A59: 504 | B59: Manufacture of Textile Mill Products | C59: 0 | D59: 0 | E59: 0 | F59: 0 | G59: =D59-C59 -> 0 | H59: =IF(E59=0,"",F59/E59-1) | I59: =IF(D59=0,"N/A",F59/D59) -> N/A
A60: 505 | B60: Apparel Manufacturing | C60: 583 | D60: 515 | E60: 67 | F60: 59 | G60: =D60-C60 -> -68 | H60: =IF(E60=0,"",F60/E60-1) -> -0.11940299 | I60: =IF(D60=0,"N/A",F60/D60) -> 0.11456311
A61: 506 | B61: Leather Manufacturing | C61: 0 | D61: 0 | E61: 0 | F61: 0 | G61: =D61-C61 -> 0 | H61: =IF(E61=0,"",F61/E61-1) | I61: =IF(D61=0,"N/A",F61/D61) -> N/A
A62: 507 | B62: Wood Product Manufacturing | C62: 45346 | D62: 42090 | E62: 5215 | F62: 4840 | G62: =D62-C62 -> -3256 | H62: =IF(E62=0,"",F62/E62-1) -> -0.071907958 | I62: =IF(D62=0,"N/A",F62/D62) -> 0.11499168
A63: 508 | B63: Paper Manufacturing | C63: 0 | D63: 0 | E63: 0 | F63: 0 | G63: =D63-C63 -> 0 | H63: =IF(E63=0,"",F63/E63-1) | I63: =IF(D63=0,"N/A",F63/D63) -> N/A
A64: 509 | B64: Printing - Newspapers, Books etc. | C64: 1023 | D64: 0 | E64: 118 | F64: 0 | G64: =D64-C64 -> -1023 | H64: =IF(E64=0,"",F64/E64-1) -> -1 | I64: =IF(D64=0,"N/A",F64/D64) -> N/A
A65: 510 | B65: Chemical Manufacturing | C65: 0 | D65: 0 | E65: 0 | F65: 0 | G65: =D65-C65 -> 0 | H65: =IF(E65=0,"",F65/E65-1) | I65: =IF(D65=0,"N/A",F65/D65) -> N/A
A66: 511 | B66: Plastic & Rubber Product Manufacturing | C66: 0 | D66: 0 | E66: 0 | F66: 0 | G66: =D66-C66 -> 0 | H66: =IF(E66=0,"",F66/E66-1) | I66: =IF(D66=0,"N/A",F66/D66) -> N/A
A67: 512 | B67: Non-Metallic Mineral Product Manufacturing | C67: 86164510 | D67: 102261040 | E67: 9908920 | F67: 11760018 | G67: =D67-C67 -> 16096530 | H67: =IF(E67=0,"",F67/E67-1) -> 0.18681128 | I67: =IF(D67=0,"N/A",F67/D67) -> 0.11499998
... A86: 532 | B86: Pollution Control & Fire Exemptions Granted | C86: 10386930 | D86: 10433230 | E86: 1194496.9 | F86: 0 | G86: =D86-C86 -> 46300 | H86: =IF(E86=0,"",F86/E86-1) -> -1 | I86: =IF(D86=0,"N/A",F86/D86) -> 0
A87: D | B87: TOTAL INDUSTRIAL | C87: 149928026 | D87: =SUM(D56:D85) -> 1.642789e+08 | E87: 17241726 | F87: =SUM(F56:F85) -> 18892077 | G87: =SUM(G56:G85) -> 14350869 | H87: =IF(E87=0,"",F87/E87-1) -> 0.095718433 | I87: =IF(D87=0,"N/A",F87/D87) -> 0.11500002

Sheet Campbell Value
A1: ="CAMPBELL COUNTY "&D3 -> CAMPBELL COUNTY 2026
C3: 2025 | D3: ='Albany Value'!D3 -> 2026 | E3: 2025 | F3: =$D$3 -> 2026 | I3: =$D$3 -> 2026
C4: Productive | D4: Productive | E4: Assessed | F4: Assessed | G4: Productive Value | H4: Assessed Value | I4: Level of
A5: LINE | B5: CLASSIFICATION | C5: Value | D5: Value | E5: Value | F5: Value | G5: Change | H5: % Change | I5: Assessment
A6: A | B6: AGRICULTRAL LAND | C6: 184013883 | D6: =D25 -> 172921136 | E6: 17481331 | F6: =F25 -> 16427530 | G6: =D6-C6 -> -11092747 | H6: =IF(E6=0,"",F6/E6-1) -> -0.060281508 | I6: =IF(D6=0,"N/A",F6/D6) -> 0.095000128
A7: B | B7: REAL PROPERTY | C7: 4.7311074e+09 | D7: =D42 -> 5.4325099e+09 | E7: 449455678 | F7: =F42 -> 516088774 | G7: =D7-C7 -> 7.014025e+08 | H7: =IF(E7=0,"",F7/E7-1) -> 0.14825287 | I7: =IF(D7=0,"N/A",F7/D7) -> 0.095000061
A8: C | B8: PERSONAL PROPERTY | C8: 2.612478e+08 | D8: =D49 -> 2.1307533e+08 | E8: 24818658 | F8: =F49 -> 20242132 | G8: =D8-C8 -> -48172468 | H8: =IF(E8=0,"",F8/E8-1) -> -0.18439861 | I8: =IF(D8=0,"N/A",F8/D8) -> 0.094999886
A9: D | B9: INDUSTRIAL PROPERTY | C9: 3088285073 | D9: =D87 -> 2.77045e+09 | E9: 355152787 | F9: =F87 -> 318601753 | G9: =D9-C9 -> -3.1783509e+08 | H9: =IF(E9=0,"",F9/E9-1) -> -0.10291637 | I9: =IF(D9=0,"N/A",F9/D9) -> 0.115
B10: STATE ASSESSED - MINERALS | C10: 3797719892 | D10: ='STATE ASSESSED'!C7 -> 3830460043 | E10: 3797719892 | F10: =D10 -> 3830460043 | G10: =D10-C10 -> 32740151 | H10: =IF(E10=0,"",F10/E10-1) -> 0.0086210021 | I10: =IF(D10=0,"N/A",F10/D10) -> 1
B11: STATE ASSESSED - OTHER | C11: 1707648682 | D11: ='STATE ASSESSED'!F7 -> 1655356885 | E11: 195666700 | F11: ='STATE ASSESSED'!I7 -> 189710389 | G11: =D11-C11 -> -52291797 | H11: =IF(E11=0,"",F11/E11-1) -> -0.030441107 | I11: =F11/D11 -> 0.11460392 | J11: *
H12: =IF(E12=0,"",F12/E12-1)
B13: LOCALLY ASSESSED VALUATION | C13: 8.2646542e+09 | D13: =SUM(D6:D9) -> 8.5889563e+09 | E13: 846908454 | F13: =SUM(F6:F9) -> 871360189 | G13: =SUM(G6:G9) -> 3.243022e+08 | H13: =IF(E13=0,"",F13/E13-1) -> 0.028871757
B14: STATE ASSESSED VALUATION | C14: 5505368574 | D14: =SUM(D10:D11) -> 5485816928 | E14: 3993386592 | F14: =SUM(F10:F11) -> 4020170432 | G14: =SUM(G10:G11) -> -19551646 | H14: =IF(E14=0,"",F14/E14-1) -> 0.0067070491
B15: TOTAL VALUATION | C15: 1.3770023e+10 | D15: =SUM(D13:D14) -> 1.4074773e+10 | E15: 4840295046 | F15: =SUM(F13:F14) -> 4891530621 | G15: =SUM(G13:G14) -> 3.0475055e+08 | H15: =IF(E15=0,"",F15/E15-1) -> 0.010585217
A18: * Telephone and cable are taxed at 9.5%. All others are taxed at 11.5%.
C19: 2025 | D19: =$D$3 -> 2026 | E19: 2025 | F19: =$D$3 -> 2026 | I19: =$D$3 -> 2026
C20: Productive | D20: Productive | E20: Assessed | F20: Assessed | G20: Productive Value | H20: Assessed Value | I20: Level of
A21: AGRICULTURAL LANDS | C21: Value | D21: Value | E21: Value | F21: Value | G21: Change | H21: % Change | I21: Assessment
A22: 110 | B22: IRRIGATED | C22: 667309 | D22: 567288 | E22: 63394 | F22: 53892 | G22: =D22-C22 -> -100021 | H22: =IF(E22=0,"",F22/E22-1) -> -0.149888 | I22: =IF(D22=0,"N/A",F22/D22) -> 0.094999365
A23: 120 | B23: DRY CROP | C23: 42193983 | D23: 37050574 | E23: 4008431 | F23: 3519810 | G23: =D23-C23 -> -5143409 | H23: =IF(E23=0,"",F23/E23-1) -> -0.12189832 | I23: =IF(D23=0,"N/A",F23/D23) -> 0.095000148
A24: 130 | B24: RANGE | C24: 141152591 | D24: 135303274 | E24: 13409506 | F24: 12853828 | G24: =D24-C24 -> -5849317 | H24: =IF(E24=0,"",F24/E24-1) -> -0.04143911 | I24: =IF(D24=0,"N/A",F24/D24) -> 0.095000125
A25: A | B25: TOTAL AG LANDS | C25: 184013883 | D25: =SUM(D22:D24) -> 172921136 | E25: 17481331 | F25: =SUM(F22:F24) -> 16427530 | G25: =SUM(G22:G24) -> -11092747 | H25: =IF(E25=0,"",F25/E25-1) -> -0.060281508 | I25: =IF(D25=0,"N/A",F25/D25) -> 0.095000128
C27: 2025 | D27: =$D$3 -> 2026 | E27: 2025 | F27: =$D$3 -> 2026
A28: AG ACREAGE | C28: Acres | D28: Acres | E28: Value/Acre | F28: Value/Acre | G28: Acre Change | H28: Value/Acre Change
A29: 110 | B29: IRRIGATED | C29: 316.23 | D29: 316.23 | E29: 2110.2014 | F29: =IF(D29<>0,D22/D29,0) -> 1793.9095 | G29: =D29-C29 -> 0 | H29: =F29-E29 -> -316.29194
A30: 120 | B30: DRY CROP | C30: 98569.78 | D30: 98220.149 | E30: 428.06206 | F30: =IF(D30<>0,D23/D30,0) -> 377.21969 | G30: =D30-C30 -> -349.63121 | H30: =F30-E30 -> -50.84237
A31: 130 | B31: RANGE | C31: 2191819.7 | D31: 2192878.4 | E31: 64.399727 | F31: =IF(D31<>0,D24/D31,0) -> 61.701219 | G31: =D31-C31 -> 1058.7219 | H31: =F31-E31 -> -2.6985073
C35: 2025 | D35: =$D$3 -> 2026 | E35: 2025 | F35: =$D$3 -> 2026 | G35: Dollar | H35: % | I35: =$D$3 -> 2026
C36: Fair Market | D36: Fair Market | E36: Assessed | F36: Assessed | G36: Market Value | H36: Assessed Value | I36: Level of
A37: REAL PROPERTY | C37: Value | D37: Value | E37: Value | F37: Value | G37: Change | H37: Change | I37: Assessment
A38: 200 | B38: RESIDENTIAL LAND | C38: 5.7439389e+08 | D38: 6.9703376e+08 | E38: 54567839 | F38: 66218323 | G38: =D38-C38 -> 1.2263987e+08 | H38: =IF(E38=0,"",F38/E38-1) -> 0.21350459 | I38: =IF(D38=0,"N/A",F38/D38) -> 0.095000166
A39: 300 | B39: RESIDENTIAL IMPROVED | C39: 2.5804371e+09 | D39: 3.0499597e+09 | E39: 245141543 | F39: 289746325 | G39: =D39-C39 -> 4.6952261e+08 | H39: =IF(E39=0,"",F39/E39-1) -> 0.18195521 | I39: =IF(D39=0,"N/A",F39/D39) -> 0.095000049
A40: 400 | B40: COMMERCIAL LAND | C40: 416879255 | D40: 480639018 | E40: 39603556 | F40: 45660726 | G40: =D40-C40 -> 63759763 | H40: =IF(E40=0,"",F40/E40-1) -> 0.1529451 | I40: =IF(D40=0,"N/A",F40/D40) -> 0.09500004
A41: 500 | B41: COMMERCIAL IMPROVED | C41: 1159397114 | D41: 1204877379 | E41: 110142740 | F41: 114463400 | G41: =D41-C41 -> 45480265 | H41: =IF(E41=0,"",F41/E41-1) -> 0.039227824 | I41: =IF(D41=0,"N/A",F41/D41) -> 0.095000041
A42: B | B42: TOTAL REAL PROPERTY | C42: 4.7311074e+09 | D42: =SUM(D38:D41) -> 5.4325099e+09 | E42: 449455678 | F42: =SUM(F38:F41) -> 516088774 | G42: =SUM(G38:G41) -> 7.014025e+08 | H42: =IF(E42=0,"",F42/E42-1) -> 0.14825287 | I42: =IF(D42=0,"N/A",F42/D42) -> 0.095000061
C44: 2025 | D44: =$D$3 -> 2026 | E44: 2025 | F44: =$D$3 -> 2026 | G44: Dollar | H44: % | I44: =$D$3 -> 2026
C45: Fair Market | D45: Fair Market | E45: Assessed | F45: Assessed | G45: Market Value | H45: Assessed Value | I45: Level of
A46: PERSONAL PROPERTY | C46: Value | D46: Value | E46: Value | F46: Value | G46: Change | H46: Change | I46: Assessment
A47: 610 | B47: RESIDENTIAL PERSONAL PROPERTY | C47: 36937016 | D47: 51382646 | E47: 3508985 | F47: 4881317 | G47: =D47-C47 -> 14445630 | H47: =IF(E47=0,"",F47/E47-1) -> 0.39109087 | I47: =IF(D47=0,"N/A",F47/D47) -> 0.094999331
A48: 730 | B48: COMMERCAIL PERSONAL PROPERTY | C48: 224310781 | D48: 1.6169268e+08 | E48: 21309673 | F48: 15360815 | G48: =D48-C48 -> -62618097 | H48: =IF(E48=0,"",F48/E48-1) -> -0.27916233 | I48: =IF(D48=0,"N/A",F48/D48) -> 0.095000062
A49: C | B49: TOTAL PERSONAL PROPERTY | C49: 2.612478e+08 | D49: =SUM(D47:D48) -> 2.1307533e+08 | E49: 24818658 | F49: =SUM(F47:F48) -> 20242132 | G49: =SUM(G47:G48) -> -48172468 | H49: =IF(E49=0,"",F49/E49-1) -> -0.18439861 | I49: =IF(D49=0,"N/A",F49/D49) -> 0.094999886
C53: 2025 | D53: =$D$3 -> 2026 | E53: 2025 | F53: =$D$3 -> 2026 | G53: Dollar | H53: % | I53: =$D$3 -> 2026
C54: Fair Market | D54: Fair Market | E54: Assessed | F54: Assessed | G54: Market Value | H54: Assessed Value | I54: Level of
A55: INDUSTRIAL PROPERTY | C55: Value | D55: Value | E55: Value | F55: Value | G55: Change | H55: Change | I55: Assessment
A56: 501 | B56: Food Manufacturing | C56: 0 | D56: 0 | E56: 0 | F56: 0 | G56: =D56-C56 -> 0 | H56: =IF(E56=0,"",F56/E56-1) | I56: =IF(D56=0,"N/A",F56/D56) -> N/A
A57: 502 | B57: Beverage Manufacturing | C57: 0 | D57: 0 | E57: 0 | F57: 0 | G57: =D57-C57 -> 0 | H57: =IF(E57=0,"",F57/E57-1) | I57: =IF(D57=0,"N/A",F57/D57) -> N/A
A58: 503 | B58: Tobacco Manufacturing | C58: 0 | D58: 0 | E58: 0 | F58: 0 | G58: =D58-C58 -> 0 | H58: =IF(E58=0,"",F58/E58-1) | I58: =IF(D58=0,"N/A",F58/D58) -> N/A
A59: 504 | B59: Manufacture of Textile Mill Products | C59: 0 | D59: 0 | E59: 0 | F59: 0 | G59: =D59-C59 -> 0 | H59: =IF(E59=0,"",F59/E59-1) | I59: =IF(D59=0,"N/A",F59/D59) -> N/A
A60: 505 | B60: Apparel Manufacturing | C60: 0 | D60: 0 | E60: 0 | F60: 0 | G60: =D60-C60 -> 0 | H60: =IF(E60=0,"",F60/E60-1) | I60: =IF(D60=0,"N/A",F60/D60) -> N/A
A61: 506 | B61: Leather Manufacturing | C61: 0 | D61: 0 | E61: 0 | F61: 0 | G61: =D61-C61 -> 0 | H61: =IF(E61=0,"",F61/E61-1) | I61: =IF(D61=0,"N/A",F61/D61) -> N/A
A62: 507 | B62: Wood Product Manufacturing | C62: 0 | D62: 0 | E62: 0 | F62: 0 | G62: =D62-C62 -> 0 | H62: =IF(E62=0,"",F62/E62-1) | I62: =IF(D62=0,"N/A",F62/D62) -> N/A
A63: 508 | B63: Paper Manufacturing | C63: 0 | D63: 0 | E63: 0 | F63: 0 | G63: =D63-C63 -> 0 | H63: =IF(E63=0,"",F63/E63-1) | I63: =IF(D63=0,"N/A",F63/D63) -> N/A
A64: 509 | B64: Printing - Newspapers, Books etc. | C64: 0 | D64: 0 | E64: 0 | F64: 0 | G64: =D64-C64 -> 0 | H64: =IF(E64=0,"",F64/E64-1) | I64: =IF(D64=0,"N/A",F64/D64) -> N/A
A65: 510 | B65: Chemical Manufacturing | C65: 0 | D65: 0 | E65: 0 | F65: 0 | G65: =D65-C65 -> 0 | H65: =IF(E65=0,"",F65/E65-1) | I65: =IF(D65=0,"N/A",F65/D65) -> N/A
A66: 511 | B66: Plastic & Rubber Product Manufacturing | C66: 0 | D66: 0 | E66: 0 | F66: 0 | G66: =D66-C66 -> 0 | H66: =IF(E66=0,"",F66/E66-1) | I66: =IF(D66=0,"N/A",F66/D66) -> N/A
A67: 512 | B67: Non-Metallic Mineral Product Manufacturing | C67: 44900492 | D67: 1.2274624e+08 | E67: 5163559 | F67: 14115817 | G67: =D67-C67 -> 77845751 | H67: =IF(E67=0,"",F67/E67-1) -> 1.7337379 | I67: =IF(D67=0,"N/A",F67/D67) -> 0.11499999
... A86: 532 | B86: Pollution Control & Fire Exemptions Granted | C86: 112556916 | D86: 111722897 | E86: 12944045 | F86: 12848132 | G86: =D86-C86 -> -834019 | H86: =IF(E86=0,"",F86/E86-1) -> -0.0074098166 | I86: =IF(D86=0,"N/A",F86/D86) -> 0.11499999
A87: D | B87: TOTAL INDUSTRIAL | C87: 3088285073 | D87: =SUM(D56:D85) -> 2.77045e+09 | E87: 355152787 | F87: =SUM(F56:F85) -> 318601753 | G87: =SUM(G56:G85) -> -3.1783509e+08 | H87: =IF(E87=0,"",F87/E87-1) -> -0.10291637 | I87: =IF(D87=0,"N/A",F87/D87) -> 0.115

Sheet Carbon Value
A1: ="CARBON COUNTY "&D3 -> CARBON COUNTY 2026
C3: 2025 | D3: ='Albany Value'!D3 -> 2026 | E3: 2025 | F3: =$D$3 -> 2026 | I3: =$D$3 -> 2026
C4: Productive | D4: Productive | E4: Assessed | F4: Assessed | G4: Productive Value | H4: Assessed Value | I4: Level of
A5: LINE | B5: CLASSIFICATION | C5: Value | D5: Value | E5: Value | F5: Value | G5: Change | H5: % Change | I5: Assessment
A6: A | B6: AGRICULTRAL LAND | C6: 210187464 | D6: =D25 -> 209967702 | E6: 19967854 | F6: =F25 -> 19946970 | G6: =D6-C6 -> -219762 | H6: =IF(E6=0,"",F6/E6-1) -> -0.001045881 | I6: =IF(D6=0,"N/A",F6/D6) -> 0.095000182
A7: B | B7: REAL PROPERTY | C7: 1.6851562e+09 | D7: =D42 -> 1.9543405e+09 | E7: 160089868 | F7: =F42 -> 185662297 | G7: =D7-C7 -> 2.6918429e+08 | H7: =IF(E7=0,"",F7/E7-1) -> 0.15973796 | I7: =IF(D7=0,"N/A",F7/D7) -> 0.094999973
A8: C | B8: PERSONAL PROPERTY | C8: 132183722 | D8: =D49 -> 1.1691774e+08 | E8: 12557470 | F8: =F49 -> 11107196 | G8: =D8-C8 -> -15265986 | H8: =IF(E8=0,"",F8/E8-1) -> -0.11549094 | I8: =IF(D8=0,"N/A",F8/D8) -> 0.095000095
A9: D | B9: INDUSTRIAL PROPERTY | C9: 1552935943 | D9: =D87 -> 1533506812 | E9: 178587629 | F9: =F87 -> 176353281 | G9: =D9-C9 -> -19429131 | H9: =IF(E9=0,"",F9/E9-1) -> -0.012511214 | I9: =IF(D9=0,"N/A",F9/D9) -> 0.115
B10: STATE ASSESSED - MINERALS | C10: 169829454 | D10: ='STATE ASSESSED'!C8 -> 253900762 | E10: 169829454 | F10: =D10 -> 253900762 | G10: =D10-C10 -> 84071308 | H10: =IF(E10=0,"",F10/E10-1) -> 0.49503373 | I10: =IF(D10=0,"N/A",F10/D10) -> 1
B11: STATE ASSESSED - OTHER | C11: 1479164969 | D11: ='STATE ASSESSED'!F8 -> 1565995548 | E11: 169569561 | F11: ='STATE ASSESSED'!I8 -> 179745646 | G11: =D11-C11 -> 86830579 | H11: =IF(E11=0,"",F11/E11-1) -> 0.060011272 | I11: =F11/D11 -> 0.11478043 | J11: *
H12: =IF(E12=0,"",F12/E12-1)
B13: LOCALLY ASSESSED VALUATION | C13: 3.5804634e+09 | D13: =SUM(D6:D9) -> 3.8147328e+09 | E13: 371202821 | F13: =SUM(F6:F9) -> 393069744 | G13: =SUM(G6:G9) -> 2.3426941e+08 | H13: =IF(E13=0,"",F13/E13-1) -> 0.058908289
B14: STATE ASSESSED VALUATION | C14: 1648994423 | D14: =SUM(D10:D11) -> 1819896310 | E14: 339399015 | F14: =SUM(F10:F11) -> 433646408 | G14: =SUM(G10:G11) -> 170901887 | H14: =IF(E14=0,"",F14/E14-1) -> 0.27768906
B15: TOTAL VALUATION | C15: 5.2294578e+09 | D15: =SUM(D13:D14) -> 5.6346291e+09 | E15: 710601836 | F15: =SUM(F13:F14) -> 826716152 | G15: =SUM(G13:G14) -> 4.051713e+08 | H15: =IF(E15=0,"",F15/E15-1) -> 0.16340278
A18: * Telephone and cable are taxed at 9.5%. All others are taxed at 11.5%.
C19: 2025 | D19: =$D$3 -> 2026 | E19: 2025 | F19: =$D$3 -> 2026 | I19: =$D$3 -> 2026
C20: Productive | D20: Productive | E20: Assessed | F20: Assessed | G20: Productive Value | H20: Assessed Value | I20: Level of
A21: AGRICULTURAL LANDS | C21: Value | D21: Value | E21: Value | F21: Value | G21: Change | H21: % Change | I21: Assessment
A22: 110 | B22: IRRIGATED | C22: 131202789 | D22: 130990824 | E22: 12464265 | F22: 12444127 | G22: =D22-C22 -> -211965 | H22: =IF(E22=0,"",F22/E22-1) -> -0.0016156588 | I22: =IF(D22=0,"N/A",F22/D22) -> 0.09499999
A23: 120 | B23: DRY CROP | C23: 4719 | D23: 4719 | E23: 448 | F23: 448 | G23: =D23-C23 -> 0 | H23: =IF(E23=0,"",F23/E23-1) -> 0 | I23: =IF(D23=0,"N/A",F23/D23) -> 0.094935368
A24: 130 | B24: RANGE | C24: 78979956 | D24: 78972159 | E24: 7503141 | F24: 7502395 | G24: =D24-C24 -> -7797 | H24: =IF(E24=0,"",F24/E24-1) -> -9.9425027e-05 | I24: =IF(D24=0,"N/A",F24/D24) -> 0.095000505
A25: A | B25: TOTAL AG LANDS | C25: 210187464 | D25: =SUM(D22:D24) -> 209967702 | E25: 19967854 | F25: =SUM(F22:F24) -> 19946970 | G25: =SUM(G22:G24) -> -219762 | H25: =IF(E25=0,"",F25/E25-1) -> -0.001045881 | I25: =IF(D25=0,"N/A",F25/D25) -> 0.095000182
C27: 2025 | D27: =$D$3 -> 2026 | E27: 2025 | F27: =$D$3 -> 2026
A28: AG ACREAGE | C28: Acres | D28: Acres | E28: Value/Acre | F28: Value/Acre | G28: Acre Change | H28: Value/Acre Change
A29: 110 | B29: IRRIGATED | C29: 124826.05 | D29: 125203.1 | E29: 1051.085 | F29: =IF(D29<>0,D22/D29,0) -> 1046.2267 | G29: =D29-C29 -> 377.05 | H29: =F29-E29 -> -4.8583193
A30: 120 | B30: DRY CROP | C30: 13 | D30: 13 | E30: 363 | F30: =IF(D30<>0,D23/D30,0) -> 363 | G30: =D30-C30 -> 0 | H30: =F30-E30 -> 0
A31: 130 | B31: RANGE | C31: 1628800.5 | D31: 1631720.8 | E31: 48.489644 | F31: =IF(D31<>0,D24/D31,0) -> 48.398084 | G31: =D31-C31 -> 2920.27 | H31: =F31-E31 -> -0.091559693
C35: 2025 | D35: =$D$3 -> 2026 | E35: 2025 | F35: =$D$3 -> 2026 | G35: Dollar | H35: % | I35: =$D$3 -> 2026
C36: Fair Market | D36: Fair Market | E36: Assessed | F36: Assessed | G36: Market Value | H36: Assessed Value | I36: Level of
A37: REAL PROPERTY | C37: Value | D37: Value | E37: Value | F37: Value | G37: Change | H37: Change | I37: Assessment
A38: 200 | B38: RESIDENTIAL LAND | C38: 3.319404e+08 | D38: 3.8801479e+08 | E38: 31534352 | F38: 36861345 | G38: =D38-C38 -> 56074393 | H38: =IF(E38=0,"",F38/E38-1) -> 0.16892667 | I38: =IF(D38=0,"N/A",F38/D38) -> 0.094999845
A39: 300 | B39: RESIDENTIAL IMPROVED | C39: 8.6824545e+08 | D39: 1.0779624e+09 | E39: 82483316 | F39: 102406440 | G39: =D39-C39 -> 2.0971693e+08 | H39: =IF(E39=0,"",F39/E39-1) -> 0.24154126 | I39: =IF(D39=0,"N/A",F39/D39) -> 0.095000012
A40: 400 | B40: COMMERCIAL LAND | C40: 66482729 | D40: 71175739 | E40: 6315862 | F40: 6761686 | G40: =D40-C40 -> 4693010 | H40: =IF(E40=0,"",F40/E40-1) -> 0.070587989 | I40: =IF(D40=0,"N/A",F40/D40) -> 0.094999871
A41: 500 | B41: COMMERCIAL IMPROVED | C41: 418487647 | D41: 417187602 | E41: 39756338 | F41: 39632826 | G41: =D41-C41 -> -1300045 | H41: =IF(E41=0,"",F41/E41-1) -> -0.0031067248 | I41: =IF(D41=0,"N/A",F41/D41) -> 0.095000009
A42: B | B42: TOTAL REAL PROPERTY | C42: 1.6851562e+09 | D42: =SUM(D38:D41) -> 1.9543405e+09 | E42: 160089868 | F42: =SUM(F38:F41) -> 185662297 | G42: =SUM(G38:G41) -> 2.6918429e+08 | H42: =IF(E42=0,"",F42/E42-1) -> 0.15973796 | I42: =IF(D42=0,"N/A",F42/D42) -> 0.094999973
C44: 2025 | D44: =$D$3 -> 2026 | E44: 2025 | F44: =$D$3 -> 2026 | G44: Dollar | H44: % | I44: =$D$3 -> 2026
C45: Fair Market | D45: Fair Market | E45: Assessed | F45: Assessed | G45: Market Value | H45: Assessed Value | I45: Level of
A46: PERSONAL PROPERTY | C46: Value | D46: Value | E46: Value | F46: Value | G46: Change | H46: Change | I46: Assessment
A47: 610 | B47: RESIDENTIAL PERSONAL PROPERTY | C47: 22928938 | D47: 28723177 | E47: 2178255 | F47: 2728711 | G47: =D47-C47 -> 5794238.8 | H47: =IF(E47=0,"",F47/E47-1) -> 0.25270503 | I47: =IF(D47=0,"N/A",F47/D47) -> 0.095000321
A48: 730 | B48: COMMERCAIL PERSONAL PROPERTY | C48: 109254784 | D48: 88194559 | E48: 10379215 | F48: 8378485 | G48: =D48-C48 -> -21060225 | H48: =IF(E48=0,"",F48/E48-1) -> -0.19276313 | I48: =IF(D48=0,"N/A",F48/D48) -> 0.095000021
A49: C | B49: TOTAL PERSONAL PROPERTY | C49: 132183722 | D49: =SUM(D47:D48) -> 1.1691774e+08 | E49: 12557470 | F49: =SUM(F47:F48) -> 11107196 | G49: =SUM(G47:G48) -> -15265986 | H49: =IF(E49=0,"",F49/E49-1) -> -0.11549094 | I49: =IF(D49=0,"N/A",F49/D49) -> 0.095000095
C53: 2025 | D53: =$D$3 -> 2026 | E53: 2025 | F53: =$D$3 -> 2026 | G53: Dollar | H53: % | I53: =$D$3 -> 2026
C54: Fair Market | D54: Fair Market | E54: Assessed | F54: Assessed | G54: Market Value | H54: Assessed Value | I54: Level of
A55: INDUSTRIAL PROPERTY | C55: Value | D55: Value | E55: Value | F55: Value | G55: Change | H55: Change | I55: Assessment
A56: 501 | B56: Food Manufacturing | C56: 0 | D56: 0 | E56: 0 | F56: 0 | G56: =D56-C56 -> 0 | H56: =IF(E56=0,"",F56/E56-1) | I56: =IF(D56=0,"N/A",F56/D56) -> N/A
A57: 502 | B57: Beverage Manufacturing | C57: 0 | D57: 0 | E57: 0 | F57: 0 | G57: =D57-C57 -> 0 | H57: =IF(E57=0,"",F57/E57-1) | I57: =IF(D57=0,"N/A",F57/D57) -> N/A
A58: 503 | B58: Tobacco Manufacturing | C58: 0 | D58: 0 | E58: 0 | F58: 0 | G58: =D58-C58 -> 0 | H58: =IF(E58=0,"",F58/E58-1) | I58: =IF(D58=0,"N/A",F58/D58) -> N/A
A59: 504 | B59: Manufacture of Textile Mill Products | C59: 0 | D59: 0 | E59: 0 | F59: 0 | G59: =D59-C59 -> 0 | H59: =IF(E59=0,"",F59/E59-1) | I59: =IF(D59=0,"N/A",F59/D59) -> N/A
A60: 505 | B60: Apparel Manufacturing | C60: 0 | D60: 0 | E60: 0 | F60: 0 | G60: =D60-C60 -> 0 | H60: =IF(E60=0,"",F60/E60-1) | I60: =IF(D60=0,"N/A",F60/D60) -> N/A
A61: 506 | B61: Leather Manufacturing | C61: 0 | D61: 0 | E61: 0 | F61: 0 | G61: =D61-C61 -> 0 | H61: =IF(E61=0,"",F61/E61-1) | I61: =IF(D61=0,"N/A",F61/D61) -> N/A
A62: 507 | B62: Wood Product Manufacturing | C62: 5684500 | D62: 5853210 | E62: 653718 | F62: 673119 | G62: =D62-C62 -> 168710 | H62: =IF(E62=0,"",F62/E62-1) -> 0.029677935 | I62: =IF(D62=0,"N/A",F62/D62) -> 0.11499997
A63: 508 | B63: Paper Manufacturing | C63: 0 | D63: 0 | E63: 0 | F63: 0 | G63: =D63-C63 -> 0 | H63: =IF(E63=0,"",F63/E63-1) | I63: =IF(D63=0,"N/A",F63/D63) -> N/A
A64: 509 | B64: Printing - Newspapers, Books etc. | C64: 917454 | D64: 843561 | E64: 105507 | F64: 97010 | G64: =D64-C64 -> -73893 | H64: =IF(E64=0,"",F64/E64-1) -> -0.080534941 | I64: =IF(D64=0,"N/A",F64/D64) -> 0.11500057
A65: 510 | B65: Chemical Manufacturing | C65: 0 | D65: 0 | E65: 0 | F65: 0 | G65: =D65-C65 -> 0 | H65: =IF(E65=0,"",F65/E65-1) | I65: =IF(D65=0,"N/A",F65/D65) -> N/A
A66: 511 | B66: Plastic & Rubber Product Manufacturing | C66: 0 | D66: 0 | E66: 0 | F66: 0 | G66: =D66-C66 -> 0 | H66: =IF(E66=0,"",F66/E66-1) | I66: =IF(D66=0,"N/A",F66/D66) -> N/A
A67: 512 | B67: Non-Metallic Mineral Product Manufacturing | C67: 1058822 | D67: 933784 | E67: 121763 | F67: 107385 | G67: =D67-C67 -> -125038 | H67: =IF(E67=0,"",F67/E67-1) -> -0.11808185 | I67: =IF(D67=0,"N/A",F67/D67) -> 0.11499983
... A86: 532 | B86: Pollution Control & Fire Exemptions Granted | C86: 72898620 | D86: 72048260 | E86: 8383343 | F86: 8285550.8 | G86: =D86-C86 -> -850360 | H86: =IF(E86=0,"",F86/E86-1) -> -0.011665066 | I86: =IF(D86=0,"N/A",F86/D86) -> 0.11500001
A87: D | B87: TOTAL INDUSTRIAL | C87: 1552935943 | D87: =SUM(D56:D85) -> 1533506812 | E87: 178587629 | F87: =SUM(F56:F85) -> 176353281 | G87: =SUM(G56:G85) -> -19429131 | H87: =IF(E87=0,"",F87/E87-1) -> -0.012511214 | I87: =IF(D87=0,"N/A",F87/D87) -> 0.115

Sheet Converse Value
A1: ="CONVERSE COUNTY "&D3 -> CONVERSE COUNTY 2026
C3: 2025 | D3: ='Albany Value'!D3 -> 2026 | E3: 2025 | F3: =$D$3 -> 2026 | I3: =$D$3 -> 2026
C4: Productive | D4: Productive | E4: Assessed | F4: Assessed | G4: Productive Value | H4: Assessed Value | I4: Level of
A5: LINE | B5: CLASSIFICATION | C5: Value | D5: Value | E5: Value | F5: Value | G5: Change | H5: % Change | I5: Assessment
A6: A | B6: AGRICULTRAL LAND | C6: 242286575 | D6: =D25 -> 226140617 | E6: 23017218 | F6: =F25 -> 21483395 | G6: =D6-C6 -> -16145958 | H6: =IF(E6=0,"",F6/E6-1) -> -0.066638071 | I6: =IF(D6=0,"N/A",F6/D6) -> 0.095000161
A7: B | B7: REAL PROPERTY | C7: 1.4858062e+09 | D7: =D42 -> 1.7146873e+09 | E7: 141151936 | F7: =F42 -> 162895393 | G7: =D7-C7 -> 2.2888115e+08 | H7: =IF(E7=0,"",F7/E7-1) -> 0.15404292 | I7: =IF(D7=0,"N/A",F7/D7) -> 0.095000057
A8: C | B8: PERSONAL PROPERTY | C8: 1.4515071e+08 | D8: =D49 -> 1.0281571e+08 | E8: 13789321 | F8: =F49 -> 9767505 | G8: =D8-C8 -> -42335002 | H8: =IF(E8=0,"",F8/E8-1) -> -0.29166164 | I8: =IF(D8=0,"N/A",F8/D8) -> 0.095000126
A9: D | B9: INDUSTRIAL PROPERTY | C9: 3070519910 | D9: =D87 -> 2.9822935e+09 | E9: 353109781 | F9: =F87 -> 342963768 | G9: =D9-C9 -> -88226423 | H9: =IF(E9=0,"",F9/E9-1) -> -0.028733311 | I9: =IF(D9=0,"N/A",F9/D9) -> 0.11500001
B10: STATE ASSESSED - MINERALS | C10: 3113654364 | D10: ='MINERAL VALUE DETAIL'!X8 -> 2891873279 | E10: 3113654364 | F10: =D10 -> 2891873279 | G10: =D10-C10 -> -221781085 | H10: =IF(E10=0,"",F10/E10-1) -> -0.07122855 | I10: =IF(D10=0,"N/A",F10/D10) -> 1
B11: STATE ASSESSED - OTHER | C11: 1511133431 | D11: ='STATE ASSESSED'!F9 -> 1566131821 | E11: 173482282 | F11: ='STATE ASSESSED'!I9 -> 179899190 | G11: =D11-C11 -> 54998390 | H11: =IF(E11=0,"",F11/E11-1) -> 0.036988838 | I11: =F11/D11 -> 0.11486849 | J11: *
H12: =IF(E12=0,"",F12/E12-1)
B13: LOCALLY ASSESSED VALUATION | C13: 4.9437634e+09 | D13: =SUM(D6:D9) -> 5.0259371e+09 | E13: 531068256 | F13: =SUM(F6:F9) -> 537110061 | G13: =SUM(G6:G9) -> 82173769 | H13: =IF(E13=0,"",F13/E13-1) -> 0.011376701
B14: STATE ASSESSED VALUATION | C14: 4624787795 | D14: =SUM(D10:D11) -> 4458005100 | E14: 3287136646 | F14: =SUM(F10:F11) -> 3071772469 | G14: =SUM(G10:G11) -> -166782695 | H14: =IF(E14=0,"",F14/E14-1) -> -0.065517257
B15: TOTAL VALUATION | C15: 9.5685512e+09 | D15: =SUM(D13:D14) -> 9.4839422e+09 | E15: 3818204902 | F15: =SUM(F13:F14) -> 3608882530 | G15: =SUM(G13:G14) -> -84608926 | H15: =IF(E15=0,"",F15/E15-1) -> -0.054822195
A18: * Telephone and cable are taxed at 9.5%. All others are taxed at 11.5%.
C19: 2025 | D19: =$D$3 -> 2026 | E19: 2025 | F19: =$D$3 -> 2026 | I19: =$D$3 -> 2026
C20: Productive | D20: Productive | E20: Assessed | F20: Assessed | G20: Productive Value | H20: Assessed Value | I20: Level of
A21: AGRICULTURAL LANDS | C21: Value | D21: Value | E21: Value | F21: Value | G21: Change | H21: % Change | I21: Assessment
A22: 110 | B22: IRRIGATED | C22: 97434846 | D22: 87497215 | E22: 9256316 | F22: 8312227 | G22: =D22-C22 -> -9937631 | H22: =IF(E22=0,"",F22/E22-1) -> -0.10199403 | I22: =IF(D22=0,"N/A",F22/D22) -> 0.094999904
A23: 120 | B23: DRY CROP | C23: 1951168 | D23: 1772780 | E23: 185362 | F23: 168412 | G23: =D23-C23 -> -178388 | H23: =IF(E23=0,"",F23/E23-1) -> -0.091442691 | I23: =IF(D23=0,"N/A",F23/D23) -> 0.094998815
A24: 130 | B24: RANGE | C24: 142900561 | D24: 136870622 | E24: 13575540 | F24: 13002756 | G24: =D24-C24 -> -6029939 | H24: =IF(E24=0,"",F24/E24-1) -> -0.042192355 | I24: =IF(D24=0,"N/A",F24/D24) -> 0.095000343
A25: A | B25: TOTAL AG LANDS | C25: 242286575 | D25: =SUM(D22:D24) -> 226140617 | E25: 23017218 | F25: =SUM(F22:F24) -> 21483395 | G25: =SUM(G22:G24) -> -16145958 | H25: =IF(E25=0,"",F25/E25-1) -> -0.066638071 | I25: =IF(D25=0,"N/A",F25/D25) -> 0.095000161
C27: 2025 | D27: =$D$3 -> 2026 | E27: 2025 | F27: =$D$3 -> 2026
A28: AG ACREAGE | C28: Acres | D28: Acres | E28: Value/Acre | F28: Value/Acre | G28: Acre Change | H28: Value/Acre Change
A29: 110 | B29: IRRIGATED | C29: 42229.66 | D29: 42528.778 | E29: 2307.261 | F29: =IF(D29<>0,D22/D29,0) -> 2057.3649 | G29: =D29-C29 -> 299.118 | H29: =F29-E29 -> -249.89607
A30: 120 | B30: DRY CROP | C30: 4851.95 | D30: 4797.29 | E30: 402.14099 | F30: =IF(D30<>0,D23/D30,0) -> 369.5378 | G30: =D30-C30 -> -54.66 | H30: =F30-E30 -> -32.603193
A31: 130 | B31: RANGE | C31: 1873541.4 | D31: 1872368.6 | E31: 76.272965 | F31: =IF(D31<>0,D24/D31,0) -> 73.100256 | G31: =D31-C31 -> -1172.875 | H31: =F31-E31 -> -3.1727089
C35: 2025 | D35: =$D$3 -> 2026 | E35: 2025 | F35: =$D$3 -> 2026 | G35: Dollar | H35: % | I35: =$D$3 -> 2026
C36: Fair Market | D36: Fair Market | E36: Assessed | F36: Assessed | G36: Market Value | H36: Assessed Value | I36: Level of
A37: REAL PROPERTY | C37: Value | D37: Value | E37: Value | F37: Value | G37: Change | H37: Change | I37: Assessment
A38: 200 | B38: RESIDENTIAL LAND | C38: 2.5107119e+08 | D38: 3.0076152e+08 | E38: 23852012 | F38: 28572382 | G38: =D38-C38 -> 49690328 | H38: =IF(E38=0,"",F38/E38-1) -> 0.19790238 | I38: =IF(D38=0,"N/A",F38/D38) -> 0.095000126
A39: 300 | B39: RESIDENTIAL IMPROVED | C39: 9.0578619e+08 | D39: 1.0755596e+09 | E39: 86049757 | F39: 102178185 | G39: =D39-C39 -> 1.6977341e+08 | H39: =IF(E39=0,"",F39/E39-1) -> 0.18743142 | I39: =IF(D39=0,"N/A",F39/D39) -> 0.095000022
A40: 400 | B40: COMMERCIAL LAND | C40: 77186716 | D40: 77657350 | E40: 7332759 | F40: 7377473 | G40: =D40-C40 -> 470634 | H40: =IF(E40=0,"",F40/E40-1) -> 0.0060978412 | I40: =IF(D40=0,"N/A",F40/D40) -> 0.095000319
A41: 500 | B41: COMMERCIAL IMPROVED | C41: 251762074 | D41: 260708854 | E41: 23917408 | F41: 24767353 | G41: =D41-C41 -> 8946780 | H41: =IF(E41=0,"",F41/E41-1) -> 0.035536669 | I41: =IF(D41=0,"N/A",F41/D41) -> 0.095000046
A42: B | B42: TOTAL REAL PROPERTY | C42: 1.4858062e+09 | D42: =SUM(D38:D41) -> 1.7146873e+09 | E42: 141151936 | F42: =SUM(F38:F41) -> 162895393 | G42: =SUM(G38:G41) -> 2.2888115e+08 | H42: =IF(E42=0,"",F42/E42-1) -> 0.15404292 | I42: =IF(D42=0,"N/A",F42/D42) -> 0.095000057
C44: 2025 | D44: =$D$3 -> 2026 | E44: 2025 | F44: =$D$3 -> 2026 | G44: Dollar | H44: % | I44: =$D$3 -> 2026
C45: Fair Market | D45: Fair Market | E45: Assessed | F45: Assessed | G45: Market Value | H45: Assessed Value | I45: Level of
A46: PERSONAL PROPERTY | C46: Value | D46: Value | E46: Value | F46: Value | G46: Change | H46: Change | I46: Assessment
A47: 610 | B47: RESIDENTIAL PERSONAL PROPERTY | C47: 15847341 | D47: 20144000 | E47: 1505504 | F47: 1913686 | G47: =D47-C47 -> 4296658.9 | H47: =IF(E47=0,"",F47/E47-1) -> 0.27112648 | I47: =IF(D47=0,"N/A",F47/D47) -> 0.0950003
A48: 730 | B48: COMMERCAIL PERSONAL PROPERTY | C48: 129303367 | D48: 82671706 | E48: 12283817 | F48: 7853819 | G48: =D48-C48 -> -46631661 | H48: =IF(E48=0,"",F48/E48-1) -> -0.36063693 | I48: =IF(D48=0,"N/A",F48/D48) -> 0.095000083
A49: C | B49: TOTAL PERSONAL PROPERTY | C49: 1.4515071e+08 | D49: =SUM(D47:D48) -> 1.0281571e+08 | E49: 13789321 | F49: =SUM(F47:F48) -> 9767505 | G49: =SUM(G47:G48) -> -42335002 | H49: =IF(E49=0,"",F49/E49-1) -> -0.29166164 | I49: =IF(D49=0,"N/A",F49/D49) -> 0.095000126
C53: 2025 | D53: =$D$3 -> 2026 | E53: 2025 | F53: =$D$3 -> 2026 | G53: Dollar | H53: % | I53: =$D$3 -> 2026
C54: Fair Market | D54: Fair Market | E54: Assessed | F54: Assessed | G54: Market Value | H54: Assessed Value | I54: Level of
A55: INDUSTRIAL PROPERTY | C55: Value | D55: Value | E55: Value | F55: Value | G55: Change | H55: Change | I55: Assessment
A56: 501 | B56: Food Manufacturing | C56: 514246 | D56: 437313.64 | E56: 59138 | F56: 50291 | G56: =D56-C56 -> -76932.36 | H56: =IF(E56=0,"",F56/E56-1) -> -0.14959924 | I56: =IF(D56=0,"N/A",F56/D56) -> 0.11499984
A57: 502 | B57: Beverage Manufacturing | C57: 200108 | D57: 109074 | E57: 23013 | F57: 12544 | G57: =D57-C57 -> -91034 | H57: =IF(E57=0,"",F57/E57-1) -> -0.45491679 | I57: =IF(D57=0,"N/A",F57/D57) -> 0.11500449
A58: 503 | B58: Tobacco Manufacturing | C58: 0 | D58: 0 | E58: 0 | F58: 0 | G58: =D58-C58 -> 0 | H58: =IF(E58=0,"",F58/E58-1) | I58: =IF(D58=0,"N/A",F58/D58) -> N/A
A59: 504 | B59: Manufacture of Textile Mill Products | C59: 0 | D59: 0 | E59: 0 | F59: 0 | G59: =D59-C59 -> 0 | H59: =IF(E59=0,"",F59/E59-1) | I59: =IF(D59=0,"N/A",F59/D59) -> N/A
A60: 505 | B60: Apparel Manufacturing | C60: 0 | D60: 0 | E60: 0 | F60: 0 | G60: =D60-C60 -> 0 | H60: =IF(E60=0,"",F60/E60-1) | I60: =IF(D60=0,"N/A",F60/D60) -> N/A
A61: 506 | B61: Leather Manufacturing | C61: 0 | D61: 0 | E61: 0 | F61: 0 | G61: =D61-C61 -> 0 | H61: =IF(E61=0,"",F61/E61-1) | I61: =IF(D61=0,"N/A",F61/D61) -> N/A
A62: 507 | B62: Wood Product Manufacturing | C62: 217688 | D62: 198792 | E62: 25034 | F62: 22860 | G62: =D62-C62 -> -18896 | H62: =IF(E62=0,"",F62/E62-1) -> -0.086841895 | I62: =IF(D62=0,"N/A",F62/D62) -> 0.11499457
A63: 508 | B63: Paper Manufacturing | C63: 0 | D63: 0 | E63: 0 | F63: 0 | G63: =D63-C63 -> 0 | H63: =IF(E63=0,"",F63/E63-1) | I63: =IF(D63=0,"N/A",F63/D63) -> N/A
A64: 509 | B64: Printing - Newspapers, Books etc. | C64: 808701 | D64: 743998 | E64: 93001 | F64: 85560 | G64: =D64-C64 -> -64703 | H64: =IF(E64=0,"",F64/E64-1) -> -0.080009892 | I64: =IF(D64=0,"N/A",F64/D64) -> 0.11500031
A65: 510 | B65: Chemical Manufacturing | C65: 6205053 | D65: 7211247 | E65: 713580 | F65: 829292 | G65: =D65-C65 -> 1006194 | H65: =IF(E65=0,"",F65/E65-1) -> 0.16215701 | I65: =IF(D65=0,"N/A",F65/D65) -> 0.11499981
A66: 511 | B66: Plastic & Rubber Product Manufacturing | C66: 0 | D66: 0 | E66: 0 | F66: 0 | G66: =D66-C66 -> 0 | H66: =IF(E66=0,"",F66/E66-1) | I66: =IF(D66=0,"N/A",F66/D66) -> N/A
A67: 512 | B67: Non-Metallic Mineral Product Manufacturing | C67: 4064572 | D67: 4065591 | E67: 467425 | F67: 467543 | G67: =D67-C67 -> 1019 | H67: =IF(E67=0,"",F67/E67-1) -> 0.00025244692 | I67: =IF(D67=0,"N/A",F67/D67) -> 0.11500001
... A86: 532 | B86: Pollution Control & Fire Exemptions Granted | C86: 46012732 | D86: 46259916 | E86: 5291457 | F86: 5319892 | G86: =D86-C86 -> 247184 | H86: =IF(E86=0,"",F86/E86-1) -> 0.0053737562 | I86: =IF(D86=0,"N/A",F86/D86) -> 0.11500004
A87: D | B87: TOTAL INDUSTRIAL | C87: 3070519910 | D87: =SUM(D56:D85) -> 2.9822935e+09 | E87: 353109781 | F87: =SUM(F56:F85) -> 342963768 | G87: =SUM(G56:G85) -> -88226423 | H87: =IF(E87=0,"",F87/E87-1) -> -0.028733311 | I87: =IF(D87=0,"N/A",F87/D87) -> 0.11500001

Sheet Crook Value
A1: ="CROOK COUNTY "&D3 -> CROOK COUNTY 2026
C3: 2025 | D3: ='Albany Value'!D3 -> 2026 | E3: 2025 | F3: =$D$3 -> 2026 | I3: =$D$3 -> 2026
C4: Productive | D4: Productive | E4: Assessed | F4: Assessed | G4: Productive Value | H4: Assessed Value | I4: Level of
A5: LINE | B5: CLASSIFICATION | C5: Value | D5: Value | E5: Value | F5: Value | G5: Change | H5: % Change | I5: Assessment
A6: A | B6: AGRICULTRAL LAND | C6: 2.1952873e+08 | D6: =D25 -> 207264523 | E6: 20855258 | F6: =F25 -> 19690169 | G6: =D6-C6 -> -12264211 | H6: =IF(E6=0,"",F6/E6-1) -> -0.05586548 | I6: =IF(D6=0,"N/A",F6/D6) -> 0.09500019
A7: B | B7: REAL PROPERTY | C7: 9.9581127e+08 | D7: =D42 -> 1.1437928e+09 | E7: 94602057 | F7: =F42 -> 108660466 | G7: =D7-C7 -> 1.4798148e+08 | H7: =IF(E7=0,"",F7/E7-1) -> 0.14860574 | I7: =IF(D7=0,"N/A",F7/D7) -> 0.095000135
A8: C | B8: PERSONAL PROPERTY | C8: 74636633 | D8: =D49 -> 58414709 | E8: 7090474 | F8: =F49 -> 5549383 | G8: =D8-C8 -> -16221924 | H8: =IF(E8=0,"",F8/E8-1) -> -0.21734668 | I8: =IF(D8=0,"N/A",F8/D8) -> 0.094999754
A9: D | B9: INDUSTRIAL PROPERTY | C9: 151430105 | D9: =D87 -> 1.7040721e+08 | E9: 17414470 | F9: =F87 -> 19596827 | G9: =D9-C9 -> 18977101 | H9: =IF(E9=0,"",F9/E9-1) -> 0.1253186 | I9: =IF(D9=0,"N/A",F9/D9) -> 0.11499999
B10: STATE ASSESSED - MINERALS | C10: 80646008 | D10: ='STATE ASSESSED'!C10 -> 74687177 | E10: 80646008 | F10: =D10 -> 74687177 | G10: =D10-C10 -> -5958831 | H10: =IF(E10=0,"",F10/E10-1) -> -0.073888729 | I10: =IF(D10=0,"N/A",F10/D10) -> 1
B11: STATE ASSESSED - OTHER | C11: 546830502 | D11: ='STATE ASSESSED'!F10 -> 563433239 | E11: 62673621 | F11: ='STATE ASSESSED'!I10 -> 64613027 | G11: =D11-C11 -> 16602737 | H11: =IF(E11=0,"",F11/E11-1) -> 0.030944534 | I11: =F11/D11 -> 0.11467734 | J11: *
H12: =IF(E12=0,"",F12/E12-1)
B13: LOCALLY ASSESSED VALUATION | C13: 1.4414067e+09 | D13: =SUM(D6:D9) -> 1.5798792e+09 | E13: 139962259 | F13: =SUM(F6:F9) -> 153496845 | G13: =SUM(G6:G9) -> 1.3847245e+08 | H13: =IF(E13=0,"",F13/E13-1) -> 0.096701683
B14: STATE ASSESSED VALUATION | C14: 627476510 | D14: =SUM(D10:D11) -> 638120416 | E14: 143319629 | F14: =SUM(F10:F11) -> 139300204 | G14: =SUM(G10:G11) -> 10643906 | H14: =IF(E14=0,"",F14/E14-1) -> -0.028045181
B15: TOTAL VALUATION | C15: 2.0688833e+09 | D15: =SUM(D13:D14) -> 2.2179996e+09 | E15: 283281888 | F15: =SUM(F13:F14) -> 292797049 | G15: =SUM(G13:G14) -> 1.4911635e+08 | H15: =IF(E15=0,"",F15/E15-1) -> 0.03358902
A18: * Telephone and cable are taxed at 9.5%. All others are taxed at 11.5%.
C19: 2025 | D19: =$D$3 -> 2026 | E19: 2025 | F19: =$D$3 -> 2026 | I19: =$D$3 -> 2026
C20: Productive | D20: Productive | E20: Assessed | F20: Assessed | G20: Productive Value | H20: Assessed Value | I20: Level of
A21: AGRICULTURAL LANDS | C21: Value | D21: Value | E21: Value | F21: Value | G21: Change | H21: % Change | I21: Assessment
A22: 110 | B22: IRRIGATED | C22: 7976836.8 | D22: 6782132 | E22: 757803 | F22: 644303 | G22: =D22-C22 -> -1194704.8 | H22: =IF(E22=0,"",F22/E22-1) -> -0.14977507 | I22: =IF(D22=0,"N/A",F22/D22) -> 0.095000068
A23: 120 | B23: DRY CROP | C23: 42401773 | D23: 36889140 | E23: 4028168 | F23: 3504469 | G23: =D23-C23 -> -5512632.7 | H23: =IF(E23=0,"",F23/E23-1) -> -0.13000923 | I23: =IF(D23=0,"N/A",F23/D23) -> 0.095000019
A24: 130 | B24: RANGE | C24: 1.6915012e+08 | D24: 163593251 | E24: 16069287 | F24: 15541397 | G24: =D24-C24 -> -5556873.2 | H24: =IF(E24=0,"",F24/E24-1) -> -0.032850866 | I24: =IF(D24=0,"N/A",F24/D24) -> 0.095000233
A25: A | B25: TOTAL AG LANDS | C25: 2.1952873e+08 | D25: =SUM(D22:D24) -> 207264523 | E25: 20855258 | F25: =SUM(F22:F24) -> 19690169 | G25: =SUM(G22:G24) -> -12264211 | H25: =IF(E25=0,"",F25/E25-1) -> -0.05586548 | I25: =IF(D25=0,"N/A",F25/D25) -> 0.09500019
C27: 2025 | D27: =$D$3 -> 2026 | E27: 2025 | F27: =$D$3 -> 2026
A28: AG ACREAGE | C28: Acres | D28: Acres | E28: Value/Acre | F28: Value/Acre | G28: Acre Change | H28: Value/Acre Change
A29: 110 | B29: IRRIGATED | C29: 3239.19 | D29: 3236.16 | E29: 2462.6023 | F29: =IF(D29<>0,D22/D29,0) -> 2095.7345 | G29: =D29-C29 -> -3.03 | H29: =F29-E29 -> -366.86786
A30: 120 | B30: DRY CROP | C30: 105034.56 | D30: 103151.36 | E30: 403.69353 | F30: =IF(D30<>0,D23/D30,0) -> 357.62146 | G30: =D30-C30 -> -1883.2 | H30: =F30-E30 -> -46.072073
A31: 130 | B31: RANGE | C31: 1241955.4 | D31: 1244866.5 | E31: 136.19662 | F31: =IF(D31<>0,D24/D31,0) -> 131.41429 | G31: =D31-C31 -> 2911.11 | H31: =F31-E31 -> -4.7823253
C35: 2025 | D35: =$D$3 -> 2026 | E35: 2025 | F35: =$D$3 -> 2026 | G35: Dollar | H35: % | I35: =$D$3 -> 2026
C36: Fair Market | D36: Fair Market | E36: Assessed | F36: Assessed | G36: Market Value | H36: Assessed Value | I36: Level of
A37: REAL PROPERTY | C37: Value | D37: Value | E37: Value | F37: Value | G37: Change | H37: Change | I37: Assessment
A38: 200 | B38: RESIDENTIAL LAND | C38: 2.906334e+08 | D38: 3.1278589e+08 | E38: 27610143 | F38: 29714769 | G38: =D38-C38 -> 22152486 | H38: =IF(E38=0,"",F38/E38-1) -> 0.076226552 | I38: =IF(D38=0,"N/A",F38/D38) -> 0.09500035
A39: 300 | B39: RESIDENTIAL IMPROVED | C39: 5.7129506e+08 | D39: 6.9537932e+08 | E39: 54273040 | F39: 66061060 | G39: =D39-C39 -> 1.2408426e+08 | H39: =IF(E39=0,"",F39/E39-1) -> 0.21719845 | I39: =IF(D39=0,"N/A",F39/D39) -> 0.095000035
A40: 400 | B40: COMMERCIAL LAND | C40: 22887736 | D40: 22246769 | E40: 2174354 | F40: 2113458 | G40: =D40-C40 -> -640967.36 | H40: =IF(E40=0,"",F40/E40-1) -> -0.028006479 | I40: =IF(D40=0,"N/A",F40/D40) -> 0.095000673
A41: 500 | B41: COMMERCIAL IMPROVED | C41: 1.1099508e+08 | D41: 1.1338078e+08 | E41: 10544520 | F41: 10771179 | G41: =D41-C41 -> 2385701.9 | H41: =IF(E41=0,"",F41/E41-1) -> 0.021495431 | I41: =IF(D41=0,"N/A",F41/D41) -> 0.095000045
A42: B | B42: TOTAL REAL PROPERTY | C42: 9.9581127e+08 | D42: =SUM(D38:D41) -> 1.1437928e+09 | E42: 94602057 | F42: =SUM(F38:F41) -> 108660466 | G42: =SUM(G38:G41) -> 1.4798148e+08 | H42: =IF(E42=0,"",F42/E42-1) -> 0.14860574 | I42: =IF(D42=0,"N/A",F42/D42) -> 0.095000135
C44: 2025 | D44: =$D$3 -> 2026 | E44: 2025 | F44: =$D$3 -> 2026 | G44: Dollar | H44: % | I44: =$D$3 -> 2026
C45: Fair Market | D45: Fair Market | E45: Assessed | F45: Assessed | G45: Market Value | H45: Assessed Value | I45: Level of
A46: PERSONAL PROPERTY | C46: Value | D46: Value | E46: Value | F46: Value | G46: Change | H46: Change | I46: Assessment
A47: 610 | B47: RESIDENTIAL PERSONAL PROPERTY | C47: 18895969 | D47: 23425504 | E47: 1795114 | F47: 2225415 | G47: =D47-C47 -> 4529534.3 | H47: =IF(E47=0,"",F47/E47-1) -> 0.23970678 | I47: =IF(D47=0,"N/A",F47/D47) -> 0.094999665
A48: 730 | B48: COMMERCAIL PERSONAL PROPERTY | C48: 55740664 | D48: 34989205 | E48: 5295360 | F48: 3323968 | G48: =D48-C48 -> -20751458 | H48: =IF(E48=0,"",F48/E48-1) -> -0.37228668 | I48: =IF(D48=0,"N/A",F48/D48) -> 0.094999814
A49: C | B49: TOTAL PERSONAL PROPERTY | C49: 74636633 | D49: =SUM(D47:D48) -> 58414709 | E49: 7090474 | F49: =SUM(F47:F48) -> 5549383 | G49: =SUM(G47:G48) -> -16221924 | H49: =IF(E49=0,"",F49/E49-1) -> -0.21734668 | I49: =IF(D49=0,"N/A",F49/D49) -> 0.094999754
C53: 2025 | D53: =$D$3 -> 2026 | E53: 2025 | F53: =$D$3 -> 2026 | G53: Dollar | H53: % | I53: =$D$3 -> 2026
C54: Fair Market | D54: Fair Market | E54: Assessed | F54: Assessed | G54: Market Value | H54: Assessed Value | I54: Level of
A55: INDUSTRIAL PROPERTY | C55: Value | D55: Value | E55: Value | F55: Value | G55: Change | H55: Change | I55: Assessment
A56: 501 | B56: Food Manufacturing | C56: 306566 | D56: 305859 | E56: 35255 | F56: 35174 | G56: =D56-C56 -> -707 | H56: =IF(E56=0,"",F56/E56-1) -> -0.0022975464 | I56: =IF(D56=0,"N/A",F56/D56) -> 0.1150007
A57: 502 | B57: Beverage Manufacturing | C57: 0 | D57: 0 | E57: 0 | F57: 0 | G57: =D57-C57 -> 0 | H57: =IF(E57=0,"",F57/E57-1) | I57: =IF(D57=0,"N/A",F57/D57) -> N/A
A58: 503 | B58: Tobacco Manufacturing | C58: 0 | D58: 0 | E58: 0 | F58: 0 | G58: =D58-C58 -> 0 | H58: =IF(E58=0,"",F58/E58-1) | I58: =IF(D58=0,"N/A",F58/D58) -> N/A
A59: 504 | B59: Manufacture of Textile Mill Products | C59: 0 | D59: 0 | E59: 0 | F59: 0 | G59: =D59-C59 -> 0 | H59: =IF(E59=0,"",F59/E59-1) | I59: =IF(D59=0,"N/A",F59/D59) -> N/A
A60: 505 | B60: Apparel Manufacturing | C60: 0 | D60: 0 | E60: 0 | F60: 0 | G60: =D60-C60 -> 0 | H60: =IF(E60=0,"",F60/E60-1) | I60: =IF(D60=0,"N/A",F60/D60) -> N/A
A61: 506 | B61: Leather Manufacturing | C61: 0 | D61: 0 | E61: 0 | F61: 0 | G61: =D61-C61 -> 0 | H61: =IF(E61=0,"",F61/E61-1) | I61: =IF(D61=0,"N/A",F61/D61) -> N/A
A62: 507 | B62: Wood Product Manufacturing | C62: 13288406 | D62: 12694835 | E62: 1528167 | F62: 1459906 | G62: =D62-C62 -> -593571 | H62: =IF(E62=0,"",F62/E62-1) -> -0.044668547 | I62: =IF(D62=0,"N/A",F62/D62) -> 0.115
A63: 508 | B63: Paper Manufacturing | C63: 0 | D63: 0 | E63: 0 | F63: 0 | G63: =D63-C63 -> 0 | H63: =IF(E63=0,"",F63/E63-1) | I63: =IF(D63=0,"N/A",F63/D63) -> N/A
A64: 509 | B64: Printing - Newspapers, Books etc. | C64: 0 | D64: 0 | E64: 0 | F64: 0 | G64: =D64-C64 -> 0 | H64: =IF(E64=0,"",F64/E64-1) | I64: =IF(D64=0,"N/A",F64/D64) -> N/A
A65: 510 | B65: Chemical Manufacturing | C65: 0 | D65: 0 | E65: 0 | F65: 0 | G65: =D65-C65 -> 0 | H65: =IF(E65=0,"",F65/E65-1) | I65: =IF(D65=0,"N/A",F65/D65) -> N/A
A66: 511 | B66: Plastic & Rubber Product Manufacturing | C66: 0 | D66: 0 | E66: 0 | F66: 0 | G66: =D66-C66 -> 0 | H66: =IF(E66=0,"",F66/E66-1) | I66: =IF(D66=0,"N/A",F66/D66) -> N/A
A67: 512 | B67: Non-Metallic Mineral Product Manufacturing | C67: 18911085 | D67: 16800426 | E67: 2174775 | F67: 1932050 | G67: =D67-C67 -> -2110658.9 | H67: =IF(E67=0,"",F67/E67-1) -> -0.11160925 | I67: =IF(D67=0,"N/A",F67/D67) -> 0.11500006
... A86: 532 | B86: Pollution Control & Fire Exemptions Granted | C86: 9854815 | D86: 9838885 | E86: 1133303.7 | F86: 1131471.8 | G86: =D86-C86 -> -15930 | H86: =IF(E86=0,"",F86/E86-1) -> -0.0016164687 | I86: =IF(D86=0,"N/A",F86/D86) -> 0.115
A87: D | B87: TOTAL INDUSTRIAL | C87: 151430105 | D87: =SUM(D56:D85) -> 1.7040721e+08 | E87: 17414470 | F87: =SUM(F56:F85) -> 19596827 | G87: =SUM(G56:G85) -> 18977101 | H87: =IF(E87=0,"",F87/E87-1) -> 0.1253186 | I87: =IF(D87=0,"N/A",F87/D87) -> 0.11499999

Sheet Fremont Value
A1: ="FREMONT COUNTY "&D3 -> FREMONT COUNTY 2026
C3: 2025 | D3: ='Albany Value'!D3 -> 2026 | E3: 2025 | F3: =$D$3 -> 2026 | I3: =$D$3 -> 2026
C4: Productive | D4: Productive | E4: Assessed | F4: Assessed | G4: Productive Value | H4: Assessed Value | I4: Level of
A5: LINE | B5: CLASSIFICATION | C5: Value | D5: Value | E5: Value | F5: Value | G5: Change | H5: % Change | I5: Assessment
A6: A | B6: AGRICULTRAL LAND | C6: 256689124 | D6: =D25 -> 238155560 | E6: 24385535 | F6: =F25 -> 22624868 | G6: =D6-C6 -> -18533564 | H6: =IF(E6=0,"",F6/E6-1) -> -0.072201287 | I6: =IF(D6=0,"N/A",F6/D6) -> 0.095000377
A7: B | B7: REAL PROPERTY | C7: 3.9527872e+09 | D7: =D42 -> 4.6548164e+09 | E7: 375514989 | F7: =F42 -> 442207762 | G7: =D7-C7 -> 7.0202915e+08 | H7: =IF(E7=0,"",F7/E7-1) -> 0.17760349 | I7: =IF(D7=0,"N/A",F7/D7) -> 0.095000044
A8: C | B8: PERSONAL PROPERTY | C8: 1.8087243e+08 | D8: =D49 -> 151315138 | E8: 17182842 | F8: =F49 -> 14374955 | G8: =D8-C8 -> -29557292 | H8: =IF(E8=0,"",F8/E8-1) -> -0.16341226 | I8: =IF(D8=0,"N/A",F8/D8) -> 0.095000112
A9: D | B9: INDUSTRIAL PROPERTY | C9: 465995764 | D9: =D87 -> 448246418 | E9: 53589517 | F9: =F87 -> 51548336 | G9: =D9-C9 -> -17749346 | H9: =IF(E9=0,"",F9/E9-1) -> -0.038089184 | I9: =IF(D9=0,"N/A",F9/D9) -> 0.115
B10: STATE ASSESSED - MINERALS | C10: 199314069 | D10: ='STATE ASSESSED'!C11 -> 173091889 | E10: 199314069 | F10: =D10 -> 173091889 | G10: =D10-C10 -> -26222180 | H10: =IF(E10=0,"",F10/E10-1) -> -0.13156211 | I10: =IF(D10=0,"N/A",F10/D10) -> 1
B11: STATE ASSESSED - OTHER | C11: 234804499 | D11: ='STATE ASSESSED'!F11 -> 231075680 | E11: 26263138 | F11: ='STATE ASSESSED'!I11 -> 25962508 | G11: =D11-C11 -> -3728819 | H11: =IF(E11=0,"",F11/E11-1) -> -0.011446842 | I11: =F11/D11 -> 0.112355 | J11: *
H12: =IF(E12=0,"",F12/E12-1)
B13: LOCALLY ASSESSED VALUATION | C13: 4.8563445e+09 | D13: =SUM(D6:D9) -> 5.4925335e+09 | E13: 470672883 | F13: =SUM(F6:F9) -> 530755921 | G13: =SUM(G6:G9) -> 6.3618895e+08 | H13: =IF(E13=0,"",F13/E13-1) -> 0.12765349
B14: STATE ASSESSED VALUATION | C14: 434118568 | D14: =SUM(D10:D11) -> 404167569 | E14: 225577207 | F14: =SUM(F10:F11) -> 199054397 | G14: =SUM(G10:G11) -> -29950999 | H14: =IF(E14=0,"",F14/E14-1) -> -0.11757753
B15: TOTAL VALUATION | C15: 5.2904631e+09 | D15: =SUM(D13:D14) -> 5.8967011e+09 | E15: 696250090 | F15: =SUM(F13:F14) -> 729810318 | G15: =SUM(G13:G14) -> 6.0623795e+08 | H15: =IF(E15=0,"",F15/E15-1) -> 0.048201398
A18: * Telephone and cable are taxed at 9.5%. All others are taxed at 11.5%.
C19: 2025 | D19: =$D$3 -> 2026 | E19: 2025 | F19: =$D$3 -> 2026 | I19: =$D$3 -> 2026
C20: Productive | D20: Productive | E20: Assessed | F20: Assessed | G20: Productive Value | H20: Assessed Value | I20: Level of
A21: AGRICULTURAL LANDS | C21: Value | D21: Value | E21: Value | F21: Value | G21: Change | H21: % Change | I21: Assessment
A22: 110 | B22: IRRIGATED | C22: 192485497 | D22: 176034422 | E22: 18286126 | F22: 16723270 | G22: =D22-C22 -> -16451075 | H22: =IF(E22=0,"",F22/E22-1) -> -0.085466763 | I22: =IF(D22=0,"N/A",F22/D22) -> 0.094999999
A23: 120 | B23: DRY CROP | C23: 0 | D23: 0 | E23: 0 | F23: 0 | G23: =D23-C23 -> 0 | H23: =IF(E23=0,"",F23/E23-1) | I23: =IF(D23=0,"N/A",F23/D23) -> N/A
A24: 130 | B24: RANGE | C24: 64203627 | D24: 62121138 | E24: 6099409 | F24: 5901598 | G24: =D24-C24 -> -2082489 | H24: =IF(E24=0,"",F24/E24-1) -> -0.032431175 | I24: =IF(D24=0,"N/A",F24/D24) -> 0.095001447
A25: A | B25: TOTAL AG LANDS | C25: 256689124 | D25: =SUM(D22:D24) -> 238155560 | E25: 24385535 | F25: =SUM(F22:F24) -> 22624868 | G25: =SUM(G22:G24) -> -18533564 | H25: =IF(E25=0,"",F25/E25-1) -> -0.072201287 | I25: =IF(D25=0,"N/A",F25/D25) -> 0.095000377
C27: 2025 | D27: =$D$3 -> 2026 | E27: 2025 | F27: =$D$3 -> 2026
A28: AG ACREAGE | C28: Acres | D28: Acres | E28: Value/Acre | F28: Value/Acre | G28: Acre Change | H28: Value/Acre Change
A29: 110 | B29: IRRIGATED | C29: 104351.56 | D29: 104065.37 | E29: 1844.5866 | F29: =IF(D29<>0,D22/D29,0) -> 1691.5754 | G29: =D29-C29 -> -286.18899 | H29: =F29-E29 -> -153.01127
A30: 120 | B30: DRY CROP | C30: 0 | D30: 0 | E30: 0 | F30: =IF(D30<>0,D23/D30,0) -> 0 | G30: =D30-C30 -> 0 | H30: =F30-E30 -> 0
A31: 130 | B31: RANGE | C31: 580869.09 | D31: 580912.32 | E31: 110.53029 | F31: =IF(D31<>0,D24/D31,0) -> 106.9372 | G31: =D31-C31 -> 43.237545 | H31: =F31-E31 -> -3.5930862
C35: 2025 | D35: =$D$3 -> 2026 | E35: 2025 | F35: =$D$3 -> 2026 | G35: Dollar | H35: % | I35: =$D$3 -> 2026
C36: Fair Market | D36: Fair Market | E36: Assessed | F36: Assessed | G36: Market Value | H36: Assessed Value | I36: Level of
A37: REAL PROPERTY | C37: Value | D37: Value | E37: Value | F37: Value | G37: Change | H37: Change | I37: Assessment
A38: 200 | B38: RESIDENTIAL LAND | C38: 7.4474552e+08 | D38: 8.7996557e+08 | E38: 70750884 | F38: 83596848 | G38: =D38-C38 -> 1.3522005e+08 | H38: =IF(E38=0,"",F38/E38-1) -> 0.18156613 | I38: =IF(D38=0,"N/A",F38/D38) -> 0.095000135
A39: 300 | B39: RESIDENTIAL IMPROVED | C39: 2.3090594e+09 | D39: 2.8580665e+09 | E39: 219360706 | F39: 271516320 | G39: =D39-C39 -> 5.4900714e+08 | H39: =IF(E39=0,"",F39/E39-1) -> 0.23776188 | I39: =IF(D39=0,"N/A",F39/D39) -> 0.095000001
A40: 400 | B40: COMMERCIAL LAND | C40: 125661007 | D40: 127355956 | E40: 11937862 | F40: 12098889 | G40: =D40-C40 -> 1694949 | H40: =IF(E40=0,"",F40/E40-1) -> 0.013488764 | I40: =IF(D40=0,"N/A",F40/D40) -> 0.095000575
A41: 500 | B41: COMMERCIAL IMPROVED | C41: 773321343 | D41: 789428351 | E41: 73465537 | F41: 74995705 | G41: =D41-C41 -> 16107008 | H41: =IF(E41=0,"",F41/E41-1) -> 0.020828378 | I41: =IF(D41=0,"N/A",F41/D41) -> 0.095000015
A42: B | B42: TOTAL REAL PROPERTY | C42: 3.9527872e+09 | D42: =SUM(D38:D41) -> 4.6548164e+09 | E42: 375514989 | F42: =SUM(F38:F41) -> 442207762 | G42: =SUM(G38:G41) -> 7.0202915e+08 | H42: =IF(E42=0,"",F42/E42-1) -> 0.17760349 | I42: =IF(D42=0,"N/A",F42/D42) -> 0.095000044
C44: 2025 | D44: =$D$3 -> 2026 | E44: 2025 | F44: =$D$3 -> 2026 | G44: Dollar | H44: % | I44: =$D$3 -> 2026
C45: Fair Market | D45: Fair Market | E45: Assessed | F45: Assessed | G45: Market Value | H45: Assessed Value | I45: Level of
A46: PERSONAL PROPERTY | C46: Value | D46: Value | E46: Value | F46: Value | G46: Change | H46: Change | I46: Assessment
A47: 610 | B47: RESIDENTIAL PERSONAL PROPERTY | C47: 42584784 | D47: 55704743 | E47: 4045545 | F47: 5291964 | G47: =D47-C47 -> 13119959 | H47: =IF(E47=0,"",F47/E47-1) -> 0.30809668 | I47: =IF(D47=0,"N/A",F47/D47) -> 0.095000241
A48: 730 | B48: COMMERCAIL PERSONAL PROPERTY | C48: 138287646 | D48: 95610395 | E48: 13137297 | F48: 9082991 | G48: =D48-C48 -> -42677251 | H48: =IF(E48=0,"",F48/E48-1) -> -0.30861036 | I48: =IF(D48=0,"N/A",F48/D48) -> 0.095000036
A49: C | B49: TOTAL PERSONAL PROPERTY | C49: 1.8087243e+08 | D49: =SUM(D47:D48) -> 151315138 | E49: 17182842 | F49: =SUM(F47:F48) -> 14374955 | G49: =SUM(G47:G48) -> -29557292 | H49: =IF(E49=0,"",F49/E49-1) -> -0.16341226 | I49: =IF(D49=0,"N/A",F49/D49) -> 0.095000112
C53: 2025 | D53: =$D$3 -> 2026 | E53: 2025 | F53: =$D$3 -> 2026 | G53: Dollar | H53: % | I53: =$D$3 -> 2026
C54: Fair Market | D54: Fair Market | E54: Assessed | F54: Assessed | G54: Market Value | H54: Assessed Value | I54: Level of
A55: INDUSTRIAL PROPERTY | C55: Value | D55: Value | E55: Value | F55: Value | G55: Change | H55: Change | I55: Assessment
A56: 501 | B56: Food Manufacturing | C56: 3986869 | D56: 3625009 | E56: 458490 | F56: 416878 | G56: =D56-C56 -> -361860 | H56: =IF(E56=0,"",F56/E56-1) -> -0.090758795 | I56: =IF(D56=0,"N/A",F56/D56) -> 0.11500054
A57: 502 | B57: Beverage Manufacturing | C57: 0 | D57: 0 | E57: 0 | F57: 0 | G57: =D57-C57 -> 0 | H57: =IF(E57=0,"",F57/E57-1) | I57: =IF(D57=0,"N/A",F57/D57) -> N/A
A58: 503 | B58: Tobacco Manufacturing | C58: 0 | D58: 0 | E58: 0 | F58: 0 | G58: =D58-C58 -> 0 | H58: =IF(E58=0,"",F58/E58-1) | I58: =IF(D58=0,"N/A",F58/D58) -> N/A
A59: 504 | B59: Manufacture of Textile Mill Products | C59: 942810 | D59: 805652 | E59: 108423 | F59: 92650 | G59: =D59-C59 -> -137158 | H59: =IF(E59=0,"",F59/E59-1) -> -0.14547651 | I59: =IF(D59=0,"N/A",F59/D59) -> 0.11500002
A60: 505 | B60: Apparel Manufacturing | C60: 59850 | D60: 59850 | E60: 6883 | F60: 6883 | G60: =D60-C60 -> 0 | H60: =IF(E60=0,"",F60/E60-1) -> 0 | I60: =IF(D60=0,"N/A",F60/D60) -> 0.11500418
A61: 506 | B61: Leather Manufacturing | C61: 485525 | D61: 484917 | E61: 55835 | F61: 55765 | G61: =D61-C61 -> -608 | H61: =IF(E61=0,"",F61/E61-1) -> -0.0012536939 | I61: =IF(D61=0,"N/A",F61/D61) -> 0.11499906
A62: 507 | B62: Wood Product Manufacturing | C62: 405325 | D62: 377967 | E62: 46613 | F62: 43466 | G62: =D62-C62 -> -27358 | H62: =IF(E62=0,"",F62/E62-1) -> -0.067513355 | I62: =IF(D62=0,"N/A",F62/D62) -> 0.11499946
A63: 508 | B63: Paper Manufacturing | C63: 711130 | D63: 694599 | E63: 81780 | F63: 79879 | G63: =D63-C63 -> -16531 | H63: =IF(E63=0,"",F63/E63-1) -> -0.023245292 | I63: =IF(D63=0,"N/A",F63/D63) -> 0.11500017
A64: 509 | B64: Printing - Newspapers, Books etc. | C64: 3107983 | D64: 3143292 | E64: 357417 | F64: 361478 | G64: =D64-C64 -> 35309 | H64: =IF(E64=0,"",F64/E64-1) -> 0.011362078 | I64: =IF(D64=0,"N/A",F64/D64) -> 0.11499982
A65: 510 | B65: Chemical Manufacturing | C65: 509655 | D65: 318494 | E65: 58610 | F65: 36627 | G65: =D65-C65 -> -191161 | H65: =IF(E65=0,"",F65/E65-1) -> -0.37507251 | I65: =IF(D65=0,"N/A",F65/D65) -> 0.1150006
A66: 511 | B66: Plastic & Rubber Product Manufacturing | C66: 2425186 | D66: 2181050 | E66: 278896 | F66: 250820 | G66: =D66-C66 -> -244136 | H66: =IF(E66=0,"",F66/E66-1) -> -0.10066835 | I66: =IF(D66=0,"N/A",F66/D66) -> 0.11499966
A67: 512 | B67: Non-Metallic Mineral Product Manufacturing | C67: 4191839 | D67: 5523164 | E67: 482062 | F67: 635164 | G67: =D67-C67 -> 1331325 | H67: =IF(E67=0,"",F67/E67-1) -> 0.31759815 | I67: =IF(D67=0,"N/A",F67/D67) -> 0.11500003
... A86: 532 | B86: Pollution Control & Fire Exemptions Granted | C86: 17813040 | D86: 5249170 | E86: 2048499.6 | F86: 603654.55 | G86: =D86-C86 -> -12563870 | H86: =IF(E86=0,"",F86/E86-1) -> -0.70531869 | I86: =IF(D86=0,"N/A",F86/D86) -> 0.115
A87: D | B87: TOTAL INDUSTRIAL | C87: 465995764 | D87: =SUM(D56:D85) -> 448246418 | E87: 53589517 | F87: =SUM(F56:F85) -> 51548336 | G87: =SUM(G56:G85) -> -17749346 | H87: =IF(E87=0,"",F87/E87-1) -> -0.038089184 | I87: =IF(D87=0,"N/A",F87/D87) -> 0.115

Sheet Goshen Value
A1: ="GOSHEN COUNTY "&D3 -> GOSHEN COUNTY 2026
C3: 2025 | D3: ='Albany Value'!D3 -> 2026 | E3: 2025 | F3: =$D$3 -> 2026 | I3: =$D$3 -> 2026
C4: Productive | D4: Productive | E4: Assessed | F4: Assessed | G4: Productive Value | H4: Assessed Value | I4: Level of
A5: LINE | B5: CLASSIFICATION | C5: Value | D5: Value | E5: Value | F5: Value | G5: Change | H5: % Change | I5: Assessment
A6: A | B6: AGRICULTRAL LAND | C6: 433445229 | D6: =D25 -> 385870147 | E6: 41177432 | F6: =F25 -> 36657764 | G6: =D6-C6 -> -47575082 | H6: =IF(E6=0,"",F6/E6-1) -> -0.1097608 | I6: =IF(D6=0,"N/A",F6/D6) -> 0.095000259
A7: B | B7: REAL PROPERTY | C7: 1.0474836e+09 | D7: =D42 -> 1.2453377e+09 | E7: 99511492 | F7: =F42 -> 118307565 | G7: =D7-C7 -> 1.9785409e+08 | H7: =IF(E7=0,"",F7/E7-1) -> 0.18888344 | I7: =IF(D7=0,"N/A",F7/D7) -> 0.095000386
A8: C | B8: PERSONAL PROPERTY | C8: 1.2274419e+08 | D8: =D49 -> 81714136 | E8: 11660699 | F8: =F49 -> 7762853 | G8: =D8-C8 -> -41030057 | H8: =IF(E8=0,"",F8/E8-1) -> -0.33427207 | I8: =IF(D8=0,"N/A",F8/D8) -> 0.095000124
A9: D | B9: INDUSTRIAL PROPERTY | C9: 97592832 | D9: =D87 -> 1.1394798e+08 | E9: 11223173 | F9: =F87 -> 13104018 | G9: =D9-C9 -> 16355151 | H9: =IF(E9=0,"",F9/E9-1) -> 0.16758585 | I9: =IF(D9=0,"N/A",F9/D9) -> 0.115
B10: STATE ASSESSED - MINERALS | C10: 2181794 | D10: ='STATE ASSESSED'!C12 -> 1765971 | E10: 2181794 | F10: =D10 -> 1765971 | G10: =D10-C10 -> -415823 | H10: =IF(E10=0,"",F10/E10-1) -> -0.19058765 | I10: =IF(D10=0,"N/A",F10/D10) -> 1
B11: STATE ASSESSED - OTHER | C11: 1010562596 | D11: ='STATE ASSESSED'!F12 -> 1075197997 | E11: 115916927 | F11: ='STATE ASSESSED'!I12 -> 123461651 | G11: =D11-C11 -> 64635401 | H11: =IF(E11=0,"",F11/E11-1) -> 0.065087336 | I11: =F11/D11 -> 0.1148269 | J11: *
H12: =IF(E12=0,"",F12/E12-1)
B13: LOCALLY ASSESSED VALUATION | C13: 1.7012659e+09 | D13: =SUM(D6:D9) -> 1.82687e+09 | E13: 163572796 | F13: =SUM(F6:F9) -> 175832200 | G13: =SUM(G6:G9) -> 1.256041e+08 | H13: =IF(E13=0,"",F13/E13-1) -> 0.074947695
B14: STATE ASSESSED VALUATION | C14: 1012744390 | D14: =SUM(D10:D11) -> 1076963968 | E14: 118098721 | F14: =SUM(F10:F11) -> 125227622 | G14: =SUM(G10:G11) -> 64219578 | H14: =IF(E14=0,"",F14/E14-1) -> 0.060363914
B15: TOTAL VALUATION | C15: 2.7140103e+09 | D15: =SUM(D13:D14) -> 2.903834e+09 | E15: 281671517 | F15: =SUM(F13:F14) -> 301059822 | G15: =SUM(G13:G14) -> 1.8982368e+08 | H15: =IF(E15=0,"",F15/E15-1) -> 0.068833034
A18: * Telephone and cable are taxed at 9.5%. All others are taxed at 11.5%.
C19: 2025 | D19: =$D$3 -> 2026 | E19: 2025 | F19: =$D$3 -> 2026 | I19: =$D$3 -> 2026
C20: Productive | D20: Productive | E20: Assessed | F20: Assessed | G20: Productive Value | H20: Assessed Value | I20: Level of
A21: AGRICULTURAL LANDS | C21: Value | D21: Value | E21: Value | F21: Value | G21: Change | H21: % Change | I21: Assessment
A22: 110 | B22: IRRIGATED | C22: 269952856 | D22: 230226172 | E22: 25645518 | F22: 21871490 | G22: =D22-C22 -> -39726684 | H22: =IF(E22=0,"",F22/E22-1) -> -0.14716131 | I22: =IF(D22=0,"N/A",F22/D22) -> 0.095000016
A23: 120 | B23: DRY CROP | C23: 37077553 | D23: 33897200 | E23: 3522367 | F23: 3220236 | G23: =D23-C23 -> -3180353 | H23: =IF(E23=0,"",F23/E23-1) -> -0.085774992 | I23: =IF(D23=0,"N/A",F23/D23) -> 0.095000059
A24: 130 | B24: RANGE | C24: 126414820 | D24: 121746775 | E24: 12009547 | F24: 11566038 | G24: =D24-C24 -> -4668045 | H24: =IF(E24=0,"",F24/E24-1) -> -0.036929703 | I24: =IF(D24=0,"N/A",F24/D24) -> 0.095000775
A25: A | B25: TOTAL AG LANDS | C25: 433445229 | D25: =SUM(D22:D24) -> 385870147 | E25: 41177432 | F25: =SUM(F22:F24) -> 36657764 | G25: =SUM(G22:G24) -> -47575082 | H25: =IF(E25=0,"",F25/E25-1) -> -0.1097608 | I25: =IF(D25=0,"N/A",F25/D25) -> 0.095000259
C27: 2025 | D27: =$D$3 -> 2026 | E27: 2025 | F27: =$D$3 -> 2026
A28: AG ACREAGE | C28: Acres | D28: Acres | E28: Value/Acre | F28: Value/Acre | G28: Acre Change | H28: Value/Acre Change
A29: 110 | B29: IRRIGATED | C29: 108067.13 | D29: 108572.14 | E29: 2498.0109 | F29: =IF(D29<>0,D22/D29,0) -> 2120.4904 | G29: =D29-C29 -> 505.01 | H29: =F29-E29 -> -377.52047
A30: 120 | B30: DRY CROP | C30: 101524.44 | D30: 93205.58 | E30: 365.20815 | F30: =IF(D30<>0,D23/D30,0) -> 363.68209 | G30: =D30-C30 -> -8318.86 | H30: =F30-E30 -> -1.5260623
A31: 130 | B31: RANGE | C31: 1058255.5 | D31: 1065793.2 | E31: 119.45586 | F31: =IF(D31<>0,D24/D31,0) -> 114.23114 | G31: =D31-C31 -> 7537.7 | H31: =F31-E31 -> -5.2247167
C35: 2025 | D35: =$D$3 -> 2026 | E35: 2025 | F35: =$D$3 -> 2026 | G35: Dollar | H35: % | I35: =$D$3 -> 2026
C36: Fair Market | D36: Fair Market | E36: Assessed | F36: Assessed | G36: Market Value | H36: Assessed Value | I36: Level of
A37: REAL PROPERTY | C37: Value | D37: Value | E37: Value | F37: Value | G37: Change | H37: Change | I37: Assessment
A38: 200 | B38: RESIDENTIAL LAND | C38: 1.1145699e+08 | D38: 1.3250489e+08 | E38: 10588932 | F38: 12588404 | G38: =D38-C38 -> 21047895 | H38: =IF(E38=0,"",F38/E38-1) -> 0.1888266 | I38: =IF(D38=0,"N/A",F38/D38) -> 0.095003318
A39: 300 | B39: RESIDENTIAL IMPROVED | C39: 7.5812144e+08 | D39: 9.2486615e+08 | E39: 72021539 | F39: 87862308 | G39: =D39-C39 -> 1.6674471e+08 | H39: =IF(E39=0,"",F39/E39-1) -> 0.21994488 | I39: =IF(D39=0,"N/A",F39/D39) -> 0.095000026
A40: 400 | B40: COMMERCIAL LAND | C40: 28772293 | D40: 29718395 | E40: 2733389 | F40: 2823269 | G40: =D40-C40 -> 946102 | H40: =IF(E40=0,"",F40/E40-1) -> 0.032882257 | I40: =IF(D40=0,"N/A",F40/D40) -> 0.095000723
A41: 500 | B41: COMMERCIAL IMPROVED | C41: 149132919 | D41: 158248302 | E41: 14167632 | F41: 15033584 | G41: =D41-C41 -> 9115383 | H41: =IF(E41=0,"",F41/E41-1) -> 0.061121859 | I41: =IF(D41=0,"N/A",F41/D41) -> 0.09499997
A42: B | B42: TOTAL REAL PROPERTY | C42: 1.0474836e+09 | D42: =SUM(D38:D41) -> 1.2453377e+09 | E42: 99511492 | F42: =SUM(F38:F41) -> 118307565 | G42: =SUM(G38:G41) -> 1.9785409e+08 | H42: =IF(E42=0,"",F42/E42-1) -> 0.18888344 | I42: =IF(D42=0,"N/A",F42/D42) -> 0.095000386
C44: 2025 | D44: =$D$3 -> 2026 | E44: 2025 | F44: =$D$3 -> 2026 | G44: Dollar | H44: % | I44: =$D$3 -> 2026
C45: Fair Market | D45: Fair Market | E45: Assessed | F45: Assessed | G45: Market Value | H45: Assessed Value | I45: Level of
A46: PERSONAL PROPERTY | C46: Value | D46: Value | E46: Value | F46: Value | G46: Change | H46: Change | I46: Assessment
A47: 610 | B47: RESIDENTIAL PERSONAL PROPERTY | C47: 11008273 | D47: 15486036 | E47: 1045785 | F47: 1471170 | G47: =D47-C47 -> 4477762.4 | H47: =IF(E47=0,"",F47/E47-1) -> 0.40676143 | I47: =IF(D47=0,"N/A",F47/D47) -> 0.094999782
A48: 730 | B48: COMMERCAIL PERSONAL PROPERTY | C48: 111735920 | D48: 66228100 | E48: 10614914 | F48: 6291683 | G48: =D48-C48 -> -45507820 | H48: =IF(E48=0,"",F48/E48-1) -> -0.40727895 | I48: =IF(D48=0,"N/A",F48/D48) -> 0.095000204
A49: C | B49: TOTAL PERSONAL PROPERTY | C49: 1.2274419e+08 | D49: =SUM(D47:D48) -> 81714136 | E49: 11660699 | F49: =SUM(F47:F48) -> 7762853 | G49: =SUM(G47:G48) -> -41030057 | H49: =IF(E49=0,"",F49/E49-1) -> -0.33427207 | I49: =IF(D49=0,"N/A",F49/D49) -> 0.095000124
C53: 2025 | D53: =$D$3 -> 2026 | E53: 2025 | F53: =$D$3 -> 2026 | G53: Dollar | H53: % | I53: =$D$3 -> 2026
C54: Fair Market | D54: Fair Market | E54: Assessed | F54: Assessed | G54: Market Value | H54: Assessed Value | I54: Level of
A55: INDUSTRIAL PROPERTY | C55: Value | D55: Value | E55: Value | F55: Value | G55: Change | H55: Change | I55: Assessment
A56: 501 | B56: Food Manufacturing | C56: 12930194 | D56: 12825912 | E56: 1486972 | F56: 1474979 | G56: =D56-C56 -> -104281.56 | H56: =IF(E56=0,"",F56/E56-1) -> -0.0080653839
A57: 502 | B57: Beverage Manufacturing | C57: 361195 | D57: 288056 | E57: 41537 | F57: 33126 | G57: =D57-C57 -> -73139 | H57: =IF(E57=0,"",F57/E57-1) -> -0.20249416 | I57: =IF(D57=0,"N/A",F57/D57) -> 0.11499847
A58: 503 | B58: Tobacco Manufacturing | C58: 0 | D58: 0 | E58: 0 | F58: 0 | G58: =D58-C58 -> 0 | H58: =IF(E58=0,"",F58/E58-1) | I58: =IF(D58=0,"N/A",F58/D58) -> N/A
A59: 504 | B59: Manufacture of Textile Mill Products | C59: 697601 | D59: 568866 | E59: 80224 | F59: 65420 | G59: =D59-C59 -> -128735 | H59: =IF(E59=0,"",F59/E59-1) -> -0.18453331 | I59: =IF(D59=0,"N/A",F59/D59) -> 0.11500072
A60: 505 | B60: Apparel Manufacturing | C60: 0 | D60: 0 | E60: 0 | F60: 0 | G60: =D60-C60 -> 0 | H60: =IF(E60=0,"",F60/E60-1) | I60: =IF(D60=0,"N/A",F60/D60) -> N/A
A61: 506 | B61: Leather Manufacturing | C61: 0 | D61: 339.84 | E61: 0 | F61: 39 | G61: =D61-C61 -> 339.84 | H61: =IF(E61=0,"",F61/E61-1) | I61: =IF(D61=0,"N/A",F61/D61) -> 0.11475989
A62: 507 | B62: Wood Product Manufacturing | C62: 0 | D62: 0 | E62: 0 | F62: 0 | G62: =D62-C62 -> 0 | H62: =IF(E62=0,"",F62/E62-1) | I62: =IF(D62=0,"N/A",F62/D62) -> N/A
A63: 508 | B63: Paper Manufacturing | C63: 0 | D63: 0 | E63: 0 | F63: 0 | G63: =D63-C63 -> 0 | H63: =IF(E63=0,"",F63/E63-1) | I63: =IF(D63=0,"N/A",F63/D63) -> N/A
A64: 509 | B64: Printing - Newspapers, Books etc. | C64: 506469 | D64: 404990 | E64: 58244 | F64: 46574 | G64: =D64-C64 -> -101479 | H64: =IF(E64=0,"",F64/E64-1) -> -0.20036399 | I64: =IF(D64=0,"N/A",F64/D64) -> 0.11500037
A65: 510 | B65: Chemical Manufacturing | C65: 0 | D65: 0 | E65: 0 | F65: 0 | G65: =D65-C65 -> 0 | H65: =IF(E65=0,"",F65/E65-1) | I65: =IF(D65=0,"N/A",F65/D65) -> N/A
A66: 511 | B66: Plastic & Rubber Product Manufacturing | C66: 3865791 | D66: 4013969 | E66: 444565 | F66: 461607 | G66: =D66-C66 -> 148178 | H66: =IF(E66=0,"",F66/E66-1) -> 0.038334102 | I66: =IF(D66=0,"N/A",F66/D66) -> 0.11500014
A67: 512 | B67: Non-Metallic Mineral Product Manufacturing | C67: 4043963 | D67: 4419839 | E67: 465057 | F67: 508283 | G67: =D67-C67 -> 375876 | H67: =IF(E67=0,"",F67/E67-1) -> 0.092947746 | I67: =IF(D67=0,"N/A",F67/D67) -> 0.11500034
A68: 513 | B68: Primary Metal Manufacturing | C68: 0 | D68: 0 | E68: 0 | F68: 0 | G68: =D68-C68 -> 0 | H68: =IF(E68=0,"",F68/E68-1) | I68: =IF(D68=0,"N/A",F68/D68) -> N/A
... A86: 532 | B86: Pollution Control & Fire Exemptions Granted | C86: 4624900 | D86: 4273209 | E86: 511172 | F86: 473972 | G86: =D86-C86 -> -351691 | H86: =IF(E86=0,"",F86/E86-1) -> -0.072773939 | I86: =IF(D86=0,"N/A",F86/D86) -> 0.11091711
A87: D | B87: TOTAL INDUSTRIAL | C87: 97592832 | D87: =SUM(D56:D85) -> 1.1394798e+08 | E87: 11223173 | F87: =SUM(F56:F85) -> 13104018 | G87: =SUM(G56:G85) -> 16355151 | H87: =IF(E87=0,"",F87/E87-1) -> 0.16758585 | I87: =IF(D87=0,"N/A",F87/D87) -> 0.115

Sheet Hot Springs Value
A1: ="HOT SPRINGS COUNTY "&D3 -> HOT SPRINGS COUNTY 2026
C3: 2025 | D3: ='Albany Value'!D3 -> 2026 | E3: 2025 | F3: =$D$3 -> 2026 | I3: =$D$3 -> 2026
C4: Productive | D4: Productive | E4: Assessed | F4: Assessed | G4: Productive Value | H4: Assessed Value | I4: Level of
A5: LINE | B5: CLASSIFICATION | C5: Value | D5: Value | E5: Value | F5: Value | G5: Change | H5: % Change | I5: Assessment
A6: A | B6: AGRICULTRAL LAND | C6: 63063840 | D6: =D25 -> 56619557 | E6: 5991091 | F6: =F25 -> 5378861 | G6: =D6-C6 -> -6444283.3 | H6: =IF(E6=0,"",F6/E6-1) -> -0.10219007 | I6: =IF(D6=0,"N/A",F6/D6) -> 0.095000055
A7: B | B7: REAL PROPERTY | C7: 4.5573741e+08 | D7: =D42 -> 5.0354743e+08 | E7: 43295074 | F7: =F42 -> 47837022 | G7: =D7-C7 -> 47810019 | H7: =IF(E7=0,"",F7/E7-1) -> 0.10490681 | I7: =IF(D7=0,"N/A",F7/D7) -> 0.095000033
A8: C | B8: PERSONAL PROPERTY | C8: 31146216 | D8: =D49 -> 22468281 | E8: 2958901 | F8: =F49 -> 2134488 | G8: =D8-C8 -> -8677934.3 | H8: =IF(E8=0,"",F8/E8-1) -> -0.27862135 | I8: =IF(D8=0,"N/A",F8/D8) -> 0.095000057
A9: D | B9: INDUSTRIAL PROPERTY | C9: 62349630 | D9: =D87 -> 63198478 | E9: 7170208 | F9: =F87 -> 7267826 | G9: =D9-C9 -> 848848 | H9: =IF(E9=0,"",F9/E9-1) -> 0.013614389 | I9: =IF(D9=0,"N/A",F9/D9) -> 0.11500002
B10: STATE ASSESSED - MINERALS | C10: 99323105 | D10: ='STATE ASSESSED'!C13 -> 79761326 | E10: 99323105 | F10: =D10 -> 79761326 | G10: =D10-C10 -> -19561779 | H10: =IF(E10=0,"",F10/E10-1) -> -0.19695094 | I10: =IF(D10=0,"N/A",F10/D10) -> 1
B11: STATE ASSESSED - OTHER | C11: 116677039 | D11: ='STATE ASSESSED'!F13 -> 121697213 | E11: 13308355 | F11: ='STATE ASSESSED'!I13 -> 13897782 | G11: =D11-C11 -> 5020174 | H11: =IF(E11=0,"",F11/E11-1) -> 0.044289997 | I11: =F11/D11 -> 0.11419967 | J11: *
H12: =IF(E12=0,"",F12/E12-1)
B13: LOCALLY ASSESSED VALUATION | C13: 6.1229709e+08 | D13: =SUM(D6:D9) -> 6.4583374e+08 | E13: 59415274 | F13: =SUM(F6:F9) -> 62618197 | G13: =SUM(G6:G9) -> 33536649 | H13: =IF(E13=0,"",F13/E13-1) -> 0.053907401
B14: STATE ASSESSED VALUATION | C14: 216000144 | D14: =SUM(D10:D11) -> 201458539 | E14: 112631460 | F14: =SUM(F10:F11) -> 93659108 | G14: =SUM(G10:G11) -> -14541605 | H14: =IF(E14=0,"",F14/E14-1) -> -0.16844629
B15: TOTAL VALUATION | C15: 8.2829724e+08 | D15: =SUM(D13:D14) -> 8.4729228e+08 | E15: 172046734 | F15: =SUM(F13:F14) -> 156277305 | G15: =SUM(G13:G14) -> 18995044 | H15: =IF(E15=0,"",F15/E15-1) -> -0.091657822
A18: * Telephone and cable are taxed at 9.5%. All others are taxed at 11.5%.
C19: 2025 | D19: =$D$3 -> 2026 | E19: 2025 | F19: =$D$3 -> 2026 | I19: =$D$3 -> 2026
C20: Productive | D20: Productive | E20: Assessed | F20: Assessed | G20: Productive Value | H20: Assessed Value | I20: Level of
A21: AGRICULTURAL LANDS | C21: Value | D21: Value | E21: Value | F21: Value | G21: Change | H21: % Change | I21: Assessment
A22: 110 | B22: IRRIGATED | C22: 35751679 | D22: 30407748 | E22: 3396421 | F22: 2888745 | G22: =D22-C22 -> -5343931.3 | H22: =IF(E22=0,"",F22/E22-1) -> -0.14947381 | I22: =IF(D22=0,"N/A",F22/D22) -> 0.095000295
A23: 120 | B23: DRY CROP | C23: 0 | D23: 0 | E23: 0 | F23: 0 | G23: =D23-C23 -> 0 | H23: =IF(E23=0,"",F23/E23-1) | I23: =IF(D23=0,"N/A",F23/D23) -> N/A
A24: 130 | B24: RANGE | C24: 27312161 | D24: 26211809 | E24: 2594670 | F24: 2490116 | G24: =D24-C24 -> -1100352 | H24: =IF(E24=0,"",F24/E24-1) -> -0.040295683 | I24: =IF(D24=0,"N/A",F24/D24) -> 0.094999777
A25: A | B25: TOTAL AG LANDS | C25: 63063840 | D25: =SUM(D22:D24) -> 56619557 | E25: 5991091 | F25: =SUM(F22:F24) -> 5378861 | G25: =SUM(G22:G24) -> -6444283.3 | H25: =IF(E25=0,"",F25/E25-1) -> -0.10219007 | I25: =IF(D25=0,"N/A",F25/D25) -> 0.095000055
C27: 2025 | D27: =$D$3 -> 2026 | E27: 2025 | F27: =$D$3 -> 2026
A28: AG ACREAGE | C28: Acres | D28: Acres | E28: Value/Acre | F28: Value/Acre | G28: Acre Change | H28: Value/Acre Change
A29: 110 | B29: IRRIGATED | C29: 17120.804 | D29: 17117.978 | E29: 2088.201 | F29: =IF(D29<>0,D22/D29,0) -> 1776.3633 | G29: =D29-C29 -> -2.825577 | H29: =F29-E29 -> -311.8377
A30: 120 | B30: DRY CROP | C30: 0 | D30: 0 | E30: 0 | F30: =IF(D30<>0,D23/D30,0) -> 0 | G30: =D30-C30 -> 0 | H30: =F30-E30 -> 0
A31: 130 | B31: RANGE | C31: 369224.89 | D31: 370591.02 | E31: 73.971614 | F31: =IF(D31<>0,D24/D31,0) -> 70.729747 | G31: =D31-C31 -> 1366.13 | H31: =F31-E31 -> -3.2418672
C35: 2025 | D35: =$D$3 -> 2026 | E35: 2025 | F35: =$D$3 -> 2026 | G35: Dollar | H35: % | I35: =$D$3 -> 2026
C36: Fair Market | D36: Fair Market | E36: Assessed | F36: Assessed | G36: Market Value | H36: Assessed Value | I36: Level of
A37: REAL PROPERTY | C37: Value | D37: Value | E37: Value | F37: Value | G37: Change | H37: Change | I37: Assessment
A38: 200 | B38: RESIDENTIAL LAND | C38: 91960419 | D38: 1.0173578e+08 | E38: 8736268 | F38: 9664880 | G38: =D38-C38 -> 9775362.3 | H38: =IF(E38=0,"",F38/E38-1) -> 0.1062939 | I38: =IF(D38=0,"N/A",F38/D38) -> 0.094999811
A39: 300 | B39: RESIDENTIAL IMPROVED | C39: 2.7809515e+08 | D39: 3.1320592e+08 | E39: 26419024 | F39: 29754586 | G39: =D39-C39 -> 35110769 | H39: =IF(E39=0,"",F39/E39-1) -> 0.12625606 | I39: =IF(D39=0,"N/A",F39/D39) -> 0.095000074
A40: 400 | B40: COMMERCIAL LAND | C40: 14530816 | D40: 14825693 | E40: 1380436 | F40: 1408437 | G40: =D40-C40 -> 294877 | H40: =IF(E40=0,"",F40/E40-1) -> 0.020284171 | I40: =IF(D40=0,"N/A",F40/D40) -> 0.094999741
A41: 500 | B41: COMMERCIAL IMPROVED | C41: 71151017 | D41: 73780028 | E41: 6759346 | F41: 7009119 | G41: =D41-C41 -> 2629010.9 | H41: =IF(E41=0,"",F41/E41-1) -> 0.036952244 | I41: =IF(D41=0,"N/A",F41/D41) -> 0.095000222
A42: B | B42: TOTAL REAL PROPERTY | C42: 4.5573741e+08 | D42: =SUM(D38:D41) -> 5.0354743e+08 | E42: 43295074 | F42: =SUM(F38:F41) -> 47837022 | G42: =SUM(G38:G41) -> 47810019 | H42: =IF(E42=0,"",F42/E42-1) -> 0.10490681 | I42: =IF(D42=0,"N/A",F42/D42) -> 0.095000033
C44: 2025 | D44: =$D$3 -> 2026 | E44: 2025 | F44: =$D$3 -> 2026 | G44: Dollar | H44: % | I44: =$D$3 -> 2026
C45: Fair Market | D45: Fair Market | E45: Assessed | F45: Assessed | G45: Market Value | H45: Assessed Value | I45: Level of
A46: PERSONAL PROPERTY | C46: Value | D46: Value | E46: Value | F46: Value | G46: Change | H46: Change | I46: Assessment
A47: 610 | B47: RESIDENTIAL PERSONAL PROPERTY | C47: 9298641.6 | D47: 10750400 | E47: 883370 | F47: 1021287 | G47: =D47-C47 -> 1451758.7 | H47: =IF(E47=0,"",F47/E47-1) -> 0.15612597 | I47: =IF(D47=0,"N/A",F47/D47) -> 0.094999905
A48: 730 | B48: COMMERCAIL PERSONAL PROPERTY | C48: 21847574 | D48: 11717881 | E48: 2075531 | F48: 1113201 | G48: =D48-C48 -> -10129693 | H48: =IF(E48=0,"",F48/E48-1) -> -0.46365484 | I48: =IF(D48=0,"N/A",F48/D48) -> 0.095000197
A49: C | B49: TOTAL PERSONAL PROPERTY | C49: 31146216 | D49: =SUM(D47:D48) -> 22468281 | E49: 2958901 | F49: =SUM(F47:F48) -> 2134488 | G49: =SUM(G47:G48) -> -8677934.3 | H49: =IF(E49=0,"",F49/E49-1) -> -0.27862135 | I49: =IF(D49=0,"N/A",F49/D49) -> 0.095000057
C53: 2025 | D53: =$D$3 -> 2026 | E53: 2025 | F53: =$D$3 -> 2026 | G53: Dollar | H53: % | I53: =$D$3 -> 2026
C54: Fair Market | D54: Fair Market | E54: Assessed | F54: Assessed | G54: Market Value | H54: Assessed Value | I54: Level of
A55: INDUSTRIAL PROPERTY | C55: Value | D55: Value | E55: Value | F55: Value | G55: Change | H55: Change | I55: Assessment
A56: 501 | B56: Food Manufacturing | C56: 0 | D56: 0 | E56: 0 | F56: 0 | G56: =D56-C56 -> 0 | H56: =IF(E56=0,"",F56/E56-1) | I56: =IF(D56=0,"N/A",F56/D56) -> N/A
A57: 502 | B57: Beverage Manufacturing | C57: 9114694 | D57: 9544655 | E57: 1048191 | F57: 1097635 | G57: =D57-C57 -> 429961 | H57: =IF(E57=0,"",F57/E57-1) -> 0.047170792 | I57: =IF(D57=0,"N/A",F57/D57) -> 0.11499997
A58: 503 | B58: Tobacco Manufacturing | C58: 0 | D58: 0 | E58: 0 | F58: 0 | G58: =D58-C58 -> 0 | H58: =IF(E58=0,"",F58/E58-1) | I58: =IF(D58=0,"N/A",F58/D58) -> N/A
A59: 504 | B59: Manufacture of Textile Mill Products | C59: 0 | D59: 0 | E59: 0 | F59: 0 | G59: =D59-C59 -> 0 | H59: =IF(E59=0,"",F59/E59-1) | I59: =IF(D59=0,"N/A",F59/D59) -> N/A
A60: 505 | B60: Apparel Manufacturing | C60: 0 | D60: 0 | E60: 0 | F60: 0 | G60: =D60-C60 -> 0 | H60: =IF(E60=0,"",F60/E60-1) | I60: =IF(D60=0,"N/A",F60/D60) -> N/A
A61: 506 | B61: Leather Manufacturing | C61: 0 | D61: 0 | E61: 0 | F61: 0 | G61: =D61-C61 -> 0 | H61: =IF(E61=0,"",F61/E61-1) | I61: =IF(D61=0,"N/A",F61/D61) -> N/A
A62: 507 | B62: Wood Product Manufacturing | C62: 0 | D62: 0 | E62: 0 | F62: 0 | G62: =D62-C62 -> 0 | H62: =IF(E62=0,"",F62/E62-1) | I62: =IF(D62=0,"N/A",F62/D62) -> N/A
A63: 508 | B63: Paper Manufacturing | C63: 0 | D63: 0 | E63: 0 | F63: 0 | G63: =D63-C63 -> 0 | H63: =IF(E63=0,"",F63/E63-1) | I63: =IF(D63=0,"N/A",F63/D63) -> N/A
A64: 509 | B64: Printing - Newspapers, Books etc. | C64: 0 | D64: 0 | E64: 0 | F64: 0 | G64: =D64-C64 -> 0 | H64: =IF(E64=0,"",F64/E64-1) | I64: =IF(D64=0,"N/A",F64/D64) -> N/A
A65: 510 | B65: Chemical Manufacturing | C65: 0 | D65: 0 | E65: 0 | F65: 0 | G65: =D65-C65 -> 0 | H65: =IF(E65=0,"",F65/E65-1) | I65: =IF(D65=0,"N/A",F65/D65) -> N/A
A66: 511 | B66: Plastic & Rubber Product Manufacturing | C66: 0 | D66: 0 | E66: 0 | F66: 0 | G66: =D66-C66 -> 0 | H66: =IF(E66=0,"",F66/E66-1) | I66: =IF(D66=0,"N/A",F66/D66) -> N/A
A67: 512 | B67: Non-Metallic Mineral Product Manufacturing | C67: 1030410 | D67: 957327 | E67: 118497 | F67: 110092 | G67: =D67-C67 -> -73083 | H67: =IF(E67=0,"",F67/E67-1) -> -0.070930066 | I67: =IF(D67=0,"N/A",F67/D67) -> 0.11499937
... A86: 532 | B86: Pollution Control & Fire Exemptions Granted | C86: 679390 | D86: 684550 | E86: 78130 | F86: 78723 | G86: =D86-C86 -> 5160 | H86: =IF(E86=0,"",F86/E86-1) -> 0.0075899142 | I86: =IF(D86=0,"N/A",F86/D86) -> 0.11499963
A87: D | B87: TOTAL INDUSTRIAL | C87: 62349630 | D87: =SUM(D56:D85) -> 63198478 | E87: 7170208 | F87: =SUM(F56:F85) -> 7267826 | G87: =SUM(G56:G85) -> 848848 | H87: =IF(E87=0,"",F87/E87-1) -> 0.013614389 | I87: =IF(D87=0,"N/A",F87/D87) -> 0.11500002

Sheet Johnson Value
A1: ="JOHNSON COUNTY "&D3 -> JOHNSON COUNTY 2026
C3: 2025 | D3: ='Albany Value'!D3 -> 2026 | E3: 2025 | F3: =$D$3 -> 2026 | I3: =$D$3 -> 2026
C4: Productive | D4: Productive | E4: Assessed | F4: Assessed | G4: Productive Value | H4: Assessed Value | I4: Level of
A5: LINE | B5: CLASSIFICATION | C5: Value | D5: Value | E5: Value | F5: Value | G5: Change | H5: % Change | I5: Assessment
A6: A | B6: AGRICULTRAL LAND | C6: 2.6326591e+08 | D6: =D25 -> 1.9549591e+08 | E6: 25010331 | F6: =F25 -> 18572276 | G6: =D6-C6 -> -67770009 | H6: =IF(E6=0,"",F6/E6-1) -> -0.25741583 | I6: =IF(D6=0,"N/A",F6/D6) -> 0.095000844
A7: B | B7: REAL PROPERTY | C7: 1.3574149e+09 | D7: =D42 -> 1.5279499e+09 | E7: 128954445 | F7: =F42 -> 145155342 | G7: =D7-C7 -> 1.7053492e+08 | H7: =IF(E7=0,"",F7/E7-1) -> 0.12563271 | I7: =IF(D7=0,"N/A",F7/D7) -> 0.095000069
A8: C | B8: PERSONAL PROPERTY | C8: 77722781 | D8: =D49 -> 61731317 | E8: 7383673 | F8: =F49 -> 5864484 | G8: =D8-C8 -> -15991464 | H8: =IF(E8=0,"",F8/E8-1) -> -0.20574977 | I8: =IF(D8=0,"N/A",F8/D8) -> 0.095000144
A9: D | B9: INDUSTRIAL PROPERTY | C9: 359059636 | D9: =D87 -> 3.4938947e+08 | E9: 41291860 | F9: =F87 -> 40179790 | G9: =D9-C9 -> -9670161.5 | H9: =IF(E9=0,"",F9/E9-1) -> -0.026931943 | I9: =IF(D9=0,"N/A",F9/D9) -> 0.115
B10: STATE ASSESSED - MINERALS | C10: 212859557 | D10: ='STATE ASSESSED'!C14 -> 285181486 | E10: 212859557 | F10: =D10 -> 285181486 | G10: =D10-C10 -> 72321929 | H10: =IF(E10=0,"",F10/E10-1) -> 0.3397636 | I10: =IF(D10=0,"N/A",F10/D10) -> 1
B11: STATE ASSESSED - OTHER | C11: 71684933 | D11: ='STATE ASSESSED'!F14 -> 83742294 | E11: 8046149 | F11: ='STATE ASSESSED'!I14 -> 9433268 | G11: =D11-C11 -> 12057361 | H11: =IF(E11=0,"",F11/E11-1) -> 0.17239539 | I11: =F11/D11 -> 0.1126464 | J11: *
H12: =IF(E12=0,"",F12/E12-1)
B13: LOCALLY ASSESSED VALUATION | C13: 2.0574633e+09 | D13: =SUM(D6:D9) -> 2.1345665e+09 | E13: 202640309 | F13: =SUM(F6:F9) -> 209771892 | G13: =SUM(G6:G9) -> 77103283 | H13: =IF(E13=0,"",F13/E13-1) -> 0.035193309
B14: STATE ASSESSED VALUATION | C14: 284544490 | D14: =SUM(D10:D11) -> 368923780 | E14: 220905706 | F14: =SUM(F10:F11) -> 294614754 | G14: =SUM(G10:G11) -> 84379290 | H14: =IF(E14=0,"",F14/E14-1) -> 0.33366747
B15: TOTAL VALUATION | C15: 2.3420078e+09 | D15: =SUM(D13:D14) -> 2.5034903e+09 | E15: 423546015 | F15: =SUM(F13:F14) -> 504386646 | G15: =SUM(G13:G14) -> 1.6148257e+08 | H15: =IF(E15=0,"",F15/E15-1) -> 0.19086623
A18: * Telephone and cable are taxed at 9.5%. All others are taxed at 11.5%.
C19: 2025 | D19: =$D$3 -> 2026 | E19: 2025 | F19: =$D$3 -> 2026 | I19: =$D$3 -> 2026
C20: Productive | D20: Productive | E20: Assessed | F20: Assessed | G20: Productive Value | H20: Assessed Value | I20: Level of
A21: AGRICULTURAL LANDS | C21: Value | D21: Value | E21: Value | F21: Value | G21: Change | H21: % Change | I21: Assessment
A22: 110 | B22: IRRIGATED | C22: 1.1410749e+08 | D22: 84759197 | E22: 10840217 | F22: 8052144 | G22: =D22-C22 -> -29348290 | H22: =IF(E22=0,"",F22/E22-1) -> -0.25719716 | I22: =IF(D22=0,"N/A",F22/D22) -> 0.09500024
A23: 120 | B23: DRY CROP | C23: 878773.53 | D23: 644561 | E23: 83483 | F23: 61236 | G23: =D23-C23 -> -234212.53 | H23: =IF(E23=0,"",F23/E23-1) -> -0.26648539 | I23: =IF(D23=0,"N/A",F23/D23) -> 0.095004197
A24: 130 | B24: RANGE | C24: 1.4827965e+08 | D24: 1.1009215e+08 | E24: 14086631 | F24: 10458896 | G24: =D24-C24 -> -38187507 | H24: =IF(E24=0,"",F24/E24-1) -> -0.25753035 | I24: =IF(D24=0,"N/A",F24/D24) -> 0.09500129
A25: A | B25: TOTAL AG LANDS | C25: 2.6326591e+08 | D25: =SUM(D22:D24) -> 1.9549591e+08 | E25: 25010331 | F25: =SUM(F22:F24) -> 18572276 | G25: =SUM(G22:G24) -> -67770009 | H25: =IF(E25=0,"",F25/E25-1) -> -0.25741583 | I25: =IF(D25=0,"N/A",F25/D25) -> 0.095000844
C27: 2025 | D27: =$D$3 -> 2026 | E27: 2025 | F27: =$D$3 -> 2026
A28: AG ACREAGE | C28: Acres | D28: Acres | E28: Value/Acre | F28: Value/Acre | G28: Acre Change | H28: Value/Acre Change
A29: 110 | B29: IRRIGATED | C29: 42287.19 | D29: 42576.69 | E29: 2698.3937 | F29: =IF(D29<>0,D22/D29,0) -> 1990.7418 | G29: =D29-C29 -> 289.5 | H29: =F29-E29 -> -707.65187
A30: 120 | B30: DRY CROP | C30: 2698.9 | D30: 2628.9 | E30: 325.60433 | F30: =IF(D30<>0,D23/D30,0) -> 245.18278 | G30: =D30-C30 -> -70 | H30: =F30-E30 -> -80.421555
A31: 130 | B31: RANGE | C31: 1452803.1 | D31: 1460071.1 | E31: 102.06452 | F31: =IF(D31<>0,D24/D31,0) -> 75.401911 | G31: =D31-C31 -> 7267.9355 | H31: =F31-E31 -> -26.66261
C35: 2025 | D35: =$D$3 -> 2026 | E35: 2025 | F35: =$D$3 -> 2026 | G35: Dollar | H35: % | I35: =$D$3 -> 2026
C36: Fair Market | D36: Fair Market | E36: Assessed | F36: Assessed | G36: Market Value | H36: Assessed Value | I36: Level of
A37: REAL PROPERTY | C37: Value | D37: Value | E37: Value | F37: Value | G37: Change | H37: Change | I37: Assessment
A38: 200 | B38: RESIDENTIAL LAND | C38: 3.2900583e+08 | D38: 3.8127972e+08 | E38: 31255601 | F38: 36221665 | G38: =D38-C38 -> 52273892 | H38: =IF(E38=0,"",F38/E38-1) -> 0.15888557 | I38: =IF(D38=0,"N/A",F38/D38) -> 0.09500024
A39: 300 | B39: RESIDENTIAL IMPROVED | C39: 8.0838434e+08 | D39: 9.2170245e+08 | E39: 76796486 | F39: 87561758 | G39: =D39-C39 -> 1.1331811e+08 | H39: =IF(E39=0,"",F39/E39-1) -> 0.14017923 | I39: =IF(D39=0,"N/A",F39/D39) -> 0.095000027
A40: 400 | B40: COMMERCIAL LAND | C40: 48743183 | D40: 53355991 | E40: 4630604 | F40: 5068821 | G40: =D40-C40 -> 4612807.4 | H40: =IF(E40=0,"",F40/E40-1) -> 0.094634955 | I40: =IF(D40=0,"N/A",F40/D40) -> 0.095000035
A41: 500 | B41: COMMERCIAL IMPROVED | C41: 1.7128158e+08 | D41: 171611686 | E41: 16271754 | F41: 16303098 | G41: =D41-C41 -> 330105.08 | H41: =IF(E41=0,"",F41/E41-1) -> 0.0019262828 | I41: =IF(D41=0,"N/A",F41/D41) -> 0.094999929
A42: B | B42: TOTAL REAL PROPERTY | C42: 1.3574149e+09 | D42: =SUM(D38:D41) -> 1.5279499e+09 | E42: 128954445 | F42: =SUM(F38:F41) -> 145155342 | G42: =SUM(G38:G41) -> 1.7053492e+08 | H42: =IF(E42=0,"",F42/E42-1) -> 0.12563271 | I42: =IF(D42=0,"N/A",F42/D42) -> 0.095000069
C44: 2025 | D44: =$D$3 -> 2026 | E44: 2025 | F44: =$D$3 -> 2026 | G44: Dollar | H44: % | I44: =$D$3 -> 2026
C45: Fair Market | D45: Fair Market | E45: Assessed | F45: Assessed | G45: Market Value | H45: Assessed Value | I45: Level of
A46: PERSONAL PROPERTY | C46: Value | D46: Value | E46: Value | F46: Value | G46: Change | H46: Change | I46: Assessment
A47: 610 | B47: RESIDENTIAL PERSONAL PROPERTY | C47: 13056006 | D47: 15867596 | E47: 1240313 | F47: 1507426 | G47: =D47-C47 -> 2811590.2 | H47: =IF(E47=0,"",F47/E47-1) -> 0.21535935 | I47: =IF(D47=0,"N/A",F47/D47) -> 0.095000276
A48: 730 | B48: COMMERCAIL PERSONAL PROPERTY | C48: 64666775 | D48: 45863721 | E48: 6143360 | F48: 4357058 | G48: =D48-C48 -> -18803054 | H48: =IF(E48=0,"",F48/E48-1) -> -0.29076955 | I48: =IF(D48=0,"N/A",F48/D48) -> 0.095000098
A49: C | B49: TOTAL PERSONAL PROPERTY | C49: 77722781 | D49: =SUM(D47:D48) -> 61731317 | E49: 7383673 | F49: =SUM(F47:F48) -> 5864484 | G49: =SUM(G47:G48) -> -15991464 | H49: =IF(E49=0,"",F49/E49-1) -> -0.20574977 | I49: =IF(D49=0,"N/A",F49/D49) -> 0.095000144
C53: 2025 | D53: =$D$3 -> 2026 | E53: 2025 | F53: =$D$3 -> 2026 | G53: Dollar | H53: % | I53: =$D$3 -> 2026
C54: Fair Market | D54: Fair Market | E54: Assessed | F54: Assessed | G54: Market Value | H54: Assessed Value | I54: Level of
A55: INDUSTRIAL PROPERTY | C55: Value | D55: Value | E55: Value | F55: Value | G55: Change | H55: Change | I55: Assessment
A56: 501 | B56: Food Manufacturing | C56: 6000 | D56: 0 | E56: 690 | F56: 0 | G56: =D56-C56 -> -6000 | H56: =IF(E56=0,"",F56/E56-1) -> -1 | I56: =IF(D56=0,"N/A",F56/D56) -> N/A
A57: 502 | B57: Beverage Manufacturing | C57: 115002 | D57: 161002 | E57: 13225 | F57: 18515 | G57: =D57-C57 -> 46000 | H57: =IF(E57=0,"",F57/E57-1) -> 0.4 | I57: =IF(D57=0,"N/A",F57/D57) -> 0.11499857
A58: 503 | B58: Tobacco Manufacturing | C58: 0 | D58: 0 | E58: 0 | F58: 0 | G58: =D58-C58 -> 0 | H58: =IF(E58=0,"",F58/E58-1) | I58: =IF(D58=0,"N/A",F58/D58) -> N/A
A59: 504 | B59: Manufacture of Textile Mill Products | C59: 1959394 | D59: 1581844.3 | E59: 225330 | F59: 181912 | G59: =D59-C59 -> -377549.67 | H59: =IF(E59=0,"",F59/E59-1) -> -0.19268628 | I59: =IF(D59=0,"N/A",F59/D59) -> 0.11499994
A60: 505 | B60: Apparel Manufacturing | C60: 75418 | D60: 75418 | E60: 8673 | F60: 8673 | G60: =D60-C60 -> 0 | H60: =IF(E60=0,"",F60/E60-1) -> 0 | I60: =IF(D60=0,"N/A",F60/D60) -> 0.11499907
A61: 506 | B61: Leather Manufacturing | C61: 0 | D61: 0 | E61: 0 | F61: 0 | G61: =D61-C61 -> 0 | H61: =IF(E61=0,"",F61/E61-1) | I61: =IF(D61=0,"N/A",F61/D61) -> N/A
A62: 507 | B62: Wood Product Manufacturing | C62: 1708 | D62: 1343 | E62: 196 | F62: 154 | G62: =D62-C62 -> -365 | H62: =IF(E62=0,"",F62/E62-1) -> -0.21428571 | I62: =IF(D62=0,"N/A",F62/D62) -> 0.11466865
A63: 508 | B63: Paper Manufacturing | C63: 0 | D63: 0 | E63: 0 | F63: 0 | G63: =D63-C63 -> 0 | H63: =IF(E63=0,"",F63/E63-1) | I63: =IF(D63=0,"N/A",F63/D63) -> N/A
A64: 509 | B64: Printing - Newspapers, Books etc. | C64: 0 | D64: 0 | E64: 0 | F64: 0 | G64: =D64-C64 -> 0 | H64: =IF(E64=0,"",F64/E64-1) | I64: =IF(D64=0,"N/A",F64/D64) -> N/A
A65: 510 | B65: Chemical Manufacturing | C65: 0 | D65: 0 | E65: 0 | F65: 0 | G65: =D65-C65 -> 0 | H65: =IF(E65=0,"",F65/E65-1) | I65: =IF(D65=0,"N/A",F65/D65) -> N/A
A66: 511 | B66: Plastic & Rubber Product Manufacturing | C66: 0 | D66: 0 | E66: 0 | F66: 0 | G66: =D66-C66 -> 0 | H66: =IF(E66=0,"",F66/E66-1) | I66: =IF(D66=0,"N/A",F66/D66) -> N/A
A67: 512 | B67: Non-Metallic Mineral Product Manufacturing | C67: 347462 | D67: 330450 | E67: 39958 | F67: 38001 | G67: =D67-C67 -> -17012 | H67: =IF(E67=0,"",F67/E67-1) -> -0.048976425 | I67: =IF(D67=0,"N/A",F67/D67) -> 0.11499773
... A86: 532 | B86: Pollution Control & Fire Exemptions Granted | C86: 5773204 | D86: 7644845 | E86: 663918.46 | F86: 879157 | G86: =D86-C86 -> 1871641 | H86: =IF(E86=0,"",F86/E86-1) -> 0.32419424 | I86: =IF(D86=0,"N/A",F86/D86) -> 0.11499998
A87: D | B87: TOTAL INDUSTRIAL | C87: 359059636 | D87: =SUM(D56:D85) -> 3.4938947e+08 | E87: 41291860 | F87: =SUM(F56:F85) -> 40179790 | G87: =SUM(G56:G85) -> -9670161.5 | H87: =IF(E87=0,"",F87/E87-1) -> -0.026931943 | I87: =IF(D87=0,"N/A",F87/D87) -> 0.115

Sheet Laramie Value
A1: ="LARAMIE COUNTY "&D3 -> LARAMIE COUNTY 2026
C3: 2025 | D3: ='Albany Value'!D3 -> 2026 | E3: 2025 | F3: =$D$3 -> 2026 | I3: =$D$3 -> 2026
C4: Productive | D4: Productive | E4: Assessed | F4: Assessed | G4: Productive Value | H4: Assessed Value | I4: Level of
A5: LINE | B5: CLASSIFICATION | C5: Value | D5: Value | E5: Value | F5: Value | G5: Change | H5: % Change | I5: Assessment
A6: A | B6: AGRICULTRAL LAND | C6: 3.1279047e+08 | D6: =D25 -> 2.8238457e+08 | E6: 29715154 | F6: =F25 -> 26826664 | G6: =D6-C6 -> -30405896 | H6: =IF(E6=0,"",F6/E6-1) -> -0.097205958 | I6: =IF(D6=0,"N/A",F6/D6) -> 0.09500046
A7: B | B7: REAL PROPERTY | C7: 1.2771541e+10 | D7: =D42 -> 1.488755e+10 | E7: 1213297831 | F7: =F42 -> 1414318528 | G7: =D7-C7 -> 2.1160099e+09 | H7: =IF(E7=0,"",F7/E7-1) -> 0.16568125 | I7: =IF(D7=0,"N/A",F7/D7) -> 0.095000083
A8: C | B8: PERSONAL PROPERTY | C8: 2.379531e+09 | D8: =D49 -> 2.7006635e+09 | E8: 226055515 | F8: =F49 -> 256563052 | G8: =D8-C8 -> 3.2113253e+08 | H8: =IF(E8=0,"",F8/E8-1) -> 0.13495595 | I8: =IF(D8=0,"N/A",F8/D8) -> 0.095000006
A9: D | B9: INDUSTRIAL PROPERTY | C9: 2007798244 | D9: =D87 -> 2.0500156e+09 | E9: 230896810 | F9: =F87 -> 235751794 | G9: =D9-C9 -> 42217320 | H9: =IF(E9=0,"",F9/E9-1) -> 0.02102664 | I9: =IF(D9=0,"N/A",F9/D9) -> 0.115
B10: STATE ASSESSED - MINERALS | C10: 832192459 | D10: ='STATE ASSESSED'!C15 -> 479995728 | E10: 832192459 | F10: =D10 -> 479995728 | G10: =D10-C10 -> -352196731 | H10: =IF(E10=0,"",F10/E10-1) -> -0.42321548 | I10: =IF(D10=0,"N/A",F10/D10) -> 1
B11: STATE ASSESSED - OTHER | C11: 1572666203 | D11: ='STATE ASSESSED'!F15 -> 1610121714 | E11: 178539343 | F11: ='STATE ASSESSED'!I15 -> 183006277 | G11: =D11-C11 -> 37455511 | H11: =IF(E11=0,"",F11/E11-1) -> 0.025019326 | I11: =F11/D11 -> 0.1136599 | J11: *
H12: =IF(E12=0,"",F12/E12-1)
B13: LOCALLY ASSESSED VALUATION | C13: 1.747166e+10 | D13: =SUM(D6:D9) -> 1.9920614e+10 | E13: 1699965310 | F13: =SUM(F6:F9) -> 1933460038 | G13: =SUM(G6:G9) -> 2.4489539e+09 | H13: =IF(E13=0,"",F13/E13-1) -> 0.13735264
B14: STATE ASSESSED VALUATION | C14: 2404858662 | D14: =SUM(D10:D11) -> 2090117442 | E14: 1010731802 | F14: =SUM(F10:F11) -> 663002005 | G14: =SUM(G10:G11) -> -314741220 | H14: =IF(E14=0,"",F14/E14-1) -> -0.34403765
B15: TOTAL VALUATION | C15: 1.9876519e+10 | D15: =SUM(D13:D14) -> 2.2010732e+10 | E15: 2710697112 | F15: =SUM(F13:F14) -> 2596462043 | G15: =SUM(G13:G14) -> 2.1342127e+09 | H15: =IF(E15=0,"",F15/E15-1) -> -0.042142321
A18: * Telephone and cable are taxed at 9.5%. All others are taxed at 11.5%.
C19: 2025 | D19: =$D$3 -> 2026 | E19: 2025 | F19: =$D$3 -> 2026 | I19: =$D$3 -> 2026
C20: Productive | D20: Productive | E20: Assessed | F20: Assessed | G20: Productive Value | H20: Assessed Value | I20: Level of
A21: AGRICULTURAL LANDS | C21: Value | D21: Value | E21: Value | F21: Value | G21: Change | H21: % Change | I21: Assessment
A22: 110 | B22: IRRIGATED | C22: 96010400 | D22: 81629089 | E22: 9120978 | F22: 7754777 | G22: =D22-C22 -> -14381311 | H22: =IF(E22=0,"",F22/E22-1) -> -0.14978668 | I22: =IF(D22=0,"N/A",F22/D22) -> 0.095000166
A23: 120 | B23: DRY CROP | C23: 86791285 | D23: 76575100 | E23: 8245175 | F23: 7274675 | G23: =D23-C23 -> -10216185 | H23: =IF(E23=0,"",F23/E23-1) -> -0.1177052 | I23: =IF(D23=0,"N/A",F23/D23) -> 0.095000529
A24: 130 | B24: RANGE | C24: 1.2998878e+08 | D24: 1.2418038e+08 | E24: 12349001 | F24: 11797212 | G24: =D24-C24 -> -5808399.8 | H24: =IF(E24=0,"",F24/E24-1) -> -0.044682886 | I24: =IF(D24=0,"N/A",F24/D24) -> 0.095000611
A25: A | B25: TOTAL AG LANDS | C25: 3.1279047e+08 | D25: =SUM(D22:D24) -> 2.8238457e+08 | E25: 29715154 | F25: =SUM(F22:F24) -> 26826664 | G25: =SUM(G22:G24) -> -30405896 | H25: =IF(E25=0,"",F25/E25-1) -> -0.097205958 | I25: =IF(D25=0,"N/A",F25/D25) -> 0.09500046
C27: 2025 | D27: =$D$3 -> 2026 | E27: 2025 | F27: =$D$3 -> 2026
A28: AG ACREAGE | C28: Acres | D28: Acres | E28: Value/Acre | F28: Value/Acre | G28: Acre Change | H28: Value/Acre Change
A29: 110 | B29: IRRIGATED | C29: 37893.1 | D29: 37897.1 | E29: 2533.7172 | F29: =IF(D29<>0,D22/D29,0) -> 2153.9666 | G29: =D29-C29 -> 4 | H29: =F29-E29 -> -379.75058
A30: 120 | B30: DRY CROP | C30: 224666.74 | D30: 225509.62 | E30: 386.31124 | F30: =IF(D30<>0,D23/D30,0) -> 339.56468 | G30: =D30-C30 -> 842.878 | H30: =F30-E30 -> -46.746558
A31: 130 | B31: RANGE | C31: 1088232.6 | D31: 1086222.4 | E31: 119.44944 | F31: =IF(D31<>0,D24/D31,0) -> 114.32316 | G31: =D31-C31 -> -2010.247 | H31: =F31-E31 -> -5.126277
C35: 2025 | D35: =D27 -> 2026 | E35: 2025 | F35: =$D$3 -> 2026 | G35: Dollar | H35: % | I35: =$D$3 -> 2026
C36: Fair Market | D36: Fair Market | E36: Assessed | F36: Assessed | G36: Market Value | H36: Assessed Value | I36: Level of
A37: REAL PROPERTY | C37: Value | D37: Value | E37: Value | F37: Value | G37: Change | H37: Change | I37: Assessment
A38: 200 | B38: RESIDENTIAL LAND | C38: 1.6062944e+09 | D38: 1.8829803e+09 | E38: 152599210 | F38: 178884076 | G38: =D38-C38 -> 2.766859e+08 | H38: =IF(E38=0,"",F38/E38-1) -> 0.17224772 | I38: =IF(D38=0,"N/A",F38/D38) -> 0.095000503
A39: 300 | B39: RESIDENTIAL IMPROVED | C39: 7.9459626e+09 | D39: 9.6358536e+09 | E39: 754866645 | F39: 915406338 | G39: =D39-C39 -> 1.689891e+09 | H39: =IF(E39=0,"",F39/E39-1) -> 0.21267292 | I39: =IF(D39=0,"N/A",F39/D39) -> 0.095000026
A40: 400 | B40: COMMERCIAL LAND | C40: 6.1658599e+08 | D40: 6.8418766e+08 | E40: 58575705 | F40: 64997848 | G40: =D40-C40 -> 67601666 | H40: =IF(E40=0,"",F40/E40-1) -> 0.10963834 | I40: =IF(D40=0,"N/A",F40/D40) -> 0.09500003
A41: 500 | B41: COMMERCIAL IMPROVED | C41: 2.6026975e+09 | D41: 2.6845289e+09 | E41: 247256271 | F41: 255030266 | G41: =D41-C41 -> 81831414 | H41: =IF(E41=0,"",F41/E41-1) -> 0.031441043 | I41: =IF(D41=0,"N/A",F41/D41) -> 0.095000006
A42: B | B42: TOTAL REAL PROPERTY | C42: 1.2771541e+10 | D42: =SUM(D38:D41) -> 1.488755e+10 | E42: 1213297831 | F42: =SUM(F38:F41) -> 1414318528 | G42: =SUM(G38:G41) -> 2.1160099e+09 | H42: =IF(E42=0,"",F42/E42-1) -> 0.16568125 | I42: =IF(D42=0,"N/A",F42/D42) -> 0.095000083
C44: 2025 | D44: =$D$3 -> 2026 | E44: 2025 | F44: =$D$3 -> 2026 | G44: Dollar | H44: % | I44: =$D$3 -> 2026
C45: Fair Market | D45: Fair Market | E45: Assessed | F45: Assessed | G45: Market Value | H45: Assessed Value | I45: Level of
A46: PERSONAL PROPERTY | C46: Value | D46: Value | E46: Value | F46: Value | G46: Change | H46: Change | I46: Assessment
A47: 610 | B47: RESIDENTIAL PERSONAL PROPERTY | C47: 60812225 | D47: 84888115 | E47: 5777180 | F47: 8064403 | G47: =D47-C47 -> 24075890 | H47: =IF(E47=0,"",F47/E47-1) -> 0.39590648 | I47: =IF(D47=0,"N/A",F47/D47) -> 0.095000378
A48: 730 | B48: COMMERCAIL PERSONAL PROPERTY | C48: 2318718768 | D48: 2.6157754e+09 | E48: 220278335 | F48: 248498649 | G48: =D48-C48 -> 2.9705664e+08 | H48: =IF(E48=0,"",F48/E48-1) -> 0.12811207 | I48: =IF(D48=0,"N/A",F48/D48) -> 0.094999994
A49: C | B49: TOTAL PERSONAL PROPERTY | C49: 2.379531e+09 | D49: =SUM(D47:D48) -> 2.7006635e+09 | E49: 226055515 | F49: =SUM(F47:F48) -> 256563052 | G49: =SUM(G47:G48) -> 3.2113253e+08 | H49: =IF(E49=0,"",F49/E49-1) -> 0.13495595 | I49: =IF(D49=0,"N/A",F49/D49) -> 0.095000006
C53: 2025 | D53: =$D$3 -> 2026 | E53: 2025 | F53: =$D$3 -> 2026 | G53: Dollar | H53: % | I53: =$D$3 -> 2026
C54: Fair Market | D54: Fair Market | E54: Assessed | F54: Assessed | G54: Market Value | H54: Assessed Value | I54: Level of
A55: INDUSTRIAL PROPERTY | C55: Value | D55: Value | E55: Value | F55: Value | G55: Change | H55: Change | I55: Assessment
A56: 501 | B56: Food Manufacturing | C56: 1996004 | D56: 1622607.4 | E56: 229540 | F56: 186599 | G56: =D56-C56 -> -373396.65 | H56: =IF(E56=0,"",F56/E56-1) -> -0.18707415 | I56: =IF(D56=0,"N/A",F56/D56) -> 0.11499948
A57: 502 | B57: Beverage Manufacturing | C57: 6370397 | D57: 5840911 | E57: 732597 | F57: 671705 | G57: =D57-C57 -> -529486 | H57: =IF(E57=0,"",F57/E57-1) -> -0.083118003 | I57: =IF(D57=0,"N/A",F57/D57) -> 0.11500004
A58: 503 | B58: Tobacco Manufacturing | C58: 0 | D58: 0 | E58: 0 | F58: 0 | G58: =D58-C58 -> 0 | H58: =IF(E58=0,"",F58/E58-1) | I58: =IF(D58=0,"N/A",F58/D58) -> N/A
A59: 504 | B59: Manufacture of Textile Mill Products | C59: 0 | D59: 0 | E59: 0 | F59: 0 | G59: =D59-C59 -> 0 | H59: =IF(E59=0,"",F59/E59-1) | I59: =IF(D59=0,"N/A",F59/D59) -> N/A
A60: 505 | B60: Apparel Manufacturing | C60: 5000 | D60: 0 | E60: 575 | F60: 0 | G60: =D60-C60 -> -5000 | H60: =IF(E60=0,"",F60/E60-1) -> -1 | I60: =IF(D60=0,"N/A",F60/D60) -> N/A
A61: 506 | B61: Leather Manufacturing | C61: 0 | D61: 0 | E61: 0 | F61: 0 | G61: =D61-C61 -> 0 | H61: =IF(E61=0,"",F61/E61-1) | I61: =IF(D61=0,"N/A",F61/D61) -> N/A
A62: 507 | B62: Wood Product Manufacturing | C62: 9151091 | D62: 9018771 | E62: 1052375 | F62: 1037157 | G62: =D62-C62 -> -132320 | H62: =IF(E62=0,"",F62/E62-1) -> -0.014460625 | I62: =IF(D62=0,"N/A",F62/D62) -> 0.11499982
A63: 508 | B63: Paper Manufacturing | C63: 0 | D63: 0 | E63: 0 | F63: 0 | G63: =D63-C63 -> 0 | H63: =IF(E63=0,"",F63/E63-1) | I63: =IF(D63=0,"N/A",F63/D63) -> N/A
A64: 509 | B64: Printing - Newspapers, Books etc. | C64: 14059610 | D64: 13743043 | E64: 1616855 | F64: 1580451 | G64: =D64-C64 -> -316567.1 | H64: =IF(E64=0,"",F64/E64-1) -> -0.022515315 | I64: =IF(D64=0,"N/A",F64/D64) -> 0.11500008
A65: 510 | B65: Chemical Manufacturing | C65: 211346251 | D65: 3.1588205e+08 | E65: 24304819 | F65: 36326439 | G65: =D65-C65 -> 1.045358e+08 | H65: =IF(E65=0,"",F65/E65-1) -> 0.49461878 | I65: =IF(D65=0,"N/A",F65/D65) -> 0.11500001
A66: 511 | B66: Plastic & Rubber Product Manufacturing | C66: 3679952 | D66: 3444132 | E66: 423194 | F66: 396075 | G66: =D66-C66 -> -235820 | H66: =IF(E66=0,"",F66/E66-1) -> -0.064081721 | I66: =IF(D66=0,"N/A",F66/D66) -> 0.11499995
A67: 512 | B67: Non-Metallic Mineral Product Manufacturing | C67: 25635635 | D67: 25969320 | E67: 2948097 | F67: 2986469 | G67: =D67-C67 -> 333685 | H67: =IF(E67=0,"",F67/E67-1) -> 0.013015854 | I67: =IF(D67=0,"N/A",F67/D67) -> 0.11499989
... A86: 532 | B86: Pollution Control & Fire Exemptions Granted | C86: 28714980 | D86: 29382140 | E86: 13652222 | F86: 3378917 | G86: =D86-C86 -> 667160 | H86: =IF(E86=0,"",F86/E86-1) -> -0.75250058 | I86: =IF(D86=0,"N/A",F86/D86) -> 0.11499901
A87: D | B87: TOTAL INDUSTRIAL | C87: 2007798244 | D87: =SUM(D56:D85) -> 2.0500156e+09 | E87: 230896810 | F87: =SUM(F56:F85) -> 235751794 | G87: =SUM(G56:G85) -> 42217320 | H87: =IF(E87=0,"",F87/E87-1) -> 0.02102664 | I87: =IF(D87=0,"N/A",F87/D87) -> 0.115

Sheet Lincoln Value
A1: ="LINCOLN COUNTY "&D3 -> LINCOLN COUNTY 2026
C3: 2025 | D3: ='Albany Value'!D3 -> 2026 | E3: 2025 | F3: =$D$3 -> 2026 | I3: =$D$3 -> 2026
C4: Productive | D4: Productive | E4: Assessed | F4: Assessed | G4: Productive Value | H4: Assessed Value | I4: Level of
A5: LINE | B5: CLASSIFICATION | C5: Value | D5: Value | E5: Value | F5: Value | G5: Change | H5: % Change | I5: Assessment
A6: A | B6: AGRICULTRAL LAND | C6: 171030778 | D6: =D25 -> 148968281 | E6: 16247965 | F6: =F25 -> 14152065 | G6: =D6-C6 -> -22062497 | H6: =IF(E6=0,"",F6/E6-1) -> -0.12899462 | I6: =IF(D6=0,"N/A",F6/D6) -> 0.095000526
A7: B | B7: REAL PROPERTY | C7: 4.8673717e+09 | D7: =D42 -> 5.6351881e+09 | E7: 462400595 | F7: =F42 -> 535343216 | G7: =D7-C7 -> 7.6781638e+08 | H7: =IF(E7=0,"",F7/E7-1) -> 0.15774768 | I7: =IF(D7=0,"N/A",F7/D7) -> 0.095000062
A8: C | B8: PERSONAL PROPERTY | C8: 1.1117214e+08 | D8: =D49 -> 1.1308575e+08 | E8: 10561379 | F8: =F49 -> 10743157 | G8: =D8-C8 -> 1913603 | H8: =IF(E8=0,"",F8/E8-1) -> 0.017211578 | I8: =IF(D8=0,"N/A",F8/D8) -> 0.095000098
A9: D | B9: INDUSTRIAL PROPERTY | C9: 1482947426 | D9: =D87 -> 1.4961225e+09 | E9: 170538988 | F9: =F87 -> 172054083 | G9: =D9-C9 -> 13175085 | H9: =IF(E9=0,"",F9/E9-1) -> 0.0088841562 | I9: =IF(D9=0,"N/A",F9/D9) -> 0.115
B10: STATE ASSESSED - MINERALS | C10: 169870392 | D10: ='STATE ASSESSED'!C16 -> 135012158 | E10: 169870392 | F10: =D10 -> 135012158 | G10: =D10-C10 -> -34858234 | H10: =IF(E10=0,"",F10/E10-1) -> -0.20520488 | I10: =IF(D10=0,"N/A",F10/D10) -> 1
B11: STATE ASSESSED - OTHER | C11: 659374246 | D11: ='STATE ASSESSED'!F16 -> 660664952 | E11: 75099352 | F11: ='STATE ASSESSED'!I16 -> 75397359 | G11: =D11-C11 -> 1290706 | H11: =IF(E11=0,"",F11/E11-1) -> 0.0039681701 | I11: =F11/D11 -> 0.11412344 | J11: *
H12: =IF(E12=0,"",F12/E12-1)
B13: LOCALLY ASSESSED VALUATION | C13: 6.632522e+09 | D13: =SUM(D6:D9) -> 7.3933646e+09 | E13: 659748927 | F13: =SUM(F6:F9) -> 732292521 | G13: =SUM(G6:G9) -> 7.6084258e+08 | H13: =IF(E13=0,"",F13/E13-1) -> 0.10995637
B14: STATE ASSESSED VALUATION | C14: 829244638 | D14: =SUM(D10:D11) -> 795677110 | E14: 244969744 | F14: =SUM(F10:F11) -> 210409517 | G14: =SUM(G10:G11) -> -33567528 | H14: =IF(E14=0,"",F14/E14-1) -> -0.14107957
B15: TOTAL VALUATION | C15: 7.4617667e+09 | D15: =SUM(D13:D14) -> 8.1890417e+09 | E15: 904718671 | F15: =SUM(F13:F14) -> 942702038 | G15: =SUM(G13:G14) -> 7.2727505e+08 | H15: =IF(E15=0,"",F15/E15-1) -> 0.041983622
A18: * Telephone and cable are taxed at 9.5%. All others are taxed at 11.5%.
C19: 2025 | D19: =$D$3 -> 2026 | E19: 2025 | F19: =$D$3 -> 2026 | I19: =$D$3 -> 2026
C20: Productive | D20: Productive | E20: Assessed | F20: Assessed | G20: Productive Value | H20: Assessed Value | I20: Level of
A21: AGRICULTURAL LANDS | C21: Value | D21: Value | E21: Value | F21: Value | G21: Change | H21: % Change | I21: Assessment
A22: 110 | B22: IRRIGATED | C22: 129340542 | D22: 109839690 | E22: 12287354 | F22: 10434807 | G22: =D22-C22 -> -19500852 | H22: =IF(E22=0,"",F22/E22-1) -> -0.15076859 | I22: =IF(D22=0,"N/A",F22/D22) -> 0.095000332
A23: 120 | B23: DRY CROP | C23: 7323788 | D23: 6416649 | E23: 695766 | F23: 609584 | G23: =D23-C23 -> -907139 | H23: =IF(E23=0,"",F23/E23-1) -> -0.12386636 | I23: =IF(D23=0,"N/A",F23/D23) -> 0.095000365
A24: 130 | B24: RANGE | C24: 34366448 | D24: 32711942 | E24: 3264845 | F24: 3107674 | G24: =D24-C24 -> -1654506 | H24: =IF(E24=0,"",F24/E24-1) -> -0.048140417 | I24: =IF(D24=0,"N/A",F24/D24) -> 0.095001208
A25: A | B25: TOTAL AG LANDS | C25: 171030778 | D25: =SUM(D22:D24) -> 148968281 | E25: 16247965 | F25: =SUM(F22:F24) -> 14152065 | G25: =SUM(G22:G24) -> -22062497 | H25: =IF(E25=0,"",F25/E25-1) -> -0.12899462 | I25: =IF(D25=0,"N/A",F25/D25) -> 0.095000526
C27: 2025 | D27: =$D$3 -> 2026 | E27: 2025 | F27: =$D$3 -> 2026
A28: AG ACREAGE | C28: Acres | D28: Acres | E28: Value/Acre | F28: Value/Acre | G28: Acre Change | H28: Value/Acre Change
A29: 110 | B29: IRRIGATED | C29: 74972.745 | D29: 74830.935 | E29: 1725.1675 | F29: =IF(D29<>0,D22/D29,0) -> 1467.838 | G29: =D29-C29 -> -141.81 | H29: =F29-E29 -> -257.32948
A30: 120 | B30: DRY CROP | C30: 18738.45 | D30: 18615.09 | E30: 390.84279 | F30: =IF(D30<>0,D23/D30,0) -> 344.70148 | G30: =D30-C30 -> -123.36 | H30: =F30-E30 -> -46.14131
A31: 130 | B31: RANGE | C31: 394330.92 | D31: 393973.5 | E31: 87.15129 | F31: =IF(D31<>0,D24/D31,0) -> 83.030819 | G31: =D31-C31 -> -357.42002 | H31: =F31-E31 -> -4.120471
C35: 2025 | D35: =$D$3 -> 2026 | E35: 2025 | F35: =$D$3 -> 2026 | G35: Dollar | H35: % | I35: =$D$3 -> 2026
C36: Fair Market | D36: Fair Market | E36: Assessed | F36: Assessed | G36: Market Value | H36: Assessed Value | I36: Level of
A37: REAL PROPERTY | C37: Value | D37: Value | E37: Value | F37: Value | G37: Change | H37: Change | I37: Assessment
A38: 200 | B38: RESIDENTIAL LAND | C38: 1.2690379e+09 | D38: 1.4332496e+09 | E38: 120558784 | F38: 136159022 | G38: =D38-C38 -> 1.6421168e+08 | H38: =IF(E38=0,"",F38/E38-1) -> 0.12939943 | I38: =IF(D38=0,"N/A",F38/D38) -> 0.095000215
A39: 300 | B39: RESIDENTIAL IMPROVED | C39: 3.1242339e+09 | D39: 3.6926518e+09 | E39: 296802316 | F39: 350801938 | G39: =D39-C39 -> 5.6841788e+08 | H39: =IF(E39=0,"",F39/E39-1) -> 0.18193801 | I39: =IF(D39=0,"N/A",F39/D39) -> 0.095000005
A40: 400 | B40: COMMERCIAL LAND | C40: 153367578 | D40: 158217262 | E40: 14569947 | F40: 15030669 | G40: =D40-C40 -> 4849684 | H40: =IF(E40=0,"",F40/E40-1) -> 0.031621392 | I40: =IF(D40=0,"N/A",F40/D40) -> 0.095000184
A41: 500 | B41: COMMERCIAL IMPROVED | C41: 320732257 | D41: 351069398 | E41: 30469548 | F41: 33351587 | G41: =D41-C41 -> 30337141 | H41: =IF(E41=0,"",F41/E41-1) -> 0.094587521 | I41: =IF(D41=0,"N/A",F41/D41) -> 0.094999983
A42: B | B42: TOTAL REAL PROPERTY | C42: 4.8673717e+09 | D42: =SUM(D38:D41) -> 5.6351881e+09 | E42: 462400595 | F42: =SUM(F38:F41) -> 535343216 | G42: =SUM(G38:G41) -> 7.6781638e+08 | H42: =IF(E42=0,"",F42/E42-1) -> 0.15774768 | I42: =IF(D42=0,"N/A",F42/D42) -> 0.095000062
C44: 2025 | D44: =$D$3 -> 2026 | E44: 2025 | F44: =$D$3 -> 2026 | G44: Dollar | H44: % | I44: =$D$3 -> 2026
C45: Fair Market | D45: Fair Market | E45: Assessed | F45: Assessed | G45: Market Value | H45: Assessed Value | I45: Level of
A46: PERSONAL PROPERTY | C46: Value | D46: Value | E46: Value | F46: Value | G46: Change | H46: Change | I46: Assessment
A47: 610 | B47: RESIDENTIAL PERSONAL PROPERTY | C47: 35928517 | D47: 48985415 | E47: 3413218 | F47: 4653625 | G47: =D47-C47 -> 13056898 | H47: =IF(E47=0,"",F47/E47-1) -> 0.36341277 | I47: =IF(D47=0,"N/A",F47/D47) -> 0.095000216
A48: 730 | B48: COMMERCAIL PERSONAL PROPERTY | C48: 75243627 | D48: 64100332 | E48: 7148161 | F48: 6089532 | G48: =D48-C48 -> -11143295 | H48: =IF(E48=0,"",F48/E48-1) -> -0.14809809 | I48: =IF(D48=0,"N/A",F48/D48) -> 0.095000007
A49: C | B49: TOTAL PERSONAL PROPERTY | C49: 1.1117214e+08 | D49: =SUM(D47:D48) -> 1.1308575e+08 | E49: 10561379 | F49: =SUM(F47:F48) -> 10743157 | G49: =SUM(G47:G48) -> 1913603 | H49: =IF(E49=0,"",F49/E49-1) -> 0.017211578 | I49: =IF(D49=0,"N/A",F49/D49) -> 0.095000098
C53: 2025 | D53: =$D$3 -> 2026 | E53: 2025 | F53: =$D$3 -> 2026 | G53: Dollar | H53: % | I53: =$D$3 -> 2026
C54: Fair Market | D54: Fair Market | E54: Assessed | F54: Assessed | G54: Market Value | H54: Assessed Value | I54: Level of
A55: INDUSTRIAL PROPERTY | C55: Value | D55: Value | E55: Value | F55: Value | G55: Change | H55: Change | I55: Assessment
A56: 501 | B56: Food Manufacturing | C56: 0 | D56: 0 | E56: 0 | F56: 0 | G56: =D56-C56 -> 0 | H56: =IF(E56=0,"",F56/E56-1) | I56: =IF(D56=0,"N/A",F56/D56) -> N/A
A57: 502 | B57: Beverage Manufacturing | C57: 5429936 | D57: 5461386 | E57: 624442 | F57: 628059 | G57: =D57-C57 -> 31450 | H57: =IF(E57=0,"",F57/E57-1) -> 0.0057923714 | I57: =IF(D57=0,"N/A",F57/D57) -> 0.11499993
A58: 503 | B58: Tobacco Manufacturing | C58: 0 | D58: 0 | E58: 0 | F58: 0 | G58: =D58-C58 -> 0 | H58: =IF(E58=0,"",F58/E58-1) | I58: =IF(D58=0,"N/A",F58/D58) -> N/A
A59: 504 | B59: Manufacture of Textile Mill Products | C59: 0 | D59: 0 | E59: 0 | F59: 0 | G59: =D59-C59 -> 0 | H59: =IF(E59=0,"",F59/E59-1) | I59: =IF(D59=0,"N/A",F59/D59) -> N/A
A60: 505 | B60: Apparel Manufacturing | C60: 0 | D60: 0 | E60: 0 | F60: 0 | G60: =D60-C60 -> 0 | H60: =IF(E60=0,"",F60/E60-1) | I60: =IF(D60=0,"N/A",F60/D60) -> N/A
A61: 506 | B61: Leather Manufacturing | C61: 0 | D61: 0 | E61: 0 | F61: 0 | G61: =D61-C61 -> 0 | H61: =IF(E61=0,"",F61/E61-1) | I61: =IF(D61=0,"N/A",F61/D61) -> N/A
A62: 507 | B62: Wood Product Manufacturing | C62: 167414 | D62: 156754 | E62: 19253 | F62: 18027 | G62: =D62-C62 -> -10660 | H62: =IF(E62=0,"",F62/E62-1) -> -0.063678388 | I62: =IF(D62=0,"N/A",F62/D62) -> 0.11500185
A63: 508 | B63: Paper Manufacturing | C63: 0 | D63: 0 | E63: 0 | F63: 0 | G63: =D63-C63 -> 0 | H63: =IF(E63=0,"",F63/E63-1) | I63: =IF(D63=0,"N/A",F63/D63) -> N/A
A64: 509 | B64: Printing - Newspapers, Books etc. | C64: 0 | D64: 0 | E64: 0 | F64: 0 | G64: =D64-C64 -> 0 | H64: =IF(E64=0,"",F64/E64-1) | I64: =IF(D64=0,"N/A",F64/D64) -> N/A
A65: 510 | B65: Chemical Manufacturing | C65: 13045603 | D65: 13803693 | E65: 1500246 | F65: 1587425 | G65: =D65-C65 -> 758090 | H65: =IF(E65=0,"",F65/E65-1) -> 0.058109803 | I65: =IF(D65=0,"N/A",F65/D65) -> 0.11500002
A66: 511 | B66: Plastic & Rubber Product Manufacturing | C66: 795239 | D66: 795239 | E66: 91453 | F66: 91453 | G66: =D66-C66 -> 0 | H66: =IF(E66=0,"",F66/E66-1) -> 0 | I66: =IF(D66=0,"N/A",F66/D66) -> 0.11500065
A67: 512 | B67: Non-Metallic Mineral Product Manufacturing | C67: 1282431 | D67: 1462296 | E67: 147481 | F67: 168165 | G67: =D67-C67 -> 179865 | H67: =IF(E67=0,"",F67/E67-1) -> 0.14024857 | I67: =IF(D67=0,"N/A",F67/D67) -> 0.11500066
... A86: 532 | B86: Pollution Control & Fire Exemptions Granted | C86: 2.3716367e+08 | D86: 222562760 | E86: 27273822 | F86: 25594718 | G86: =D86-C86 -> -14600910 | H86: =IF(E86=0,"",F86/E86-1) -> -0.061564675 | I86: =IF(D86=0,"N/A",F86/D86) -> 0.115
A87: D | B87: TOTAL INDUSTRIAL | C87: 1482947426 | D87: =SUM(D56:D85) -> 1.4961225e+09 | E87: 170538988 | F87: =SUM(F56:F85) -> 172054083 | G87: =SUM(G56:G85) -> 13175085 | H87: =IF(E87=0,"",F87/E87-1) -> 0.0088841562 | I87: =IF(D87=0,"N/A",F87/D87) -> 0.115

Sheet Natrona Value
A1: ="NATRONA COUNTY "&D3 -> NATRONA COUNTY 2026
C3: 2025 | D3: ='Albany Value'!D3 -> 2026 | E3: 2025 | F3: =$D$3 -> 2026 | I3: =$D$3 -> 2026
C4: Productive | D4: Productive | E4: Assessed | F4: Assessed | G4: Productive Value | H4: Assessed Value | I4: Level of
A5: LINE | B5: CLASSIFICATION | C5: Value | D5: Value | E5: Value | F5: Value | G5: Change | H5: % Change | I5: Assessment
A6: A | B6: AGRICULTRAL LAND | C6: 1.3496771e+08 | D6: =D25 -> 1.2724299e+08 | E6: 12821998 | F6: =F25 -> 12088124 | G6: =D6-C6 -> -7724715.3 | H6: =IF(E6=0,"",F6/E6-1) -> -0.057235542 | I6: =IF(D6=0,"N/A",F6/D6) -> 0.095000311
A7: B | B7: REAL PROPERTY | C7: 9.0692184e+09 | D7: =D42 -> 1.0365707e+10 | E7: 861575688 | F7: =F42 -> 984742233 | G7: =D7-C7 -> 1.2964882e+09 | H7: =IF(E7=0,"",F7/E7-1) -> 0.14295499 | I7: =IF(D7=0,"N/A",F7/D7) -> 0.09500001
A8: C | B8: PERSONAL PROPERTY | C8: 5.5129133e+08 | D8: =D49 -> 4.9918723e+08 | E8: 52372690 | F8: =F49 -> 47422807 | G8: =D8-C8 -> -52104099 | H8: =IF(E8=0,"",F8/E8-1) -> -0.094512674 | I8: =IF(D8=0,"N/A",F8/D8) -> 0.09500004
A9: D | B9: INDUSTRIAL PROPERTY | C9: 1103747511 | D9: =D87 -> 1.0156149e+09 | E9: 126930968 | F9: =F87 -> 116795712 | G9: =D9-C9 -> -88132641 | H9: =IF(E9=0,"",F9/E9-1) -> -0.079848568 | I9: =IF(D9=0,"N/A",F9/D9) -> 0.115
B10: STATE ASSESSED - MINERALS | C10: 295362060 | D10: ='STATE ASSESSED'!C17 -> 240873177 | E10: 295362060 | F10: =D10 -> 240873177 | G10: =D10-C10 -> -54488883 | H10: =IF(E10=0,"",F10/E10-1) -> -0.18448166 | I10: =IF(D10=0,"N/A",F10/D10) -> 1
B11: STATE ASSESSED - OTHER | C11: 666722203 | D11: ='STATE ASSESSED'!F17 -> 693694162 | E11: 75244848 | F11: ='STATE ASSESSED'!I17 -> 78425293 | G11: =D11-C11 -> 26971959 | H11: =IF(E11=0,"",F11/E11-1) -> 0.042267944 | I11: =F11/D11 -> 0.11305457 | J11: *
H12: =IF(E12=0,"",F12/E12-1)
B13: LOCALLY ASSESSED VALUATION | C13: 1.0859225e+10 | D13: =SUM(D6:D9) -> 1.2007752e+10 | E13: 1053701344 | F13: =SUM(F6:F9) -> 1161048876 | G13: =SUM(G6:G9) -> 1.1485268e+09 | H13: =IF(E13=0,"",F13/E13-1) -> 0.10187662
B14: STATE ASSESSED VALUATION | C14: 962084263 | D14: =SUM(D10:D11) -> 934567339 | E14: 370606908 | F14: =SUM(F10:F11) -> 319298470 | G14: =SUM(G10:G11) -> -27516924 | H14: =IF(E14=0,"",F14/E14-1) -> -0.13844436
B15: TOTAL VALUATION | C15: 1.1821309e+10 | D15: =SUM(D13:D14) -> 1.2942319e+10 | E15: 1424308252 | F15: =SUM(F13:F14) -> 1480347346 | G15: =SUM(G13:G14) -> 1.1210099e+09 | H15: =IF(E15=0,"",F15/E15-1) -> 0.039344779
A18: * Telephone and cable are taxed at 9.5%. All others are taxed at 11.5%.
C19: 2025 | D19: =$D$3 -> 2026 | E19: 2025 | F19: =$D$3 -> 2026 | I19: =$D$3 -> 2026
C20: Productive | D20: Productive | E20: Assessed | F20: Assessed | G20: Productive Value | H20: Assessed Value | I20: Level of
A21: AGRICULTURAL LANDS | C21: Value | D21: Value | E21: Value | F21: Value | G21: Change | H21: % Change | I21: Assessment
A22: 110 | B22: IRRIGATED | C22: 34676018 | D22: 30301084 | E22: 3294220 | F22: 2878602 | G22: =D22-C22 -> -4374933.3 | H22: =IF(E22=0,"",F22/E22-1) -> -0.12616583 | I22: =IF(D22=0,"N/A",F22/D22) -> 0.094999967
A23: 120 | B23: DRY CROP | C23: 221473 | D23: 194978 | E23: 21040 | F23: 18524 | G23: =D23-C23 -> -26495 | H23: =IF(E23=0,"",F23/E23-1) -> -0.11958175 | I23: =IF(D23=0,"N/A",F23/D23) -> 0.09500559
A24: 130 | B24: RANGE | C24: 1.0007022e+08 | D24: 96746931 | E24: 9506738 | F24: 9190998 | G24: =D24-C24 -> -3323287 | H24: =IF(E24=0,"",F24/E24-1) -> -0.033212233 | I24: =IF(D24=0,"N/A",F24/D24) -> 0.095000408
A25: A | B25: TOTAL AG LANDS | C25: 1.3496771e+08 | D25: =SUM(D22:D24) -> 1.2724299e+08 | E25: 12821998 | F25: =SUM(F22:F24) -> 12088124 | G25: =SUM(G22:G24) -> -7724715.3 | H25: =IF(E25=0,"",F25/E25-1) -> -0.057235542 | I25: =IF(D25=0,"N/A",F25/D25) -> 0.095000311
C27: 2025 | D27: =$D$3 -> 2026 | E27: 2025 | F27: =$D$3 -> 2026
A28: AG ACREAGE | C28: Acres | D28: Acres | E28: Value/Acre | F28: Value/Acre | G28: Acre Change | H28: Value/Acre Change
A29: 110 | B29: IRRIGATED | C29: 19403.81 | D29: 19763.74 | E29: 1787.0726 | F29: =IF(D29<>0,D22/D29,0) -> 1533.1655 | G29: =D29-C29 -> 359.93 | H29: =F29-E29 -> -253.90712
A30: 120 | B30: DRY CROP | C30: 529.12 | D30: 529.12 | E30: 418.56857 | F30: =IF(D30<>0,D23/D30,0) -> 368.49486 | G30: =D30-C30 -> 0 | H30: =F30-E30 -> -50.073707
A31: 130 | B31: RANGE | C31: 1271969.7 | D31: 1287541.7 | E31: 78.673433 | F31: =IF(D31<>0,D24/D31,0) -> 75.140814 | G31: =D31-C31 -> 15572.049 | H31: =F31-E31 -> -3.5326185
C35: 2025 | D35: =$D$3 -> 2026 | E35: 2025 | F35: =$D$3 -> 2026 | G35: Dollar | H35: % | I35: =$D$3 -> 2026
C36: Fair Market | D36: Fair Market | E36: Assessed | F36: Assessed | G36: Market Value | H36: Assessed Value | I36: Level of
A37: REAL PROPERTY | C37: Value | D37: Value | E37: Value | F37: Value | G37: Change | H37: Change | I37: Assessment
A38: 200 | B38: RESIDENTIAL LAND | C38: 1.397235e+09 | D38: 1.5274682e+09 | E38: 132737191 | F38: 145109553 | G38: =D38-C38 -> 1.3023323e+08 | H38: =IF(E38=0,"",F38/E38-1) -> 0.093209461 | I38: =IF(D38=0,"N/A",F38/D38) -> 0.095000048
A39: 300 | B39: RESIDENTIAL IMPROVED | C39: 4.7345811e+09 | D39: 5.7618152e+09 | E39: 449785222 | F39: 547372375 | G39: =D39-C39 -> 1.0272341e+09 | H39: =IF(E39=0,"",F39/E39-1) -> 0.21696389 | I39: =IF(D39=0,"N/A",F39/D39) -> 0.094999989
A40: 400 | B40: COMMERCIAL LAND | C40: 5.4343094e+08 | D40: 6.0705321e+08 | E40: 51625937 | F40: 57670162 | G40: =D40-C40 -> 63622276 | H40: =IF(E40=0,"",F40/E40-1) -> 0.11707729 | I40: =IF(D40=0,"N/A",F40/D40) -> 0.095000176
A41: 500 | B41: COMMERCIAL IMPROVED | C41: 2393971363 | D41: 2.46937e+09 | E41: 227427338 | F41: 234590143 | G41: =D41-C41 -> 75398678 | H41: =IF(E41=0,"",F41/E41-1) -> 0.031494916 | I41: =IF(D41=0,"N/A",F41/D41) -> 0.094999996
A42: B | B42: TOTAL REAL PROPERTY | C42: 9.0692184e+09 | D42: =SUM(D38:D41) -> 1.0365707e+10 | E42: 861575688 | F42: =SUM(F38:F41) -> 984742233 | G42: =SUM(G38:G41) -> 1.2964882e+09 | H42: =IF(E42=0,"",F42/E42-1) -> 0.14295499 | I42: =IF(D42=0,"N/A",F42/D42) -> 0.09500001
C44: 2025 | D44: =$D$3 -> 2026 | E44: 2025 | F44: =$D$3 -> 2026 | G44: Dollar | H44: % | I44: =$D$3 -> 2026
C45: Fair Market | D45: Fair Market | E45: Assessed | F45: Assessed | G45: Market Value | H45: Assessed Value | I45: Level of
A46: PERSONAL PROPERTY | C46: Value | D46: Value | E46: Value | F46: Value | G46: Change | H46: Change | I46: Assessment
A47: 610 | B47: RESIDENTIAL PERSONAL PROPERTY | C47: 51719035 | D47: 72624071 | E47: 4913313 | F47: 6899290 | G47: =D47-C47 -> 20905036 | H47: =IF(E47=0,"",F47/E47-1) -> 0.40420323 | I47: =IF(D47=0,"N/A",F47/D47) -> 0.095000045
A48: 730 | B48: COMMERCAIL PERSONAL PROPERTY | C48: 499572295 | D48: 4.2656316e+08 | E48: 47459377 | F48: 40523517 | G48: =D48-C48 -> -73009136 | H48: =IF(E48=0,"",F48/E48-1) -> -0.14614309 | I48: =IF(D48=0,"N/A",F48/D48) -> 0.09500004
A49: C | B49: TOTAL PERSONAL PROPERTY | C49: 5.5129133e+08 | D49: =SUM(D47:D48) -> 4.9918723e+08 | E49: 52372690 | F49: =SUM(F47:F48) -> 47422807 | G49: =SUM(G47:G48) -> -52104099 | H49: =IF(E49=0,"",F49/E49-1) -> -0.094512674 | I49: =IF(D49=0,"N/A",F49/D49) -> 0.09500004
C53: 2025 | D53: =$D$3 -> 2026 | E53: 2025 | F53: =$D$3 -> 2026 | G53: Dollar | H53: % | I53: =$D$3 -> 2026
C54: Fair Market | D54: Fair Market | E54: Assessed | F54: Assessed | G54: Market Value | H54: Assessed Value | I54: Level of
A55: INDUSTRIAL PROPERTY | C55: Value | D55: Value | E55: Value | F55: Value | G55: Change | H55: Change | I55: Assessment
A56: 501 | B56: Food Manufacturing | C56: 1833575 | D56: 1739911.5 | E56: 210860 | F56: 200089 | G56: =D56-C56 -> -93663.5 | H56: =IF(E56=0,"",F56/E56-1) -> -0.051081286 | I56: =IF(D56=0,"N/A",F56/D56) -> 0.11499953
A57: 502 | B57: Beverage Manufacturing | C57: 291036 | D57: 129099.64 | E57: 33469 | F57: 14846 | G57: =D57-C57 -> -161936.36 | H57: =IF(E57=0,"",F57/E57-1) -> -0.55642535 | I57: =IF(D57=0,"N/A",F57/D57) -> 0.11499645
A58: 503 | B58: Tobacco Manufacturing | C58: 0 | D58: 0 | E58: 0 | F58: 0 | G58: =D58-C58 -> 0 | H58: =IF(E58=0,"",F58/E58-1) | I58: =IF(D58=0,"N/A",F58/D58) -> N/A
A59: 504 | B59: Manufacture of Textile Mill Products | C59: 0 | D59: 0 | E59: 0 | F59: 0 | G59: =D59-C59 -> 0 | H59: =IF(E59=0,"",F59/E59-1) | I59: =IF(D59=0,"N/A",F59/D59) -> N/A
A60: 505 | B60: Apparel Manufacturing | C60: 858647 | D60: 1016982 | E60: 98744 | F60: 116953 | G60: =D60-C60 -> 158335 | H60: =IF(E60=0,"",F60/E60-1) -> 0.18440614 | I60: =IF(D60=0,"N/A",F60/D60) -> 0.11500007
A61: 506 | B61: Leather Manufacturing | C61: 0 | D61: 0 | E61: 0 | F61: 0 | G61: =D61-C61 -> 0 | H61: =IF(E61=0,"",F61/E61-1) | I61: =IF(D61=0,"N/A",F61/D61) -> N/A
A62: 507 | B62: Wood Product Manufacturing | C62: 2242503 | D62: 2451365.7 | E62: 257888 | F62: 281907 | G62: =D62-C62 -> 208862.74 | H62: =IF(E62=0,"",F62/E62-1) -> 0.093137331 | I62: =IF(D62=0,"N/A",F62/D62) -> 0.11499998
A63: 508 | B63: Paper Manufacturing | C63: 0 | D63: 0 | E63: 0 | F63: 0 | G63: =D63-C63 -> 0 | H63: =IF(E63=0,"",F63/E63-1) | I63: =IF(D63=0,"N/A",F63/D63) -> N/A
A64: 509 | B64: Printing - Newspapers, Books etc. | C64: 7281513 | D64: 7460293.5 | E64: 837373 | F64: 857933 | G64: =D64-C64 -> 178780.48 | H64: =IF(E64=0,"",F64/E64-1) -> 0.024552977 | I64: =IF(D64=0,"N/A",F64/D64) -> 0.1149999
A65: 510 | B65: Chemical Manufacturing | C65: 10103694 | D65: 11925657 | E65: 1161924 | F65: 1371451 | G65: =D65-C65 -> 1821963 | H65: =IF(E65=0,"",F65/E65-1) -> 0.18032763 | I65: =IF(D65=0,"N/A",F65/D65) -> 0.11500004
A66: 511 | B66: Plastic & Rubber Product Manufacturing | C66: 14281447 | D66: 19850083 | E66: 1642367 | F66: 2282760 | G66: =D66-C66 -> 5568636 | H66: =IF(E66=0,"",F66/E66-1) -> 0.38992077 | I66: =IF(D66=0,"N/A",F66/D66) -> 0.11500002
A67: 512 | B67: Non-Metallic Mineral Product Manufacturing | C67: 14099688 | D67: 15050599 | E67: 1621466 | F67: 1730820 | G67: =D67-C67 -> 950911.04 | H67: =IF(E67=0,"",F67/E67-1) -> 0.067441439 | I67: =IF(D67=0,"N/A",F67/D67) -> 0.11500007
... A86: 532 | B86: Pollution Control & Fire Exemptions Granted | C86: 14180810 | D86: 12599558 | E86: 1630793.2 | F86: 1684595.9 | G86: =D86-C86 -> -1581252 | H86: =IF(E86=0,"",F86/E86-1) -> 0.032991768 | I86: =IF(D86=0,"N/A",F86/D86) -> 0.13370278
A87: D | B87: TOTAL INDUSTRIAL | C87: 1103747511 | D87: =SUM(D56:D85) -> 1.0156149e+09 | E87: 126930968 | F87: =SUM(F56:F85) -> 116795712 | G87: =SUM(G56:G85) -> -88132641 | H87: =IF(E87=0,"",F87/E87-1) -> -0.079848568 | I87: =IF(D87=0,"N/A",F87/D87) -> 0.115
C88: 9.6781826e+08 | E88: 111299104

Sheet Niobrara Value
A1: ="NIOBRARA COUNTY "&D3 -> NIOBRARA COUNTY 2026
C3: 2025 | D3: ='Albany Value'!D3 -> 2026 | E3: 2025 | F3: =$D$3 -> 2026 | I3: =$D$3 -> 2026
C4: Productive | D4: Productive | E4: Assessed | F4: Assessed | G4: Productive Value | H4: Assessed Value | I4: Level of
A5: LINE | B5: CLASSIFICATION | C5: Value | D5: Value | E5: Value | F5: Value | G5: Change | H5: % Change | I5: Assessment
A6: A | B6: AGRICULTRAL LAND | C6: 156425611 | D6: =D25 -> 141320515 | E6: 14860444 | F6: =F25 -> 13425493 | G6: =D6-C6 -> -15105096 | H6: =IF(E6=0,"",F6/E6-1) -> -0.096561785 | I6: =IF(D6=0,"N/A",F6/D6) -> 0.095000312
A7: B | B7: REAL PROPERTY | C7: 1.7559907e+08 | D7: =D42 -> 2.0632522e+08 | E7: 16682042 | F7: =F42 -> 19600982 | G7: =D7-C7 -> 30726148 | H7: =IF(E7=0,"",F7/E7-1) -> 0.17497498 | I7: =IF(D7=0,"N/A",F7/D7) -> 0.095000418
A8: C | B8: PERSONAL PROPERTY | C8: 22872174 | D8: =D49 -> 12806872 | E8: 2172866 | F8: =F49 -> 1216653 | G8: =D8-C8 -> -10065302 | H8: =IF(E8=0,"",F8/E8-1) -> -0.44006994 | I8: =IF(D8=0,"N/A",F8/D8) -> 0.095000014
A9: D | B9: INDUSTRIAL PROPERTY | C9: 27615156 | D9: =D87 -> 26221624 | E9: 3175745 | F9: =F87 -> 3015488 | G9: =D9-C9 -> -1393532 | H9: =IF(E9=0,"",F9/E9-1) -> -0.050462805 | I9: =IF(D9=0,"N/A",F9/D9) -> 0.11500005
B10: STATE ASSESSED - MINERALS | C10: 81105823 | D10: ='STATE ASSESSED'!C18 -> 96637504 | E10: 81105823 | F10: =D10 -> 96637504 | G10: =D10-C10 -> 15531681 | H10: =IF(E10=0,"",F10/E10-1) -> 0.19149896 | I10: =IF(D10=0,"N/A",F10/D10) -> 1
B11: STATE ASSESSED - OTHER | C11: 788745994 | D11: ='STATE ASSESSED'!F18 -> 844175266 | E11: 90617988 | F11: ='STATE ASSESSED'!I18 -> 97014902 | G11: =D11-C11 -> 55429272 | H11: =IF(E11=0,"",F11/E11-1) -> 0.070592099 | I11: =F11/D11 -> 0.1149227 | J11: *
H12: =IF(E12=0,"",F12/E12-1)
B13: LOCALLY ASSESSED VALUATION | C13: 3.8251201e+08 | D13: =SUM(D6:D9) -> 3.8667423e+08 | E13: 36891097 | F13: =SUM(F6:F9) -> 37258616 | G13: =SUM(G6:G9) -> 4162217.5 | H13: =IF(E13=0,"",F13/E13-1) -> 0.0099622681
B14: STATE ASSESSED VALUATION | C14: 869851817 | D14: =SUM(D10:D11) -> 940812770 | E14: 171723811 | F14: =SUM(F10:F11) -> 193652406 | G14: =SUM(G10:G11) -> 70960953 | H14: =IF(E14=0,"",F14/E14-1) -> 0.12769688
B15: TOTAL VALUATION | C15: 1.2523638e+09 | D15: =SUM(D13:D14) -> 1.327487e+09 | E15: 208614908 | F15: =SUM(F13:F14) -> 230911022 | G15: =SUM(G13:G14) -> 75123170 | H15: =IF(E15=0,"",F15/E15-1) -> 0.1068769
A18: * Telephone and cable are taxed at 9.5%. All others are taxed at 11.5%.
C19: 2025 | D19: =$D$3 -> 2026 | E19: 2025 | F19: =$D$3 -> 2026 | I19: =$D$3 -> 2026
C20: Productive | D20: Productive | E20: Assessed | F20: Assessed | G20: Productive Value | H20: Assessed Value | I20: Level of
A21: AGRICULTURAL LANDS | C21: Value | D21: Value | E21: Value | F21: Value | G21: Change | H21: % Change | I21: Assessment
A22: 110 | B22: IRRIGATED | C22: 33330581 | D22: 25896129 | E22: 3166401 | F22: 2460129 | G22: =D22-C22 -> -7434452 | H22: =IF(E22=0,"",F22/E22-1) -> -0.22305198 | I22: =IF(D22=0,"N/A",F22/D22) -> 0.094999874
A23: 120 | B23: DRY CROP | C23: 10087921 | D23: 5016707 | E23: 958350 | F23: 476593 | G23: =D23-C23 -> -5071214 | H23: =IF(E23=0,"",F23/E23-1) -> -0.50269421 | I23: =IF(D23=0,"N/A",F23/D23) -> 0.095001163
A24: 130 | B24: RANGE | C24: 113007109 | D24: 110407679 | E24: 10735693 | F24: 10488771 | G24: =D24-C24 -> -2599430 | H24: =IF(E24=0,"",F24/E24-1) -> -0.023000099 | I24: =IF(D24=0,"N/A",F24/D24) -> 0.095000376
A25: A | B25: TOTAL AG LANDS | C25: 156425611 | D25: =SUM(D22:D24) -> 141320515 | E25: 14860444 | F25: =SUM(F22:F24) -> 13425493 | G25: =SUM(G22:G24) -> -15105096 | H25: =IF(E25=0,"",F25/E25-1) -> -0.096561785 | I25: =IF(D25=0,"N/A",F25/D25) -> 0.095000312
C27: 2025 | D27: =$D$3 -> 2026 | E27: 2025 | F27: =$D$3 -> 2026
A28: AG ACREAGE | C28: Acres | D28: Acres | E28: Value/Acre | F28: Value/Acre | G28: Acre Change | H28: Value/Acre Change
A29: 110 | B29: IRRIGATED | C29: 14142.35 | D29: 14284.91 | E29: 2356.7923 | F29: =IF(D29<>0,D22/D29,0) -> 1812.8311 | G29: =D29-C29 -> 142.56 | H29: =F29-E29 -> -543.96117
A30: 120 | B30: DRY CROP | C30: 27327.998 | D30: 15435.67 | E30: 369.14234 | F30: =IF(D30<>0,D23/D30,0) -> 325.0074 | G30: =D30-C30 -> -11892.328 | H30: =F30-E30 -> -44.134934
A31: 130 | B31: RANGE | C31: 1323430.3 | D31: 1333534.2 | E31: 85.389541 | F31: =IF(D31<>0,D24/D31,0) -> 82.793284 | G31: =D31-C31 -> 10103.902 | H31: =F31-E31 -> -2.596257
C35: 2025 | D35: =$D$3 -> 2026 | E35: 2025 | F35: =$D$3 -> 2026 | G35: Dollar | H35: % | I35: =$D$3 -> 2026
C36: Fair Market | D36: Fair Market | E36: Assessed | F36: Assessed | G36: Market Value | H36: Assessed Value | I36: Level of
A37: REAL PROPERTY | C37: Value | D37: Value | E37: Value | F37: Value | G37: Change | H37: Change | I37: Assessment
A38: 200 | B38: RESIDENTIAL LAND | C38: 25017283 | D38: 29932048 | E38: 2376753 | F38: 2843607 | G38: =D38-C38 -> 4914765.3 | H38: =IF(E38=0,"",F38/E38-1) -> 0.19642512 | I38: =IF(D38=0,"N/A",F38/D38) -> 0.095002085
A39: 300 | B39: RESIDENTIAL IMPROVED | C39: 1.1581044e+08 | D39: 1.4084588e+08 | E39: 11002000 | F39: 13380377 | G39: =D39-C39 -> 25035445 | H39: =IF(E39=0,"",F39/E39-1) -> 0.21617679 | I39: =IF(D39=0,"N/A",F39/D39) -> 0.09500013
A40: 400 | B40: COMMERCIAL LAND | C40: 4750708 | D40: 4888880 | E40: 451323 | F40: 464454 | G40: =D40-C40 -> 138172 | H40: =IF(E40=0,"",F40/E40-1) -> 0.029094462 | I40: =IF(D40=0,"N/A",F40/D40) -> 0.095002127
A41: 500 | B41: COMMERCIAL IMPROVED | C41: 30020644 | D41: 30658409 | E41: 2851966 | F41: 2912544 | G41: =D41-C41 -> 637765 | H41: =IF(E41=0,"",F41/E41-1) -> 0.021240786 | I41: =IF(D41=0,"N/A",F41/D41) -> 0.094999842
A42: B | B42: TOTAL REAL PROPERTY | C42: 1.7559907e+08 | D42: =SUM(D38:D41) -> 2.0632522e+08 | E42: 16682042 | F42: =SUM(F38:F41) -> 19600982 | G42: =SUM(G38:G41) -> 30726148 | H42: =IF(E42=0,"",F42/E42-1) -> 0.17497498 | I42: =IF(D42=0,"N/A",F42/D42) -> 0.095000418
C44: 2025 | D44: =$D$3 -> 2026 | E44: 2025 | F44: =$D$3 -> 2026 | G44: Dollar | H44: % | I44: =$D$3 -> 2026
C45: Fair Market | D45: Fair Market | E45: Assessed | F45: Assessed | G45: Market Value | H45: Assessed Value | I45: Level of
A46: PERSONAL PROPERTY | C46: Value | D46: Value | E46: Value | F46: Value | G46: Change | H46: Change | I46: Assessment
A47: 610 | B47: RESIDENTIAL PERSONAL PROPERTY | C47: 2790955 | D47: 3485538.8 | E47: 265142 | F47: 331127 | G47: =D47-C47 -> 694583.77 | H47: =IF(E47=0,"",F47/E47-1) -> 0.24886665 | I47: =IF(D47=0,"N/A",F47/D47) -> 0.095000235
A48: 730 | B48: COMMERCAIL PERSONAL PROPERTY | C48: 20081219 | D48: 9321333 | E48: 1907724 | F48: 885526 | G48: =D48-C48 -> -10759886 | H48: =IF(E48=0,"",F48/E48-1) -> -0.5358207 | I48: =IF(D48=0,"N/A",F48/D48) -> 0.094999932
A49: C | B49: TOTAL PERSONAL PROPERTY | C49: 22872174 | D49: =SUM(D47:D48) -> 12806872 | E49: 2172866 | F49: =SUM(F47:F48) -> 1216653 | G49: =SUM(G47:G48) -> -10065302 | H49: =IF(E49=0,"",F49/E49-1) -> -0.44006994 | I49: =IF(D49=0,"N/A",F49/D49) -> 0.095000014
C53: 2025 | D53: =$D$3 -> 2026 | E53: 2025 | F53: =$D$3 -> 2026 | G53: Dollar | H53: % | I53: =$D$3 -> 2026
C54: Fair Market | D54: Fair Market | E54: Assessed | F54: Assessed | G54: Market Value | H54: Assessed Value | I54: Level of
A55: INDUSTRIAL PROPERTY | C55: Value | D55: Value | E55: Value | F55: Value | G55: Change | H55: Change | I55: Assessment
A56: 501 | B56: Food Manufacturing | C56: 0 | D56: 0 | E56: 0 | F56: 0 | G56: =D56-C56 -> 0 | H56: =IF(E56=0,"",F56/E56-1) | I56: =IF(D56=0,"N/A",F56/D56) -> N/A
A57: 502 | B57: Beverage Manufacturing | C57: 0 | D57: 0 | E57: 0 | F57: 0 | G57: =D57-C57 -> 0 | H57: =IF(E57=0,"",F57/E57-1) | I57: =IF(D57=0,"N/A",F57/D57) -> N/A
A58: 503 | B58: Tobacco Manufacturing | C58: 0 | D58: 0 | E58: 0 | F58: 0 | G58: =D58-C58 -> 0 | H58: =IF(E58=0,"",F58/E58-1) | I58: =IF(D58=0,"N/A",F58/D58) -> N/A
A59: 504 | B59: Manufacture of Textile Mill Products | C59: 0 | D59: 0 | E59: 0 | F59: 0 | G59: =D59-C59 -> 0 | H59: =IF(E59=0,"",F59/E59-1) | I59: =IF(D59=0,"N/A",F59/D59) -> N/A
A60: 505 | B60: Apparel Manufacturing | C60: 0 | D60: 0 | E60: 0 | F60: 0 | G60: =D60-C60 -> 0 | H60: =IF(E60=0,"",F60/E60-1) | I60: =IF(D60=0,"N/A",F60/D60) -> N/A
A61: 506 | B61: Leather Manufacturing | C61: 0 | D61: 0 | E61: 0 | F61: 0 | G61: =D61-C61 -> 0 | H61: =IF(E61=0,"",F61/E61-1) | I61: =IF(D61=0,"N/A",F61/D61) -> N/A
A62: 507 | B62: Wood Product Manufacturing | C62: 0 | D62: 0 | E62: 0 | F62: 0 | G62: =D62-C62 -> 0 | H62: =IF(E62=0,"",F62/E62-1) | I62: =IF(D62=0,"N/A",F62/D62) -> N/A
A63: 508 | B63: Paper Manufacturing | C63: 0 | D63: 0 | E63: 0 | F63: 0 | G63: =D63-C63 -> 0 | H63: =IF(E63=0,"",F63/E63-1) | I63: =IF(D63=0,"N/A",F63/D63) -> N/A
A64: 509 | B64: Printing - Newspapers, Books etc. | C64: 0 | D64: 0 | E64: 0 | F64: 0 | G64: =D64-C64 -> 0 | H64: =IF(E64=0,"",F64/E64-1) | I64: =IF(D64=0,"N/A",F64/D64) -> N/A
A65: 510 | B65: Chemical Manufacturing | C65: 0 | D65: 0 | E65: 0 | F65: 0 | G65: =D65-C65 -> 0 | H65: =IF(E65=0,"",F65/E65-1) | I65: =IF(D65=0,"N/A",F65/D65) -> N/A
A66: 511 | B66: Plastic & Rubber Product Manufacturing | C66: 647538 | D66: 601566 | E66: 74467 | F66: 69180 | G66: =D66-C66 -> -45972 | H66: =IF(E66=0,"",F66/E66-1) -> -0.070997892 | I66: =IF(D66=0,"N/A",F66/D66) -> 0.11499985
A67: 512 | B67: Non-Metallic Mineral Product Manufacturing | C67: 0 | D67: 0 | E67: 0 | F67: 0 | G67: =D67-C67 -> 0 | H67: =IF(E67=0,"",F67/E67-1) | I67: =IF(D67=0,"N/A",F67/D67) -> N/A
... A86: 532 | B86: Pollution Control & Fire Exemptions Granted | C86: 0 | D86: 0 | E86: 0 | F86: 0 | G86: =D86-C86 -> 0 | H86: =IF(E86=0,"",F86/E86-1) | I86: =IF(D86=0,"N/A",F86/D86) -> N/A
A87: D | B87: TOTAL INDUSTRIAL | C87: 27615156 | D87: =SUM(D56:D85) -> 26221624 | E87: 3175745 | F87: =SUM(F56:F85) -> 3015488 | G87: =SUM(G56:G85) -> -1393532 | H87: =IF(E87=0,"",F87/E87-1) -> -0.050462805 | I87: =IF(D87=0,"N/A",F87/D87) -> 0.11500005

Sheet Park Value
A1: ="PARK COUNTY "&D3 -> PARK COUNTY 2026
C3: 2025 | D3: ='Albany Value'!D3 -> 2026 | E3: 2025 | F3: =$D$3 -> 2026 | I3: =$D$3 -> 2026
C4: Productive | D4: Productive | E4: Assessed | F4: Assessed | G4: Productive Value | H4: Assessed Value | I4: Level of
A5: LINE | B5: CLASSIFICATION | C5: Value | D5: Value | E5: Value** | F5: Value** | G5: Change | H5: % Change | I5: Assessment
A6: A | B6: AGRICULTRAL LAND | C6: 3.1581363e+08 | D6: =D25 -> 2.7515536e+08 | E6: 30002534 | F6: =F25 -> 26140133 | G6: =D6-C6 -> -40658278 | H6: =IF(E6=0,"",F6/E6-1) -> -0.12873583 | I6: =IF(D6=0,"N/A",F6/D6) -> 0.09500136
A7: B | B7: REAL PROPERTY | C7: 5.1705975e+09 | D7: =D42 -> 5.9188161e+09 | E7: 491206899 | F7: =F42 -> 562287978 | G7: =D7-C7 -> 7.4821863e+08 | H7: =IF(E7=0,"",F7/E7-1) -> 0.144707 | I7: =IF(D7=0,"N/A",F7/D7) -> 0.095000076
A8: C | B8: PERSONAL PROPERTY | C8: 1.7526808e+08 | D8: =D49 -> 1.3007832e+08 | E8: 16650493 | F8: =F49 -> 12357436 | G8: =D8-C8 -> -45189765 | H8: =IF(E8=0,"",F8/E8-1) -> -0.25783363 | I8: =IF(D8=0,"N/A",F8/D8) -> 0.094999967
A9: D | B9: INDUSTRIAL PROPERTY | C9: 242522540 | D9: =D87 -> 2.4653891e+08 | E9: 27890101 | F9: =F87 -> 28351983 | G9: =D9-C9 -> 4016369.1 | H9: =IF(E9=0,"",F9/E9-1) -> 0.016560786 | I9: =IF(D9=0,"N/A",F9/D9) -> 0.11500003
B10: STATE ASSESSED - MINERALS | C10: 261716499 | D10: ='STATE ASSESSED'!C19 -> 216339726 | E10: 261716499 | F10: =D10 -> 216339726 | G10: =D10-C10 -> -45376773 | H10: =IF(E10=0,"",F10/E10-1) -> -0.1733814 | I10: =IF(D10=0,"N/A",F10/D10) -> 1
B11: STATE ASSESSED - OTHER | C11: 214376127 | D11: ='STATE ASSESSED'!F19 -> 219947797 | E11: 24135316 | F11: ='STATE ASSESSED'!I19 -> 24845433 | G11: =D11-C11 -> 5571670 | H11: =IF(E11=0,"",F11/E11-1) -> 0.02942232 | I11: =F11/D11 -> 0.11296059 | J11: *
H12: =IF(E12=0,"",F12/E12-1)
B13: LOCALLY ASSESSED VALUATION | C13: 5.9042017e+09 | D13: =SUM(D6:D9) -> 6.5705887e+09 | E13: 565750027 | F13: =SUM(F6:F9) -> 629137530 | G13: =SUM(G6:G9) -> 6.6638696e+08 | H13: =IF(E13=0,"",F13/E13-1) -> 0.11204154
B14: STATE ASSESSED VALUATION | C14: 476092626 | D14: =SUM(D10:D11) -> 436287523 | E14: 285851815 | F14: =SUM(F10:F11) -> 241185159 | G14: =SUM(G10:G11) -> -39805103 | H14: =IF(E14=0,"",F14/E14-1) -> -0.15625808
B15: TOTAL VALUATION | C15: 6.3802944e+09 | D15: =SUM(D13:D14) -> 7.0068762e+09 | E15: 851601842 | F15: =SUM(F13:F14) -> 870322689 | G15: =SUM(G13:G14) -> 6.2658186e+08 | H15: =IF(E15=0,"",F15/E15-1) -> 0.021983098
A18: * Telephone and cable are taxed at 9.5%. All others are taxed at 11.5%.
C19: 2025 | D19: =$D$3 -> 2026 | E19: 2025 | F19: =$D$3 -> 2026 | I19: =$D$3 -> 2026
C20: Productive | D20: Productive | E20: Assessed | F20: Assessed | G20: Productive Value | H20: Assessed Value | I20: Level of
A21: AGRICULTURAL LANDS | C21: Value | D21: Value | E21: Value | F21: Value | G21: Change | H21: % Change | I21: Assessment
A22: 110 | B22: IRRIGATED | C22: 2.596186e+08 | D22: 2.212899e+08 | E22: 24663782 | F22: 21022680 | G22: =D22-C22 -> -38328705 | H22: =IF(E22=0,"",F22/E22-1) -> -0.14762951 | I22: =IF(D22=0,"N/A",F22/D22) -> 0.095000631
A23: 120 | B23: DRY CROP | C23: 0 | D23: 0 | E23: 0 | F23: 0 | G23: =D23-C23 -> 0 | H23: =IF(E23=0,"",F23/E23-1) | I23: =IF(D23=0,"N/A",F23/D23) -> N/A
A24: 130 | B24: RANGE | C24: 56195029 | D24: 53865456 | E24: 5338752 | F24: 5117453 | G24: =D24-C24 -> -2329572.6 | H24: =IF(E24=0,"",F24/E24-1) -> -0.041451448 | I24: =IF(D24=0,"N/A",F24/D24) -> 0.095004356
A25: A | B25: TOTAL AG LANDS | C25: 3.1581363e+08 | D25: =SUM(D22:D24) -> 2.7515536e+08 | E25: 30002534 | F25: =SUM(F22:F24) -> 26140133 | G25: =SUM(G22:G24) -> -40658278 | H25: =IF(E25=0,"",F25/E25-1) -> -0.12873583 | I25: =IF(D25=0,"N/A",F25/D25) -> 0.09500136
C27: 2025 | D27: =$D$3 -> 2026 | E27: 2025 | F27: =$D$3 -> 2026
A28: AG ACREAGE | C28: Acres | D28: Acres | E28: Value/Acre | F28: Value/Acre | G28: Acre Change | H28: Value/Acre Change
A29: 110 | B29: IRRIGATED | C29: 112293.5 | D29: 112594.04 | E29: 2311.9647 | F29: =IF(D29<>0,D22/D29,0) -> 1965.3784 | G29: =D29-C29 -> 300.54 | H29: =F29-E29 -> -346.58622
A30: 120 | B30: DRY CROP | C30: 0 | D30: 0 | E30: 0 | F30: =IF(D30<>0,D23/D30,0) -> 0 | G30: =D30-C30 -> 0 | H30: =F30-E30 -> 0
A31: 130 | B31: RANGE | C31: 559073.55 | D31: 559336.5 | E31: 100.51455 | F31: =IF(D31<>0,D24/D31,0) -> 96.302416 | G31: =D31-C31 -> 262.95 | H31: =F31-E31 -> -4.2121387
C35: 2025 | D35: =$D$3 -> 2026 | E35: 2025 | F35: =$D$3 -> 2026 | G35: Dollar | H35: % | I35: =$D$3 -> 2026
C36: Fair Market | D36: Fair Market | E36: Assessed | F36: Assessed | G36: Market Value | H36: Assessed Value | I36: Level of
A37: REAL PROPERTY | C37: Value | D37: Value | E37: Value | F37: Value | G37: Change | H37: Change | I37: Assessment
A38: 200 | B38: RESIDENTIAL LAND | C38: 1.0788193e+09 | D38: 1.2296622e+09 | E38: 102487920 | F38: 116818258 | G38: =D38-C38 -> 1.5084297e+08 | H38: =IF(E38=0,"",F38/E38-1) -> 0.13982465 | I38: =IF(D38=0,"N/A",F38/D38) -> 0.095000282
A39: 300 | B39: RESIDENTIAL IMPROVED | C39: 3.3371847e+09 | D39: 3.9104852e+09 | E39: 317032529 | F39: 371496107 | G39: =D39-C39 -> 5.733005e+08 | H39: =IF(E39=0,"",F39/E39-1) -> 0.17179177 | I39: =IF(D39=0,"N/A",F39/D39) -> 0.095000003
A40: 400 | B40: COMMERCIAL LAND | C40: 2.1745321e+08 | D40: 2.243756e+08 | E40: 20658117 | F40: 21315750 | G40: =D40-C40 -> 6922396.7 | H40: =IF(E40=0,"",F40/E40-1) -> 0.031834121 | I40: =IF(D40=0,"N/A",F40/D40) -> 0.095000301
A41: 500 | B41: COMMERCIAL IMPROVED | C41: 537140314 | D41: 5.5429308e+08 | E41: 51028333 | F41: 52657863 | G41: =D41-C41 -> 17152767 | H41: =IF(E41=0,"",F41/E41-1) -> 0.031933828 | I41: =IF(D41=0,"N/A",F41/D41) -> 0.095000037
A42: B | B42: TOTAL REAL PROPERTY | C42: 5.1705975e+09 | D42: =SUM(D38:D41) -> 5.9188161e+09 | E42: 491206899 | F42: =SUM(F38:F41) -> 562287978 | G42: =SUM(G38:G41) -> 7.4821863e+08 | H42: =IF(E42=0,"",F42/E42-1) -> 0.144707 | I42: =IF(D42=0,"N/A",F42/D42) -> 0.095000076
C44: 2025 | D44: =$D$3 -> 2026 | E44: 2025 | F44: =$D$3 -> 2026 | G44: Dollar | H44: % | I44: =$D$3 -> 2026
C45: Fair Market | D45: Fair Market | E45: Assessed | F45: Assessed | G45: Market Value | H45: Assessed Value | I45: Level of
A46: PERSONAL PROPERTY | C46: Value | D46: Value | E46: Value | F46: Value | G46: Change | H46: Change | I46: Assessment
A47: 610 | B47: RESIDENTIAL PERSONAL PROPERTY | C47: 15434486 | D47: 19096076 | E47: 1466287 | F47: 1814127 | G47: =D47-C47 -> 3661589.7 | H47: =IF(E47=0,"",F47/E47-1) -> 0.23722505 | I47: =IF(D47=0,"N/A",F47/D47) -> 0.09499999
A48: 730 | B48: COMMERCAIL PERSONAL PROPERTY | C48: 159833599 | D48: 1.1098224e+08 | E48: 15184206 | F48: 10543309 | G48: =D48-C48 -> -48851355 | H48: =IF(E48=0,"",F48/E48-1) -> -0.30563975 | I48: =IF(D48=0,"N/A",F48/D48) -> 0.094999962
A49: C | B49: TOTAL PERSONAL PROPERTY | C49: 1.7526808e+08 | D49: =SUM(D47:D48) -> 1.3007832e+08 | E49: 16650493 | F49: =SUM(F47:F48) -> 12357436 | G49: =SUM(G47:G48) -> -45189765 | H49: =IF(E49=0,"",F49/E49-1) -> -0.25783363 | I49: =IF(D49=0,"N/A",F49/D49) -> 0.094999967
C53: 2025 | D53: =$D$3 -> 2026 | E53: 2025 | F53: =$D$3 -> 2026 | G53: Dollar | H53: % | I53: =$D$3 -> 2026
C54: Fair Market | D54: Fair Market | E54: Assessed | F54: Assessed | G54: Market Value | H54: Assessed Value | I54: Level of
A55: INDUSTRIAL PROPERTY | C55: Value | D55: Value | E55: Value | F55: Value | G55: Change | H55: Change | I55: Assessment
A56: 501 | B56: Food Manufacturing | C56: 1186242 | D56: 1102774 | E56: 136418 | F56: 126819 | G56: =D56-C56 -> -83468 | H56: =IF(E56=0,"",F56/E56-1) -> -0.070364615 | I56: =IF(D56=0,"N/A",F56/D56) -> 0.11499999
A57: 502 | B57: Beverage Manufacturing | C57: 9951188 | D57: 9615647 | E57: 1144387 | F57: 1105800 | G57: =D57-C57 -> -335541 | H57: =IF(E57=0,"",F57/E57-1) -> -0.033718489 | I57: =IF(D57=0,"N/A",F57/D57) -> 0.11500006
A58: 503 | B58: Tobacco Manufacturing | C58: 0 | D58: 0 | E58: 0 | F58: 0 | G58: =D58-C58 -> 0 | H58: =IF(E58=0,"",F58/E58-1) | I58: =IF(D58=0,"N/A",F58/D58) -> N/A
A59: 504 | B59: Manufacture of Textile Mill Products | C59: 352900 | D59: 352900 | E59: 40584 | F59: 40584 | G59: =D59-C59 -> 0 | H59: =IF(E59=0,"",F59/E59-1) -> 0 | I59: =IF(D59=0,"N/A",F59/D59) -> 0.11500142
A60: 505 | B60: Apparel Manufacturing | C60: 1869168 | D60: 1843568 | E60: 214955 | F60: 212011 | G60: =D60-C60 -> -25600 | H60: =IF(E60=0,"",F60/E60-1) -> -0.01369589 | I60: =IF(D60=0,"N/A",F60/D60) -> 0.11500037
A61: 506 | B61: Leather Manufacturing | C61: 0 | D61: 0 | E61: 0 | F61: 0 | G61: =D61-C61 -> 0 | H61: =IF(E61=0,"",F61/E61-1) | I61: =IF(D61=0,"N/A",F61/D61) -> N/A
A62: 507 | B62: Wood Product Manufacturing | C62: 0 | D62: 0 | E62: 0 | F62: 0 | G62: =D62-C62 -> 0 | H62: =IF(E62=0,"",F62/E62-1) | I62: =IF(D62=0,"N/A",F62/D62) -> N/A
A63: 508 | B63: Paper Manufacturing | C63: 0 | D63: 0 | E63: 0 | F63: 0 | G63: =D63-C63 -> 0 | H63: =IF(E63=0,"",F63/E63-1) | I63: =IF(D63=0,"N/A",F63/D63) -> N/A
A64: 509 | B64: Printing - Newspapers, Books etc. | C64: 2421934 | D64: 2288357 | E64: 278523 | F64: 263161 | G64: =D64-C64 -> -133577.03 | H64: =IF(E64=0,"",F64/E64-1) -> -0.05515523 | I64: =IF(D64=0,"N/A",F64/D64) -> 0.11499998
A65: 510 | B65: Chemical Manufacturing | C65: 3497250 | D65: 3203373.2 | E65: 402184 | F65: 368388 | G65: =D65-C65 -> -293876.82 | H65: =IF(E65=0,"",F65/E65-1) -> -0.08403119 | I65: =IF(D65=0,"N/A",F65/D65) -> 0.11500003
A66: 511 | B66: Plastic & Rubber Product Manufacturing | C66: 11180468 | D66: 12971320 | E66: 1285754 | F66: 1491701 | G66: =D66-C66 -> 1790851.6 | H66: =IF(E66=0,"",F66/E66-1) -> 0.16017605 | I66: =IF(D66=0,"N/A",F66/D66) -> 0.11499994
A67: 512 | B67: Non-Metallic Mineral Product Manufacturing | C67: 8355782 | D67: 7549413.1 | E67: 960914 | F67: 868183 | G67: =D67-C67 -> -806368.92 | H67: =IF(E67=0,"",F67/E67-1) -> -0.096502913 | I67: =IF(D67=0,"N/A",F67/D67) -> 0.11500007
... A86: 532 | B86: Pollution Control & Fire Exemptions Granted | C86: 3176850 | D86: 2064060 | E86: 365337 | F86: 237366 | G86: =D86-C86 -> -1112790 | H86: =IF(E86=0,"",F86/E86-1) -> -0.35028207 | I86: =IF(D86=0,"N/A",F86/D86) -> 0.11499956
A87: D | B87: TOTAL INDUSTRIAL | C87: 242522540 | D87: =SUM(D56:D85) -> 2.4653891e+08 | E87: 27890101 | F87: =SUM(F56:F85) -> 28351983 | G87: =SUM(G56:G85) -> 4016369.1 | H87: =IF(E87=0,"",F87/E87-1) -> 0.016560786 | I87: =IF(D87=0,"N/A",F87/D87) -> 0.11500003
C88: 248919928 | E88: 28625801

Sheet Platte Value
A1: ="PLATTE COUNTY "&D3 -> PLATTE COUNTY 2026
C3: 2025 | D3: ='Albany Value'!D3 -> 2026 | E3: 2025 | F3: =$D$3 -> 2026 | I3: =$D$3 -> 2026
C4: Productive | D4: Productive | E4: Assessed | F4: Assessed | G4: Productive Value | H4: Assessed Value | I4: Level of
A5: LINE | B5: CLASSIFICATION | C5: Value | D5: Value | E5: Value | F5: Value | G5: Change | H5: % Change | I5: Assessment
A6: A | B6: AGRICULTRAL LAND | C6: 239222631 | D6: =D25 -> 208234581 | E6: 22726170 | F6: =F25 -> 19782308 | G6: =D6-C6 -> -30988050 | H6: =IF(E6=0,"",F6/E6-1) -> -0.12953621 | I6: =IF(D6=0,"N/A",F6/D6) -> 0.09500011
A7: B | B7: REAL PROPERTY | C7: 9.2457619e+08 | D7: =D42 -> 1.1148942e+09 | E7: 87834690 | F7: =F42 -> 105914934 | G7: =D7-C7 -> 1.9031797e+08 | H7: =IF(E7=0,"",F7/E7-1) -> 0.205844 | I7: =IF(D7=0,"N/A",F7/D7) -> 0.094999989
A8: C | B8: PERSONAL PROPERTY | C8: 79997500 | D8: =D49 -> 54707515 | E8: 7599777 | F8: =F49 -> 5197207 | G8: =D8-C8 -> -25289985 | H8: =IF(E8=0,"",F8/E8-1) -> -0.31613691 | I8: =IF(D8=0,"N/A",F8/D8) -> 0.094999873
A9: D | B9: INDUSTRIAL PROPERTY | C9: 105632913 | D9: =D87 -> 1.0485083e+08 | E9: 12147784 | F9: =F87 -> 12057846 | G9: =D9-C9 -> -782083.52 | H9: =IF(E9=0,"",F9/E9-1) -> -0.0074036549 | I9: =IF(D9=0,"N/A",F9/D9) -> 0.11500001
B10: STATE ASSESSED - MINERALS | C10: 3228228 | D10: ='STATE ASSESSED'!C20 -> 3342751 | E10: 3228228 | F10: =D10 -> 3342751 | G10: =D10-C10 -> 114523 | H10: =IF(E10=0,"",F10/E10-1) -> 0.035475499 | I10: =IF(D10=0,"N/A",F10/D10) -> 1
B11: STATE ASSESSED - OTHER | C11: 778803287 | D11: ='STATE ASSESSED'!F20 -> 821231103 | E11: 89270865 | F11: ='STATE ASSESSED'!I20 -> 94007020 | G11: =D11-C11 -> 42427816 | H11: =IF(E11=0,"",F11/E11-1) -> 0.053053759 | I11: =F11/D11 -> 0.11447085 | J11: *
H12: =IF(E12=0,"",F12/E12-1)
B13: LOCALLY ASSESSED VALUATION | C13: 1.3494292e+09 | D13: =SUM(D6:D9) -> 1.4826871e+09 | E13: 130308421 | F13: =SUM(F6:F9) -> 142952295 | G13: =SUM(G6:G9) -> 1.3325786e+08 | H13: =IF(E13=0,"",F13/E13-1) -> 0.097030368
B14: STATE ASSESSED VALUATION | C14: 782031515 | D14: =SUM(D10:D11) -> 824573854 | E14: 92499093 | F14: =SUM(F10:F11) -> 97349771 | G14: =SUM(G10:G11) -> 42542339 | H14: =IF(E14=0,"",F14/E14-1) -> 0.052440276
B15: TOTAL VALUATION | C15: 2.1314608e+09 | D15: =SUM(D13:D14) -> 2.3072609e+09 | E15: 222807514 | F15: =SUM(F13:F14) -> 240302066 | G15: =SUM(G13:G14) -> 1.758002e+08 | H15: =IF(E15=0,"",F15/E15-1) -> 0.07851868
A18: * Telephone and cable are taxed at 9.5%. All others are taxed at 11.5%.
C19: 2025 | D19: =$D$3 -> 2026 | E19: 2025 | F19: =$D$3 -> 2026 | I19: =$D$3 -> 2026
C20: Productive | D20: Productive | E20: Assessed | F20: Assessed | G20: Productive Value | H20: Assessed Value | I20: Level of
A21: AGRICULTURAL LANDS | C21: Value | D21: Value | E21: Value | F21: Value | G21: Change | H21: % Change | I21: Assessment
A22: 110 | B22: IRRIGATED | C22: 150523716 | D22: 125520701 | E22: 14299779 | F22: 11924474 | G22: =D22-C22 -> -25003015 | H22: =IF(E22=0,"",F22/E22-1) -> -0.16610781 | I22: =IF(D22=0,"N/A",F22/D22) -> 0.095000059
A23: 120 | B23: DRY CROP | C23: 26256370 | D23: 23128428 | E23: 2494359 | F23: 2197207 | G23: =D23-C23 -> -3127942 | H23: =IF(E23=0,"",F23/E23-1) -> -0.1191296 | I23: =IF(D23=0,"N/A",F23/D23) -> 0.095000274
A24: 130 | B24: RANGE | C24: 62442545 | D24: 59585452 | E24: 5932032 | F24: 5660627 | G24: =D24-C24 -> -2857093 | H24: =IF(E24=0,"",F24/E24-1) -> -0.04575245 | I24: =IF(D24=0,"N/A",F24/D24) -> 0.095000152
A25: A | B25: TOTAL AG LANDS | C25: 239222631 | D25: =SUM(D22:D24) -> 208234581 | E25: 22726170 | F25: =SUM(F22:F24) -> 19782308 | G25: =SUM(G22:G24) -> -30988050 | H25: =IF(E25=0,"",F25/E25-1) -> -0.12953621 | I25: =IF(D25=0,"N/A",F25/D25) -> 0.09500011
C27: 2025 | D27: =$D$3 -> 2026 | E27: 2025 | F27: =$D$3 -> 2026
A28: AG ACREAGE | C28: Acres | D28: Acres | E28: Value/Acre | F28: Value/Acre | G28: Acre Change | H28: Value/Acre Change
A29: 110 | B29: IRRIGATED | C29: 67924.282 | D29: 67214.263 | E29: 2216.0516 | F29: =IF(D29<>0,D22/D29,0) -> 1867.4712 | G29: =D29-C29 -> -710.019 | H29: =F29-E29 -> -348.58042
A30: 120 | B30: DRY CROP | C30: 68935.953 | D30: 68965.433 | E30: 380.88064 | F30: =IF(D30<>0,D23/D30,0) -> 335.36262 | G30: =D30-C30 -> 29.48 | H30: =F30-E30 -> -45.518026
A31: 130 | B31: RANGE | C31: 850958.39 | D31: 850697.12 | E31: 73.379082 | F31: =IF(D31<>0,D24/D31,0) -> 70.043087 | G31: =D31-C31 -> -261.27 | H31: =F31-E31 -> -3.3359949
C35: 2025 | D35: =$D$3 -> 2026 | E35: 2025 | F35: =$D$3 -> 2026 | G35: Dollar | H35: % | I35: =$D$3 -> 2026
C36: Fair Market | D36: Fair Market | E36: Assessed | F36: Assessed | G36: Market Value | H36: Assessed Value | I36: Level of
A37: REAL PROPERTY | C37: Value | D37: Value | E37: Value | F37: Value | G37: Change | H37: Change | I37: Assessment
A38: 200 | B38: RESIDENTIAL LAND | C38: 1.2238354e+08 | D38: 1.4762984e+08 | E38: 11626351 | F38: 14024769 | G38: =D38-C38 -> 25246299 | H38: =IF(E38=0,"",F38/E38-1) -> 0.20629155 | I38: =IF(D38=0,"N/A",F38/D38) -> 0.094999557
A39: 300 | B39: RESIDENTIAL IMPROVED | C39: 6.8230637e+08 | D39: 8.4955728e+08 | E39: 64819143 | F39: 80707973 | G39: =D39-C39 -> 1.6725091e+08 | H39: =IF(E39=0,"",F39/E39-1) -> 0.24512558 | I39: =IF(D39=0,"N/A",F39/D39) -> 0.095000037
A40: 400 | B40: COMMERCIAL LAND | C40: 15527711 | D40: 15096744 | E40: 1475140 | F40: 1434191 | G40: =D40-C40 -> -430967.74 | H40: =IF(E40=0,"",F40/E40-1) -> -0.027759399 | I40: =IF(D40=0,"N/A",F40/D40) -> 0.095000023
A41: 500 | B41: COMMERCIAL IMPROVED | C41: 1.0435858e+08 | D41: 102610310 | E41: 9914056 | F41: 9748001 | G41: =D41-C41 -> -1748266.5 | H41: =IF(E41=0,"",F41/E41-1) -> -0.016749451 | I41: =IF(D41=0,"N/A",F41/D41) -> 0.09500021
A42: B | B42: TOTAL REAL PROPERTY | C42: 9.2457619e+08 | D42: =SUM(D38:D41) -> 1.1148942e+09 | E42: 87834690 | F42: =SUM(F38:F41) -> 105914934 | G42: =SUM(G38:G41) -> 1.9031797e+08 | H42: =IF(E42=0,"",F42/E42-1) -> 0.205844 | I42: =IF(D42=0,"N/A",F42/D42) -> 0.094999989
C44: 2025 | D44: =$D$3 -> 2026 | E44: 2025 | F44: =$D$3 -> 2026 | G44: Dollar | H44: % | I44: =$D$3 -> 2026
C45: Fair Market | D45: Fair Market | E45: Assessed | F45: Assessed | G45: Market Value | H45: Assessed Value | I45: Level of
A46: PERSONAL PROPERTY | C46: Value | D46: Value | E46: Value | F46: Value | G46: Change | H46: Change | I46: Assessment
A47: 610 | B47: RESIDENTIAL PERSONAL PROPERTY | C47: 19243461 | D47: 24042722 | E47: 1828132 | F47: 2284049 | G47: =D47-C47 -> 4799260.4 | H47: =IF(E47=0,"",F47/E47-1) -> 0.24938954 | I47: =IF(D47=0,"N/A",F47/D47) -> 0.094999603
A48: 730 | B48: COMMERCAIL PERSONAL PROPERTY | C48: 60754039 | D48: 30664794 | E48: 5771645 | F48: 2913158 | G48: =D48-C48 -> -30089245 | H48: =IF(E48=0,"",F48/E48-1) -> -0.49526383 | I48: =IF(D48=0,"N/A",F48/D48) -> 0.095000085
A49: C | B49: TOTAL PERSONAL PROPERTY | C49: 79997500 | D49: =SUM(D47:D48) -> 54707515 | E49: 7599777 | F49: =SUM(F47:F48) -> 5197207 | G49: =SUM(G47:G48) -> -25289985 | H49: =IF(E49=0,"",F49/E49-1) -> -0.31613691 | I49: =IF(D49=0,"N/A",F49/D49) -> 0.094999873
C53: 2025 | D53: =$D$3 -> 2026 | E53: 2025 | F53: =$D$3 -> 2026 | G53: Dollar | H53: % | I53: =$D$3 -> 2026
C54: Fair Market | D54: Fair Market | E54: Assessed | F54: Assessed | G54: Market Value | H54: Assessed Value | I54: Level of
A55: INDUSTRIAL PROPERTY | C55: Value | D55: Value | E55: Value | F55: Value | G55: Change | H55: Change | I55: Assessment
A56: 501 | B56: Food Manufacturing | C56: 144062 | D56: 146644 | E56: 16567 | F56: 16864 | G56: =D56-C56 -> 2582 | H56: =IF(E56=0,"",F56/E56-1) -> 0.017927205 | I56: =IF(D56=0,"N/A",F56/D56) -> 0.11499959
A57: 502 | B57: Beverage Manufacturing | C57: 0 | D57: 0 | E57: 0 | F57: 0 | G57: =D57-C57 -> 0 | H57: =IF(E57=0,"",F57/E57-1) | I57: =IF(D57=0,"N/A",F57/D57) -> N/A
A58: 503 | B58: Tobacco Manufacturing | C58: 0 | D58: 0 | E58: 0 | F58: 0 | G58: =D58-C58 -> 0 | H58: =IF(E58=0,"",F58/E58-1) | I58: =IF(D58=0,"N/A",F58/D58) -> N/A
A59: 504 | B59: Manufacture of Textile Mill Products | C59: 0 | D59: 0 | E59: 0 | F59: 0 | G59: =D59-C59 -> 0 | H59: =IF(E59=0,"",F59/E59-1) | I59: =IF(D59=0,"N/A",F59/D59) -> N/A
A60: 505 | B60: Apparel Manufacturing | C60: 0 | D60: 0 | E60: 0 | F60: 0 | G60: =D60-C60 -> 0 | H60: =IF(E60=0,"",F60/E60-1) | I60: =IF(D60=0,"N/A",F60/D60) -> N/A
A61: 506 | B61: Leather Manufacturing | C61: 0 | D61: 0 | E61: 0 | F61: 0 | G61: =D61-C61 -> 0 | H61: =IF(E61=0,"",F61/E61-1) | I61: =IF(D61=0,"N/A",F61/D61) -> N/A
A62: 507 | B62: Wood Product Manufacturing | C62: 0 | D62: 0 | E62: 0 | F62: 0 | G62: =D62-C62 -> 0 | H62: =IF(E62=0,"",F62/E62-1) | I62: =IF(D62=0,"N/A",F62/D62) -> N/A
A63: 508 | B63: Paper Manufacturing | C63: 0 | D63: 0 | E63: 0 | F63: 0 | G63: =D63-C63 -> 0 | H63: =IF(E63=0,"",F63/E63-1) | I63: =IF(D63=0,"N/A",F63/D63) -> N/A
A64: 509 | B64: Printing - Newspapers, Books etc. | C64: 0 | D64: 0 | E64: 0 | F64: 0 | G64: =D64-C64 -> 0 | H64: =IF(E64=0,"",F64/E64-1) | I64: =IF(D64=0,"N/A",F64/D64) -> N/A
A65: 510 | B65: Chemical Manufacturing | C65: 0 | D65: 0 | E65: 0 | F65: 0 | G65: =D65-C65 -> 0 | H65: =IF(E65=0,"",F65/E65-1) | I65: =IF(D65=0,"N/A",F65/D65) -> N/A
A66: 511 | B66: Plastic & Rubber Product Manufacturing | C66: 0 | D66: 0 | E66: 0 | F66: 0 | G66: =D66-C66 -> 0 | H66: =IF(E66=0,"",F66/E66-1) | I66: =IF(D66=0,"N/A",F66/D66) -> N/A
A67: 512 | B67: Non-Metallic Mineral Product Manufacturing | C67: 1353125 | D67: 1035876 | E67: 155609 | F67: 119126 | G67: =D67-C67 -> -317249 | H67: =IF(E67=0,"",F67/E67-1) -> -0.23445302 | I67: =IF(D67=0,"N/A",F67/D67) -> 0.11500025
... A86: 532 | B86: Pollution Control & Fire Exemptions Granted | C86: 0 | D86: 0 | E86: 0 | F86: 0 | G86: =D86-C86 -> 0 | H86: =IF(E86=0,"",F86/E86-1) | I86: =IF(D86=0,"N/A",F86/D86) -> N/A
A87: D | B87: TOTAL INDUSTRIAL | C87: 105632913 | D87: =SUM(D56:D85) -> 1.0485083e+08 | E87: 12147784 | F87: =SUM(F56:F85) -> 12057846 | G87: =SUM(G56:G85) -> -782083.52 | H87: =IF(E87=0,"",F87/E87-1) -> -0.0074036549 | I87: =IF(D87=0,"N/A",F87/D87) -> 0.11500001

Sheet Sheridan Value
A1: ="SHERIDAN COUNTY "&D3 -> SHERIDAN COUNTY 2026
C3: 2025 | D3: ='Albany Value'!D3 -> 2026 | E3: 2025 | F3: =$D$3 -> 2026 | I3: =$D$3 -> 2026
C4: Productive | D4: Productive | E4: Assessed | F4: Assessed | G4: Productive Value | H4: Assessed Value | I4: Level of
A5: LINE | B5: CLASSIFICATION | C5: Value | D5: Value | E5: Value | F5: Value | G5: Change | H5: % Change | I5: Assessment
A6: A | B6: AGRICULTRAL LAND | C6: 2.4960056e+08 | D6: =D25 -> 2.2199112e+08 | E6: 23712145 | F6: =F25 -> 21089431 | G6: =D6-C6 -> -27609432 | H6: =IF(E6=0,"",F6/E6-1) -> -0.11060636 | I6: =IF(D6=0,"N/A",F6/D6) -> 0.095001235
A7: B | B7: REAL PROPERTY | C7: 5.7059362e+09 | D7: =D42 -> 6.431408e+09 | E7: 542064462 | F7: =F42 -> 610984014 | G7: =D7-C7 -> 7.2547189e+08 | H7: =IF(E7=0,"",F7/E7-1) -> 0.12714272 | I7: =IF(D7=0,"N/A",F7/D7) -> 0.095000039
A8: C | B8: PERSONAL PROPERTY | C8: 1.678166e+08 | D8: =D49 -> 125761598 | E8: 15942582 | F8: =F49 -> 11947361 | G8: =D8-C8 -> -42054998 | H8: =IF(E8=0,"",F8/E8-1) -> -0.25060062 | I8: =IF(D8=0,"N/A",F8/D8) -> 0.095000073
A9: D | B9: INDUSTRIAL PROPERTY | C9: 122208589 | D9: =D87 -> 116786533 | E9: 14053991 | F9: =F87 -> 13430454 | G9: =D9-C9 -> -5422056 | H9: =IF(E9=0,"",F9/E9-1) -> -0.044367255 | I9: =IF(D9=0,"N/A",F9/D9) -> 0.11500002
B10: STATE ASSESSED - MINERALS | C10: 1695844 | D10: ='STATE ASSESSED'!C21 -> 1486910 | E10: 1695844 | F10: =D10 -> 1486910 | G10: =D10-C10 -> -208934 | H10: =IF(E10=0,"",F10/E10-1) -> -0.12320355 | I10: =IF(D10=0,"N/A",F10/D10) -> 1
B11: STATE ASSESSED - OTHER | C11: 226685735 | D11: ='STATE ASSESSED'!F21 -> 213696071 | E11: 25406857 | F11: ='STATE ASSESSED'!I21 -> 24015122 | G11: =D11-C11 -> -12989664 | H11: =IF(E11=0,"",F11/E11-1) -> -0.054777929 | I11: =F11/D11 -> 0.1123798 | J11: *
H12: =IF(E12=0,"",F12/E12-1)
B13: LOCALLY ASSESSED VALUATION | C13: 6.2455619e+09 | D13: =SUM(D6:D9) -> 6.8959473e+09 | E13: 595773180 | F13: =SUM(F6:F9) -> 657451260 | G13: =SUM(G6:G9) -> 6.503854e+08 | H13: =IF(E13=0,"",F13/E13-1) -> 0.10352611
B14: STATE ASSESSED VALUATION | C14: 228381579 | D14: =SUM(D10:D11) -> 215182981 | E14: 27102701 | F14: =SUM(F10:F11) -> 25502032 | G14: =SUM(G10:G11) -> -13198598 | H14: =IF(E14=0,"",F14/E14-1) -> -0.05905939
B15: TOTAL VALUATION | C15: 6.4739435e+09 | D15: =SUM(D13:D14) -> 7.1111303e+09 | E15: 622875881 | F15: =SUM(F13:F14) -> 682953292 | G15: =SUM(G13:G14) -> 6.371868e+08 | H15: =IF(E15=0,"",F15/E15-1) -> 0.096451657
A18: * Telephone and cable are taxed at 9.5%. All others are taxed at 11.5%.
C19: 2025 | D19: =$D$3 -> 2026 | E19: 2025 | F19: =$D$3 -> 2026 | I19: =$D$3 -> 2026
C20: Productive | D20: Productive | E20: Assessed | F20: Assessed | G20: Productive Value | H20: Assessed Value | I20: Level of
A21: AGRICULTURAL LANDS | C21: Value | D21: Value | E21: Value | F21: Value | G21: Change | H21: % Change | I21: Assessment
A22: 110 | B22: IRRIGATED | C22: 139561752 | D22: 1.18021e+08 | E22: 13258348 | F22: 11212037 | G22: =D22-C22 -> -21540754 | H22: =IF(E22=0,"",F22/E22-1) -> -0.15434133 | I22: =IF(D22=0,"N/A",F22/D22) -> 0.095000357
A23: 120 | B23: DRY CROP | C23: 9202463 | D23: 7795120.6 | E23: 874239 | F23: 740549 | G23: =D23-C23 -> -1407342.4 | H23: =IF(E23=0,"",F23/E23-1) -> -0.15292157 | I23: =IF(D23=0,"N/A",F23/D23) -> 0.095001609
A24: 130 | B24: RANGE | C24: 1.0083634e+08 | D24: 96175005 | E24: 9579558 | F24: 9136845 | G24: =D24-C24 -> -4661335.8 | H24: =IF(E24=0,"",F24/E24-1) -> -0.046214345 | I24: =IF(D24=0,"N/A",F24/D24) -> 0.095002282
A25: A | B25: TOTAL AG LANDS | C25: 2.4960056e+08 | D25: =SUM(D22:D24) -> 2.2199112e+08 | E25: 23712145 | F25: =SUM(F22:F24) -> 21089431 | G25: =SUM(G22:G24) -> -27609432 | H25: =IF(E25=0,"",F25/E25-1) -> -0.11060636 | I25: =IF(D25=0,"N/A",F25/D25) -> 0.095001235
C27: 2025 | D27: =$D$3 -> 2026 | E27: 2025 | F27: =$D$3 -> 2026
A28: AG ACREAGE | C28: Acres | D28: Acres | E28: Value/Acre | F28: Value/Acre | G28: Acre Change | H28: Value/Acre Change
A29: 110 | B29: IRRIGATED | C29: 58209.207 | D29: 58363.392 | E29: 2397.589 | F29: =IF(D29<>0,D22/D29,0) -> 2022.1751 | G29: =D29-C29 -> 154.18532 | H29: =F29-E29 -> -375.41386
A30: 120 | B30: DRY CROP | C30: 24340.76 | D30: 23464.1 | E30: 378.06802 | F30: =IF(D30<>0,D23/D30,0) -> 332.21477 | G30: =D30-C30 -> -876.66 | H30: =F30-E30 -> -45.853251
A31: 130 | B31: RANGE | C31: 919156.64 | D31: 892224.82 | E31: 109.70528 | F31: =IF(D31<>0,D24/D31,0) -> 107.79234 | G31: =D31-C31 -> -26931.82 | H31: =F31-E31 -> -1.9129403
C35: 2025 | D35: =$D$3 -> 2026 | E35: 2025 | F35: =$D$3 -> 2026 | G35: Dollar | H35: % | I35: =$D$3 -> 2026
C36: Fair Market | D36: Fair Market | E36: Assessed | F36: Assessed | G36: Market Value | H36: Assessed Value | I36: Level of
A37: REAL PROPERTY | C37: Value | D37: Value | E37: Value | F37: Value | G37: Change | H37: Change | I37: Assessment
A38: 200 | B38: RESIDENTIAL LAND | C38: 1.4709354e+09 | D38: 1.6892501e+09 | E38: 139739309 | F38: 160478892 | G38: =D38-C38 -> 2.1831466e+08 | H38: =IF(E38=0,"",F38/E38-1) -> 0.14841624 | I38: =IF(D38=0,"N/A",F38/D38) -> 0.095000081
A39: 300 | B39: RESIDENTIAL IMPROVED | C39: 3.0519243e+09 | D39: 3.5259014e+09 | E39: 289932828 | F39: 334960692 | G39: =D39-C39 -> 4.7397719e+08 | H39: =IF(E39=0,"",F39/E39-1) -> 0.15530447 | I39: =IF(D39=0,"N/A",F39/D39) -> 0.095000016
A40: 400 | B40: COMMERCIAL LAND | C40: 3.9491366e+08 | D40: 3.9463272e+08 | E40: 37516846 | F40: 37490162 | G40: =D40-C40 -> -280940.57 | H40: =IF(E40=0,"",F40/E40-1) -> -0.00071125382 | I40: =IF(D40=0,"N/A",F40/D40) -> 0.095000137
A41: 500 | B41: COMMERCIAL IMPROVED | C41: 7.8816286e+08 | D41: 8.2162384e+08 | E41: 74875479 | F41: 78054268 | G41: =D41-C41 -> 33460980 | H41: =IF(E41=0,"",F41/E41-1) -> 0.042454339 | I41: =IF(D41=0,"N/A",F41/D41) -> 0.095000004
A42: B | B42: TOTAL REAL PROPERTY | C42: 5.7059362e+09 | D42: =SUM(D38:D41) -> 6.431408e+09 | E42: 542064462 | F42: =SUM(F38:F41) -> 610984014 | G42: =SUM(G38:G41) -> 7.2547189e+08 | H42: =IF(E42=0,"",F42/E42-1) -> 0.12714272 | I42: =IF(D42=0,"N/A",F42/D42) -> 0.095000039
C44: 2025 | D44: =$D$3 -> 2026 | E44: 2025 | F44: =$D$3 -> 2026 | G44: Dollar | H44: % | I44: =$D$3 -> 2026
C45: Fair Market | D45: Fair Market | E45: Assessed | F45: Assessed | G45: Market Value | H45: Assessed Value | I45: Level of
A46: PERSONAL PROPERTY | C46: Value | D46: Value | E46: Value | F46: Value | G46: Change | H46: Change | I46: Assessment
A47: 610 | B47: RESIDENTIAL PERSONAL PROPERTY | C47: 15320295 | D47: 19335096 | E47: 1455422 | F47: 1836842 | G47: =D47-C47 -> 4014801.1 | H47: =IF(E47=0,"",F47/E47-1) -> 0.26206832 | I47: =IF(D47=0,"N/A",F47/D47) -> 0.095000408
A48: 730 | B48: COMMERCAIL PERSONAL PROPERTY | C48: 152496301 | D48: 106426502 | E48: 14487160 | F48: 10110519 | G48: =D48-C48 -> -46069799 | H48: =IF(E48=0,"",F48/E48-1) -> -0.30210483 | I48: =IF(D48=0,"N/A",F48/D48) -> 0.095000012
A49: C | B49: TOTAL PERSONAL PROPERTY | C49: 1.678166e+08 | D49: =SUM(D47:D48) -> 125761598 | E49: 15942582 | F49: =SUM(F47:F48) -> 11947361 | G49: =SUM(G47:G48) -> -42054998 | H49: =IF(E49=0,"",F49/E49-1) -> -0.25060062 | I49: =IF(D49=0,"N/A",F49/D49) -> 0.095000073
C53: 2025 | D53: =$D$3 -> 2026 | E53: 2025 | F53: =$D$3 -> 2026 | G53: Dollar | H53: % | I53: =$D$3 -> 2026
C54: Fair Market | D54: Fair Market | E54: Assessed | F54: Assessed | G54: Market Value | H54: Assessed Value | I54: Level of
A55: INDUSTRIAL PROPERTY | C55: Value | D55: Value | E55: Value | F55: Value | G55: Change | H55: Change | I55: Assessment
A56: 501 | B56: Food Manufacturing | C56: 0 | D56: 0 | E56: 0 | F56: 0 | G56: =D56-C56 -> 0 | H56: =IF(E56=0,"",F56/E56-1) | I56: =IF(D56=0,"N/A",F56/D56) -> N/A
A57: 502 | B57: Beverage Manufacturing | C57: 8251881 | D57: 6853884 | E57: 948967 | F57: 788198 | G57: =D57-C57 -> -1397997 | H57: =IF(E57=0,"",F57/E57-1) -> -0.16941474 | I57: =IF(D57=0,"N/A",F57/D57) -> 0.1150002
A58: 503 | B58: Tobacco Manufacturing | C58: 0 | D58: 0 | E58: 0 | F58: 0 | G58: =D58-C58 -> 0 | H58: =IF(E58=0,"",F58/E58-1) | I58: =IF(D58=0,"N/A",F58/D58) -> N/A
A59: 504 | B59: Manufacture of Textile Mill Products | C59: 7417125 | D59: 6273452 | E59: 852970 | F59: 721447 | G59: =D59-C59 -> -1143673 | H59: =IF(E59=0,"",F59/E59-1) -> -0.15419417 | I59: =IF(D59=0,"N/A",F59/D59) -> 0.115
A60: 505 | B60: Apparel Manufacturing | C60: 0 | D60: 0 | E60: 0 | F60: 0 | G60: =D60-C60 -> 0 | H60: =IF(E60=0,"",F60/E60-1) | I60: =IF(D60=0,"N/A",F60/D60) -> N/A
A61: 506 | B61: Leather Manufacturing | C61: 0 | D61: 0 | E61: 0 | F61: 0 | G61: =D61-C61 -> 0 | H61: =IF(E61=0,"",F61/E61-1) | I61: =IF(D61=0,"N/A",F61/D61) -> N/A
A62: 507 | B62: Wood Product Manufacturing | C62: 0 | D62: 0 | E62: 0 | F62: 0 | G62: =D62-C62 -> 0 | H62: =IF(E62=0,"",F62/E62-1) | I62: =IF(D62=0,"N/A",F62/D62) -> N/A
A63: 508 | B63: Paper Manufacturing | C63: 0 | D63: 0 | E63: 0 | F63: 0 | G63: =D63-C63 -> 0 | H63: =IF(E63=0,"",F63/E63-1) | I63: =IF(D63=0,"N/A",F63/D63) -> N/A
A64: 509 | B64: Printing - Newspapers, Books etc. | C64: 2118972 | D64: 2042774 | E64: 243682 | F64: 234919 | G64: =D64-C64 -> -76198 | H64: =IF(E64=0,"",F64/E64-1) -> -0.035960801 | I64: =IF(D64=0,"N/A",F64/D64) -> 0.115
A65: 510 | B65: Chemical Manufacturing | C65: 0 | D65: 0 | E65: 0 | F65: 0 | G65: =D65-C65 -> 0 | H65: =IF(E65=0,"",F65/E65-1) | I65: =IF(D65=0,"N/A",F65/D65) -> N/A
A66: 511 | B66: Plastic & Rubber Product Manufacturing | C66: 86440 | D66: 0 | E66: 9941 | F66: 0 | G66: =D66-C66 -> -86440 | H66: =IF(E66=0,"",F66/E66-1) -> -1 | I66: =IF(D66=0,"N/A",F66/D66) -> N/A
A67: 512 | B67: Non-Metallic Mineral Product Manufacturing | C67: 38442 | D67: 0 | E67: 4421 | F67: 0 | G67: =D67-C67 -> -38442 | H67: =IF(E67=0,"",F67/E67-1) -> -1 | I67: =IF(D67=0,"N/A",F67/D67) -> N/A
... A86: 532 | B86: Pollution Control & Fire Exemptions Granted | C86: 0 | D86: 0 | E86: 0 | F86: 0 | G86: =D86-C86 -> 0 | H86: =IF(E86=0,"",F86/E86-1) | I86: =IF(D86=0,"N/A",F86/D86) -> N/A
A87: D | B87: TOTAL INDUSTRIAL | C87: 122208589 | D87: =SUM(D56:D85) -> 116786533 | E87: 14053991 | F87: =SUM(F56:F85) -> 13430454 | G87: =SUM(G56:G85) -> -5422056 | H87: =IF(E87=0,"",F87/E87-1) -> -0.044367255 | I87: =IF(D87=0,"N/A",F87/D87) -> 0.11500002

Sheet Sublette Value
A1: ="SUBLETTE COUNTY "&D3 -> SUBLETTE COUNTY 2026
C3: 2025 | D3: ='Albany Value'!D3 -> 2026 | E3: 2025 | F3: =$D$3 -> 2026 | I3: =$D$3 -> 2026
C4: Productive | D4: Productive | E4: Assessed | F4: Assessed | G4: Productive Value | H4: Assessed Value | I4: Level of
A5: LINE | B5: CLASSIFICATION | C5: Value | D5: Value | E5: Value | F5: Value | G5: Change | H5: % Change | I5: Assessment
A6: A | B6: AGRICULTRAL LAND | C6: 170955871 | D6: =D25 -> 151975658 | E6: 16240849 | F6: =F25 -> 14437779 | G6: =D6-C6 -> -18980213 | H6: =IF(E6=0,"",F6/E6-1) -> -0.11102067 | I6: =IF(D6=0,"N/A",F6/D6) -> 0.095000602
A7: B | B7: REAL PROPERTY | C7: 1.9607093e+09 | D7: =D42 -> 2.3123362e+09 | E7: 186267751 | F7: =F42 -> 219672210 | G7: =D7-C7 -> 3.5162689e+08 | H7: =IF(E7=0,"",F7/E7-1) -> 0.17933571 | I7: =IF(D7=0,"N/A",F7/D7) -> 0.095000118
A8: C | B8: PERSONAL PROPERTY | C8: 99147838 | D8: =D49 -> 75194681 | E8: 9419032 | F8: =F49 -> 7143496 | G8: =D8-C8 -> -23953157 | H8: =IF(E8=0,"",F8/E8-1) -> -0.24158916 | I8: =IF(D8=0,"N/A",F8/D8) -> 0.095000017
A9: D | B9: INDUSTRIAL PROPERTY | C9: 1667540840 | D9: =D87 -> 1.6537449e+09 | E9: 191767202 | F9: =F87 -> 190180663 | G9: =D9-C9 -> -13795988 | H9: =IF(E9=0,"",F9/E9-1) -> -0.0082732552 | I9: =IF(D9=0,"N/A",F9/D9) -> 0.115
B10: STATE ASSESSED - MINERALS | C10: 1313780448 | D10: ='STATE ASSESSED'!C22 -> 1598918790 | E10: 1313780448 | F10: =D10 -> 1598918790 | G10: =D10-C10 -> 285138342 | H10: =IF(E10=0,"",F10/E10-1) -> 0.21703652 | I10: =IF(D10=0,"N/A",F10/D10) -> 1
B11: STATE ASSESSED - OTHER | C11: 69157097 | D11: ='STATE ASSESSED'!F22 -> 68741292 | E11: 7731891 | F11: ='STATE ASSESSED'!I22 -> 7700330 | G11: =D11-C11 -> -415805 | H11: =IF(E11=0,"",F11/E11-1) -> -0.0040819251 | I11: =F11/D11 -> 0.11201899 | J11: *
H12: =IF(E12=0,"",F12/E12-1)
B13: LOCALLY ASSESSED VALUATION | C13: 3.8983538e+09 | D13: =SUM(D6:D9) -> 4.1932514e+09 | E13: 403694834 | F13: =SUM(F6:F9) -> 431434148 | G13: =SUM(G6:G9) -> 2.9489754e+08 | H13: =IF(E13=0,"",F13/E13-1) -> 0.068713572
B14: STATE ASSESSED VALUATION | C14: 1382937545 | D14: =SUM(D10:D11) -> 1667660082 | E14: 1321512339 | F14: =SUM(F10:F11) -> 1606619120 | G14: =SUM(G10:G11) -> 284722537 | H14: =IF(E14=0,"",F14/E14-1) -> 0.21574281
B15: TOTAL VALUATION | C15: 5.2812914e+09 | D15: =SUM(D13:D14) -> 5.8609115e+09 | E15: 1725207173 | F15: =SUM(F13:F14) -> 2038053268 | G15: =SUM(G13:G14) -> 5.7962007e+08 | H15: =IF(E15=0,"",F15/E15-1) -> 0.18133828
A18: * Telephone and cable are taxed at 9.5%. All others are taxed at 11.5%.
C19: 2025 | D19: =$D$3 -> 2026 | E19: 2025 | F19: =$D$3 -> 2026 | I19: =$D$3 -> 2026
C20: Productive | D20: Productive | E20: Assessed | F20: Assessed | G20: Productive Value | H20: Assessed Value | I20: Level of
A21: AGRICULTURAL LANDS | C21: Value | D21: Value | E21: Value | F21: Value | G21: Change | H21: % Change | I21: Assessment
A22: 110 | B22: IRRIGATED | C22: 64381414 | D22: 52771164 | E22: 6116246 | F22: 5013265 | G22: =D22-C22 -> -11610250 | H22: =IF(E22=0,"",F22/E22-1) -> -0.18033627 | I22: =IF(D22=0,"N/A",F22/D22) -> 0.095000084
A23: 120 | B23: DRY CROP | C23: 106917 | D23: 83650 | E23: 10161 | F23: 7946 | G23: =D23-C23 -> -23267 | H23: =IF(E23=0,"",F23/E23-1) -> -0.21799036 | I23: =IF(D23=0,"N/A",F23/D23) -> 0.094991034
A24: 130 | B24: RANGE | C24: 106467540 | D24: 99120844 | E24: 10114442 | F24: 9416568 | G24: =D24-C24 -> -7346696 | H24: =IF(E24=0,"",F24/E24-1) -> -0.068997776 | I24: =IF(D24=0,"N/A",F24/D24) -> 0.095000886
A25: A | B25: TOTAL AG LANDS | C25: 170955871 | D25: =SUM(D22:D24) -> 151975658 | E25: 16240849 | F25: =SUM(F22:F24) -> 14437779 | G25: =SUM(G22:G24) -> -18980213 | H25: =IF(E25=0,"",F25/E25-1) -> -0.11102067 | I25: =IF(D25=0,"N/A",F25/D25) -> 0.095000602
C27: 2025 | D27: =$D$3 -> 2026 | E27: 2025 | F27: =$D$3 -> 2026
A28: AG ACREAGE | C28: Acres | D28: Acres | E28: Value/Acre | F28: Value/Acre | G28: Acre Change | H28: Value/Acre Change
A29: 110 | B29: IRRIGATED | C29: 89023.25 | D29: 89131.46 | E29: 723.19775 | F29: =IF(D29<>0,D22/D29,0) -> 592.05991 | G29: =D29-C29 -> 108.21 | H29: =F29-E29 -> -131.13784
A30: 120 | B30: DRY CROP | C30: 501 | D30: 435 | E30: 213.40719 | F30: =IF(D30<>0,D23/D30,0) -> 192.29885 | G30: =D30-C30 -> -66 | H30: =F30-E30 -> -21.108335
A31: 130 | B31: RANGE | C31: 454852.03 | D31: 455788.82 | E31: 234.07072 | F31: =IF(D31<>0,D24/D31,0) -> 217.47099 | G31: =D31-C31 -> 936.79281 | H31: =F31-E31 -> -16.599731
C35: 2025 | D35: =$D$3 -> 2026 | E35: 2025 | F35: =$D$3 -> 2026 | G35: Dollar | H35: % | I35: =$D$3 -> 2026
C36: Fair Market | D36: Fair Market | E36: Assessed | F36: Assessed | G36: Market Value | H36: Assessed Value | I36: Level of
A37: REAL PROPERTY | C37: Value | D37: Value | E37: Value | F37: Value | G37: Change | H37: Change | I37: Assessment
A38: 200 | B38: RESIDENTIAL LAND | C38: 5.2277985e+08 | D38: 6.1498878e+08 | E38: 49664414 | F38: 58424184 | G38: =D38-C38 -> 92208923 | H38: =IF(E38=0,"",F38/E38-1) -> 0.17637921 | I38: =IF(D38=0,"N/A",F38/D38) -> 0.095000407
A39: 300 | B39: RESIDENTIAL IMPROVED | C39: 1.1722742e+09 | D39: 1.4204237e+09 | E39: 111366073 | F39: 134940276 | G39: =D39-C39 -> 2.4814953e+08 | H39: =IF(E39=0,"",F39/E39-1) -> 0.21168209 | I39: =IF(D39=0,"N/A",F39/D39) -> 0.095000014
A40: 400 | B40: COMMERCIAL LAND | C40: 85544521 | D40: 88090051 | E40: 8126753 | F40: 8368563 | G40: =D40-C40 -> 2545530 | H40: =IF(E40=0,"",F40/E40-1) -> 0.029754811 | I40: =IF(D40=0,"N/A",F40/D40) -> 0.095000093
A41: 500 | B41: COMMERCIAL IMPROVED | C41: 180110697 | D41: 188833611 | E41: 17110511 | F41: 17939187 | G41: =D41-C41 -> 8722914 | H41: =IF(E41=0,"",F41/E41-1) -> 0.048430815 | I41: =IF(D41=0,"N/A",F41/D41) -> 0.094999968
A42: B | B42: TOTAL REAL PROPERTY | C42: 1.9607093e+09 | D42: =SUM(D38:D41) -> 2.3123362e+09 | E42: 186267751 | F42: =SUM(F38:F41) -> 219672210 | G42: =SUM(G38:G41) -> 3.5162689e+08 | H42: =IF(E42=0,"",F42/E42-1) -> 0.17933571 | I42: =IF(D42=0,"N/A",F42/D42) -> 0.095000118
C44: 2025 | D44: =$D$3 -> 2026 | E44: 2025 | F44: =$D$3 -> 2026 | G44: Dollar | H44: % | I44: =$D$3 -> 2026
C45: Fair Market | D45: Fair Market | E45: Assessed | F45: Assessed | G45: Market Value | H45: Assessed Value | I45: Level of
A46: PERSONAL PROPERTY | C46: Value | D46: Value | E46: Value | F46: Value | G46: Change | H46: Change | I46: Assessment
A47: 610 | B47: RESIDENTIAL PERSONAL PROPERTY | C47: 12655176 | D47: 15444149 | E47: 1202232 | F47: 1467195 | G47: =D47-C47 -> 2788972.8 | H47: =IF(E47=0,"",F47/E47-1) -> 0.22039257 | I47: =IF(D47=0,"N/A",F47/D47) -> 0.095000055
A48: 730 | B48: COMMERCAIL PERSONAL PROPERTY | C48: 86492662 | D48: 59750532 | E48: 8216800 | F48: 5676301 | G48: =D48-C48 -> -26742130 | H48: =IF(E48=0,"",F48/E48-1) -> -0.3091835 | I48: =IF(D48=0,"N/A",F48/D48) -> 0.095000008
A49: C | B49: TOTAL PERSONAL PROPERTY | C49: 99147838 | D49: =SUM(D47:D48) -> 75194681 | E49: 9419032 | F49: =SUM(F47:F48) -> 7143496 | G49: =SUM(G47:G48) -> -23953157 | H49: =IF(E49=0,"",F49/E49-1) -> -0.24158916 | I49: =IF(D49=0,"N/A",F49/D49) -> 0.095000017
C53: 2025 | D53: =$D$3 -> 2026 | E53: 2025 | F53: =$D$3 -> 2026 | G53: Dollar | H53: % | I53: =$D$3 -> 2026
C54: Fair Market | D54: Fair Market | E54: Assessed | F54: Assessed | G54: Market Value | H54: Assessed Value | I54: Level of
A55: INDUSTRIAL PROPERTY | C55: Value | D55: Value | E55: Value | F55: Value | G55: Change | H55: Change | I55: Assessment
A56: 501 | B56: Food Manufacturing | C56: 0 | D56: 0 | E56: 0 | F56: 0 | G56: =D56-C56 -> 0 | H56: =IF(E56=0,"",F56/E56-1) | I56: =IF(D56=0,"N/A",F56/D56) -> N/A
A57: 502 | B57: Beverage Manufacturing | C57: 729721 | D57: 765594 | E57: 83918 | F57: 88043 | G57: =D57-C57 -> 35873 | H57: =IF(E57=0,"",F57/E57-1) -> 0.049155128 | I57: =IF(D57=0,"N/A",F57/D57) -> 0.1149996
A58: 503 | B58: Tobacco Manufacturing | C58: 0 | D58: 0 | E58: 0 | F58: 0 | G58: =D58-C58 -> 0 | H58: =IF(E58=0,"",F58/E58-1) | I58: =IF(D58=0,"N/A",F58/D58) -> N/A
A59: 504 | B59: Manufacture of Textile Mill Products | C59: 0 | D59: 0 | E59: 0 | F59: 0 | G59: =D59-C59 -> 0 | H59: =IF(E59=0,"",F59/E59-1) | I59: =IF(D59=0,"N/A",F59/D59) -> N/A
A60: 505 | B60: Apparel Manufacturing | C60: 0 | D60: 0 | E60: 0 | F60: 0 | G60: =D60-C60 -> 0 | H60: =IF(E60=0,"",F60/E60-1) | I60: =IF(D60=0,"N/A",F60/D60) -> N/A
A61: 506 | B61: Leather Manufacturing | C61: 0 | D61: 0 | E61: 0 | F61: 0 | G61: =D61-C61 -> 0 | H61: =IF(E61=0,"",F61/E61-1) | I61: =IF(D61=0,"N/A",F61/D61) -> N/A
A62: 507 | B62: Wood Product Manufacturing | C62: 16455 | D62: 14282 | E62: 1892 | F62: 1642 | G62: =D62-C62 -> -2173 | H62: =IF(E62=0,"",F62/E62-1) -> -0.13213531 | I62: =IF(D62=0,"N/A",F62/D62) -> 0.11496989
A63: 508 | B63: Paper Manufacturing | C63: 0 | D63: 0 | E63: 0 | F63: 0 | G63: =D63-C63 -> 0 | H63: =IF(E63=0,"",F63/E63-1) | I63: =IF(D63=0,"N/A",F63/D63) -> N/A
A64: 509 | B64: Printing - Newspapers, Books etc. | C64: 0 | D64: 0 | E64: 0 | F64: 0 | G64: =D64-C64 -> 0 | H64: =IF(E64=0,"",F64/E64-1) | I64: =IF(D64=0,"N/A",F64/D64) -> N/A
A65: 510 | B65: Chemical Manufacturing | C65: 214677 | D65: 212652 | E65: 24688 | F65: 24455 | G65: =D65-C65 -> -2025 | H65: =IF(E65=0,"",F65/E65-1) -> -0.0094377835 | I65: =IF(D65=0,"N/A",F65/D65) -> 0.11500009
A66: 511 | B66: Plastic & Rubber Product Manufacturing | C66: 0 | D66: 0 | E66: 0 | F66: 0 | G66: =D66-C66 -> 0 | H66: =IF(E66=0,"",F66/E66-1) | I66: =IF(D66=0,"N/A",F66/D66) -> N/A
A67: 512 | B67: Non-Metallic Mineral Product Manufacturing | C67: 1517456 | D67: 1204988 | E67: 174507 | F67: 138574 | G67: =D67-C67 -> -312468 | H67: =IF(E67=0,"",F67/E67-1) -> -0.20591151 | I67: =IF(D67=0,"N/A",F67/D67) -> 0.11500032
... A86: 532 | B86: Pollution Control & Fire Exemptions Granted* | C86: 89689674 | D86: 86982951 | E86: 10314312 | F86: 10003040 | G86: =D86-C86 -> -2706723 | H86: =IF(E86=0,"",F86/E86-1) -> -0.030178649 | I86: =IF(D86=0,"N/A",F86/D86) -> 0.11500001
A87: D | B87: TOTAL INDUSTRIAL | C87: 1667540840 | D87: =SUM(D56:D85) -> 1.6537449e+09 | E87: 191767202 | F87: =SUM(F56:F85) -> 190180663 | G87: =SUM(G56:G85) -> -13795988 | H87: =IF(E87=0,"",F87/E87-1) -> -0.0082732552 | I87: =IF(D87=0,"N/A",F87/D87) -> 0.115

Sheet Sweetwater Value
A1: ="SWEETWATER COUNTY "&D3 -> SWEETWATER COUNTY 2026
C3: 2025 | D3: ='Albany Value'!D3 -> 2026 | E3: 2025 | F3: =$D$3 -> 2026 | I3: =$D$3 -> 2026
C4: Productive | D4: Productive | E4: Assessed | F4: Assessed | G4: Productive Value | H4: Assessed Value | I4: Level of
A5: LINE | B5: CLASSIFICATION | C5: Value | D5: Value | E5: Value | F5: Value | G5: Change | H5: % Change | I5: Assessment
A6: A | B6: AGRICULTRAL LAND | C6: 106175964 | D6: =D25 -> 104211954 | E6: 10086729 | F6: =F25 -> 9900225 | G6: =D6-C6 -> -1964010 | H6: =IF(E6=0,"",F6/E6-1) -> -0.018490038 | I6: =IF(D6=0,"N/A",F6/D6) -> 0.095000858
A7: B | B7: REAL PROPERTY | C7: 3.5459664e+09 | D7: =D42 -> 4.1318341e+09 | E7: 336867998 | F7: =F42 -> 392525153 | G7: =D7-C7 -> 5.8586766e+08 | H7: =IF(E7=0,"",F7/E7-1) -> 0.16521948 | I7: =IF(D7=0,"N/A",F7/D7) -> 0.095000222
A8: C | B8: PERSONAL PROPERTY | C8: 2.3942634e+08 | D8: =D49 -> 232734456 | E8: 22745493 | F8: =F49 -> 22109875 | G8: =D8-C8 -> -6691888.5 | H8: =IF(E8=0,"",F8/E8-1) -> -0.027944789 | I8: =IF(D8=0,"N/A",F8/D8) -> 0.095000437
A9: D | B9: INDUSTRIAL PROPERTY | C9: 4180094544 | D9: =D87 -> 4.1948149e+09 | E9: 480710896 | F9: =F87 -> 482403721 | G9: =D9-C9 -> 14720363 | H9: =IF(E9=0,"",F9/E9-1) -> 0.0035215033 | I9: =IF(D9=0,"N/A",F9/D9) -> 0.115
B10: STATE ASSESSED - MINERALS | C10: 1241710949 | D10: ='STATE ASSESSED'!C23 -> 1122855582 | E10: 1241710949 | F10: =D10 -> 1122855582 | G10: =D10-C10 -> -118855367 | H10: =IF(E10=0,"",F10/E10-1) -> -0.09571903 | I10: =IF(D10=0,"N/A",F10/D10) -> 1
B11: STATE ASSESSED - OTHER | C11: 1975528784 | D11: ='STATE ASSESSED'!F23 -> 2097892446 | E11: 226301265 | F11: ='STATE ASSESSED'!I23 -> 240576923 | G11: =D11-C11 -> 122363662 | H11: =IF(E11=0,"",F11/E11-1) -> 0.063082537 | I11: =F11/D11 -> 0.11467553 | J11: *
H12: =IF(E12=0,"",F12/E12-1)
B13: LOCALLY ASSESSED VALUATION | C13: 8.0716632e+09 | D13: =SUM(D6:D9) -> 8663595373 | E13: 850411116 | F13: =SUM(F6:F9) -> 906938974 | G13: =SUM(G6:G9) -> 5.9193213e+08 | H13: =IF(E13=0,"",F13/E13-1) -> 0.066471212
B14: STATE ASSESSED VALUATION | C14: 3217239733 | D14: =SUM(D10:D11) -> 3220748028 | E14: 1468012214 | F14: =SUM(F10:F11) -> 1363432505 | G14: =SUM(G10:G11) -> 3508295 | H14: =IF(E14=0,"",F14/E14-1) -> -0.071238991
B15: TOTAL VALUATION | C15: 1.1288903e+10 | D15: =SUM(D13:D14) -> 11884343401 | E15: 2318423330 | F15: =SUM(F13:F14) -> 2270371479 | G15: =SUM(G13:G14) -> 5.9544042e+08 | H15: =IF(E15=0,"",F15/E15-1) -> -0.02072609
A18: * Telephone and cable are taxed at 9.5%. All others are taxed at 11.5%.
C19: 2025 | D19: =$D$3 -> 2026 | E19: 2025 | F19: =$D$3 -> 2026 | I19: =$D$3 -> 2026
C20: Productive | D20: Productive | E20: Assessed | F20: Assessed | G20: Productive Value | H20: Assessed Value | I20: Level of
A21: AGRICULTURAL LANDS | C21: Value | D21: Value | E21: Value | F21: Value | G21: Change | H21: % Change | I21: Assessment
A22: 110 | B22: IRRIGATED | C22: 27616000 | D22: 27324390 | E22: 2623517 | F22: 2595819 | G22: =D22-C22 -> -291610 | H22: =IF(E22=0,"",F22/E22-1) -> -0.010557584 | I22: =IF(D22=0,"N/A",F22/D22) -> 0.095000071
A23: 120 | B23: DRY CROP | C23: 0 | D23: 0 | E23: 0 | F23: 0 | G23: =D23-C23 -> 0 | H23: =IF(E23=0,"",F23/E23-1) | I23: =IF(D23=0,"N/A",F23/D23) -> N/A
A24: 130 | B24: RANGE | C24: 78559964 | D24: 76887564 | E24: 7463212 | F24: 7304406 | G24: =D24-C24 -> -1672400 | H24: =IF(E24=0,"",F24/E24-1) -> -0.021278506 | I24: =IF(D24=0,"N/A",F24/D24) -> 0.095001137
A25: A | B25: TOTAL AG LANDS | C25: 106175964 | D25: =SUM(D22:D24) -> 104211954 | E25: 10086729 | F25: =SUM(F22:F24) -> 9900225 | G25: =SUM(G22:G24) -> -1964010 | H25: =IF(E25=0,"",F25/E25-1) -> -0.018490038 | I25: =IF(D25=0,"N/A",F25/D25) -> 0.095000858
C27: 2025 | D27: =$D$3 -> 2026 | E27: 2025 | F27: =$D$3 -> 2026
A28: AG ACREAGE | C28: Acres | D28: Acres | E28: Value/Acre | F28: Value/Acre | G28: Acre Change | H28: Value/Acre Change
A29: 110 | B29: IRRIGATED | C29: 22417.3 | D29: 22434.441 | E29: 1231.9057 | F29: =IF(D29<>0,D22/D29,0) -> 1217.9662 | G29: =D29-C29 -> 17.141 | H29: =F29-E29 -> -13.939554
A30: 120 | B30: DRY CROP | C30: 0 | D30: 0 | E30: 0 | F30: =IF(D30<>0,D23/D30,0) -> 0 | G30: =D30-C30 -> 0 | H30: =F30-E30 -> 0
A31: 130 | B31: RANGE | C31: 1607897.6 | D31: 1607791.6 | E31: 48.858811 | F31: =IF(D31<>0,D24/D31,0) -> 47.821846 | G31: =D31-C31 -> -105.931 | H31: =F31-E31 -> -1.0369654
C35: 2025 | D35: =$D$3 -> 2026 | E35: 2025 | F35: =$D$3 -> 2026 | G35: Dollar | H35: % | I35: =$D$3 -> 2026
C36: Fair Market | D36: Fair Market | E36: Assessed | F36: Assessed | G36: Market Value | H36: Assessed Value | I36: Level of
A37: REAL PROPERTY | C37: Value | D37: Value | E37: Value | F37: Value | G37: Change | H37: Change | I37: Assessment
A38: 200 | B38: RESIDENTIAL LAND | C38: 4.1924954e+08 | D38: 5.000234e+08 | E38: 39829600 | F38: 47502845 | G38: =D38-C38 -> 80773860 | H38: =IF(E38=0,"",F38/E38-1) -> 0.19265182 | I38: =IF(D38=0,"N/A",F38/D38) -> 0.095001244
A39: 300 | B39: RESIDENTIAL IMPROVED | C39: 2.0269585e+09 | D39: 2.5214278e+09 | E39: 192561280 | F39: 239535833 | G39: =D39-C39 -> 4.9446934e+08 | H39: =IF(E39=0,"",F39/E39-1) -> 0.24394599 | I39: =IF(D39=0,"N/A",F39/D39) -> 0.095000076
A40: 400 | B40: COMMERCIAL LAND | C40: 231271033 | D40: 243239691 | E40: 21970816 | F40: 23107835 | G40: =D40-C40 -> 11968658 | H40: =IF(E40=0,"",F40/E40-1) -> 0.051751332 | I40: =IF(D40=0,"N/A",F40/D40) -> 0.095000265
A41: 500 | B41: COMMERCIAL IMPROVED | C41: 868487341 | D41: 867143147 | E41: 82506302 | F41: 82378640 | G41: =D41-C41 -> -1344194 | H41: =IF(E41=0,"",F41/E41-1) -> -0.0015473 | I41: =IF(D41=0,"N/A",F41/D41) -> 0.095000047
A42: B | B42: TOTAL REAL PROPERTY | C42: 3.5459664e+09 | D42: =SUM(D38:D41) -> 4.1318341e+09 | E42: 336867998 | F42: =SUM(F38:F41) -> 392525153 | G42: =SUM(G38:G41) -> 5.8586766e+08 | H42: =IF(E42=0,"",F42/E42-1) -> 0.16521948 | I42: =IF(D42=0,"N/A",F42/D42) -> 0.095000222
C44: 2025 | D44: =$D$3 -> 2026 | E44: 2025 | F44: =$D$3 -> 2026 | G44: Dollar | H44: % | I44: =$D$3 -> 2026
C45: Fair Market | D45: Fair Market | E45: Assessed | F45: Assessed | G45: Market Value | H45: Assessed Value | I45: Level of
A46: PERSONAL PROPERTY | C46: Value | D46: Value | E46: Value | F46: Value | G46: Change | H46: Change | I46: Assessment
A47: 610 | B47: RESIDENTIAL PERSONAL PROPERTY | C47: 57154742 | D47: 73116871 | E47: 5429682 | F47: 6946206 | G47: =D47-C47 -> 15962129 | H47: =IF(E47=0,"",F47/E47-1) -> 0.27930254 | I47: =IF(D47=0,"N/A",F47/D47) -> 0.095001412
A48: 730 | B48: COMMERCAIL PERSONAL PROPERTY | C48: 182271602 | D48: 1.5961758e+08 | E48: 17315811 | F48: 15163669 | G48: =D48-C48 -> -22654017 | H48: =IF(E48=0,"",F48/E48-1) -> -0.12428768 | I48: =IF(D48=0,"N/A",F48/D48) -> 0.09499999
A49: C | B49: TOTAL PERSONAL PROPERTY | C49: 2.3942634e+08 | D49: =SUM(D47:D48) -> 232734456 | E49: 22745493 | F49: =SUM(F47:F48) -> 22109875 | G49: =SUM(G47:G48) -> -6691888.5 | H49: =IF(E49=0,"",F49/E49-1) -> -0.027944789 | I49: =IF(D49=0,"N/A",F49/D49) -> 0.095000437
C53: 2025 | D53: =$D$3 -> 2026 | E53: 2025 | F53: =$D$3 -> 2026 | G53: Dollar | H53: % | I53: =$D$3 -> 2026
C54: Fair Market | D54: Fair Market | E54: Assessed | F54: Assessed | G54: Market Value | H54: Assessed Value | I54: Level of
A55: INDUSTRIAL PROPERTY | C55: Value | D55: Value | E55: Value | F55: Value | G55: Change | H55: Change | I55: Assessment
A56: 501 | B56: Food Manufacturing | C56: 0 | D56: 0 | E56: 0 | F56: 0 | G56: =D56-C56 -> 0 | H56: =IF(E56=0,"",F56/E56-1) | I56: =IF(D56=0,"N/A",F56/D56) -> N/A
A57: 502 | B57: Beverage Manufacturing | C57: 20247 | D57: 0 | E57: 2328 | F57: 0 | G57: =D57-C57 -> -20247 | H57: =IF(E57=0,"",F57/E57-1) -> -1 | I57: =IF(D57=0,"N/A",F57/D57) -> N/A
A58: 503 | B58: Tobacco Manufacturing | C58: 0 | D58: 0 | E58: 0 | F58: 0 | G58: =D58-C58 -> 0 | H58: =IF(E58=0,"",F58/E58-1) | I58: =IF(D58=0,"N/A",F58/D58) -> N/A
A59: 504 | B59: Manufacture of Textile Mill Products | C59: 0 | D59: 0 | E59: 0 | F59: 0 | G59: =D59-C59 -> 0 | H59: =IF(E59=0,"",F59/E59-1) | I59: =IF(D59=0,"N/A",F59/D59) -> N/A
A60: 505 | B60: Apparel Manufacturing | C60: 0 | D60: 0 | E60: 0 | F60: 0 | G60: =D60-C60 -> 0 | H60: =IF(E60=0,"",F60/E60-1) | I60: =IF(D60=0,"N/A",F60/D60) -> N/A
A61: 506 | B61: Leather Manufacturing | C61: 0 | D61: 0 | E61: 0 | F61: 0 | G61: =D61-C61 -> 0 | H61: =IF(E61=0,"",F61/E61-1) | I61: =IF(D61=0,"N/A",F61/D61) -> N/A
A62: 507 | B62: Wood Product Manufacturing | C62: 0 | D62: 0 | E62: 0 | F62: 0 | G62: =D62-C62 -> 0 | H62: =IF(E62=0,"",F62/E62-1) | I62: =IF(D62=0,"N/A",F62/D62) -> N/A
A63: 508 | B63: Paper Manufacturing | C63: 0 | D63: 0 | E63: 0 | F63: 0 | G63: =D63-C63 -> 0 | H63: =IF(E63=0,"",F63/E63-1) | I63: =IF(D63=0,"N/A",F63/D63) -> N/A
A64: 509 | B64: Printing - Newspapers, Books etc. | C64: 0 | D64: 0 | E64: 0 | F64: 0 | G64: =D64-C64 -> 0 | H64: =IF(E64=0,"",F64/E64-1) | I64: =IF(D64=0,"N/A",F64/D64) -> N/A
A65: 510 | B65: Chemical Manufacturing | C65: 0 | D65: 385402 | E65: 0 | F65: 44321 | G65: =D65-C65 -> 385402 | H65: =IF(E65=0,"",F65/E65-1) | I65: =IF(D65=0,"N/A",F65/D65) -> 0.1149994
A66: 511 | B66: Plastic & Rubber Product Manufacturing | C66: 0 | D66: 0 | E66: 0 | F66: 0 | G66: =D66-C66 -> 0 | H66: =IF(E66=0,"",F66/E66-1) | I66: =IF(D66=0,"N/A",F66/D66) -> N/A
A67: 512 | B67: Non-Metallic Mineral Product Manufacturing | C67: 40653135 | D67: 37782476 | E67: 4675110 | F67: 4344984 | G67: =D67-C67 -> -2870659 | H67: =IF(E67=0,"",F67/E67-1) -> -0.070613526 | I67: =IF(D67=0,"N/A",F67/D67) -> 0.11499998
... A86: 532 | B86: Pollution Control & Fire Exemptions Granted | C86: 1054912510 | D86: 932621975 | E86: 1.2131494e+08 | F86: 107251528 | G86: =D86-C86 -> -122290535 | H86: =IF(E86=0,"",F86/E86-1) -> -0.11592481 | I86: =IF(D86=0,"N/A",F86/D86) -> 0.115
A87: D | B87: TOTAL INDUSTRIAL | C87: 4180094544 | D87: =SUM(D56:D85) -> 4.1948149e+09 | E87: 480710896 | F87: =SUM(F56:F85) -> 482403721 | G87: =SUM(G56:G85) -> 14720363 | H87: =IF(E87=0,"",F87/E87-1) -> 0.0035215033 | I87: =IF(D87=0,"N/A",F87/D87) -> 0.115

Sheet Teton Value
A1: ="TETON COUNTY "&D3 -> TETON COUNTY 2026
C3: 2025 | D3: ='Albany Value'!D3 -> 2026 | E3: 2025 | F3: =$D$3 -> 2026 | I3: =$D$3 -> 2026
C4: Productive | D4: Productive | E4: Assessed | F4: Assessed | G4: Productive Value | H4: Assessed Value | I4: Level of
A5: LINE | B5: CLASSIFICATION | C5: Value | D5: Value | E5: Value | F5: Value | G5: Change | H5: % Change | I5: Assessment
A6: A | B6: AGRICULTRAL LAND | C6: 31499537 | D6: =D25 -> 31786019 | E6: 2992455 | F6: =F25 -> 3019675 | G6: =D6-C6 -> 286482.35 | H6: =IF(E6=0,"",F6/E6-1) -> 0.0090962103 | I6: =IF(D6=0,"N/A",F6/D6) -> 0.095000101
A7: B | B7: REAL PROPERTY | C7: 3.9621435e+10 | D7: =D42 -> 4.2891792e+10 | E7: 3764036604 | F7: =F42 -> 4074720018 | G7: =D7-C7 -> 3.2703578e+09 | H7: =IF(E7=0,"",F7/E7-1) -> 0.082539956 | I7: =IF(D7=0,"N/A",F7/D7) -> 0.094999994
A8: C | B8: PERSONAL PROPERTY | C8: 2.3887126e+08 | D8: =D49 -> 1.9668198e+08 | E8: 22692798 | F8: =F49 -> 18684792 | G8: =D8-C8 -> -42189274 | H8: =IF(E8=0,"",F8/E8-1) -> -0.17662018 | I8: =IF(D8=0,"N/A",F8/D8) -> 0.095000018
A9: D | B9: INDUSTRIAL PROPERTY | C9: 3620335 | D9: =D87 -> 3353305.5 | E9: 416338 | F9: =F87 -> 385630 | G9: =D9-C9 -> -267029.45 | H9: =IF(E9=0,"",F9/E9-1) -> -0.07375738 | I9: =IF(D9=0,"N/A",F9/D9) -> 0.11499996
B10: STATE ASSESSED - MINERALS | C10: 2949977 | D10: ='STATE ASSESSED'!C24 -> 3605255 | E10: 2949977 | F10: =D10 -> 3605255 | G10: =D10-C10 -> 655278 | H10: =IF(E10=0,"",F10/E10-1) -> 0.22212987 | I10: =IF(D10=0,"N/A",F10/D10) -> 1
B11: STATE ASSESSED - OTHER | C11: 113187829 | D11: ='STATE ASSESSED'!F24 -> 97745843 | E11: 12366259 | F11: ='STATE ASSESSED'!I24 -> 10623595 | G11: =D11-C11 -> -15441986 | H11: =IF(E11=0,"",F11/E11-1) -> -0.14092087 | I11: =F11/D11 -> 0.1086859 | J11: *
H12: =IF(E12=0,"",F12/E12-1)
B13: LOCALLY ASSESSED VALUATION | C13: 3.9895426e+10 | D13: =SUM(D6:D9) -> 4.3123614e+10 | E13: 3790138195 | F13: =SUM(F6:F9) -> 4096810115 | G13: =SUM(G6:G9) -> 3.228188e+09 | H13: =IF(E13=0,"",F13/E13-1) -> 0.080913124
B14: STATE ASSESSED VALUATION | C14: 116137806 | D14: =SUM(D10:D11) -> 101351098 | E14: 15316236 | F14: =SUM(F10:F11) -> 14228850 | G14: =SUM(G10:G11) -> -14786708 | H14: =IF(E14=0,"",F14/E14-1) -> -0.070995641
B15: TOTAL VALUATION | C15: 4.0011564e+10 | D15: =SUM(D13:D14) -> 4.3224965e+10 | E15: 3805454431 | F15: =SUM(F13:F14) -> 4111038965 | G15: =SUM(G13:G14) -> 3.2134013e+09 | H15: =IF(E15=0,"",F15/E15-1) -> 0.080301719
A18: * Telephone and cable are taxed at 9.5%. All others are taxed at 11.5%.
C19: 2025 | D19: =$D$3 -> 2026 | E19: 2025 | F19: =$D$3 -> 2026 | I19: =$D$3 -> 2026
C20: Productive | D20: Productive | E20: Assessed | F20: Assessed | G20: Productive Value | H20: Assessed Value | I20: Level of
A21: AGRICULTURAL LANDS | C21: Value | D21: Value | E21: Value | F21: Value | G21: Change | H21: % Change | I21: Assessment
A22: 110 | B22: IRRIGATED | C22: 23270521 | D22: 21537754 | E22: 2210695 | F22: 2046090 | G22: =D22-C22 -> -1732767 | H22: =IF(E22=0,"",F22/E22-1) -> -0.074458485 | I22: =IF(D22=0,"N/A",F22/D22) -> 0.095000156
A23: 120 | B23: DRY CROP | C23: 1680 | D23: 1475 | E23: 160 | F23: 140 | G23: =D23-C23 -> -205 | H23: =IF(E23=0,"",F23/E23-1) -> -0.125 | I23: =IF(D23=0,"N/A",F23/D23) -> 0.094915254
A24: 130 | B24: RANGE | C24: 8227335.7 | D24: 10246790 | E24: 781600 | F24: 973445 | G24: =D24-C24 -> 2019454.3 | H24: =IF(E24=0,"",F24/E24-1) -> 0.24545164 | I24: =IF(D24=0,"N/A",F24/D24) -> 0.094999995
A25: A | B25: TOTAL AG LANDS | C25: 31499537 | D25: =SUM(D22:D24) -> 31786019 | E25: 2992455 | F25: =SUM(F22:F24) -> 3019675 | G25: =SUM(G22:G24) -> 286482.35 | H25: =IF(E25=0,"",F25/E25-1) -> 0.0090962103 | I25: =IF(D25=0,"N/A",F25/D25) -> 0.095000101
C27: 2025 | D27: =$D$3 -> 2026 | E27: 2025 | F27: =$D$3 -> 2026
A28: AG ACREAGE | C28: Acres | D28: Acres | E28: Value/Acre | F28: Value/Acre | G28: Acre Change | H28: Value/Acre Change
A29: 110 | B29: IRRIGATED | C29: 13416.032 | D29: 13358.982 | E29: 1734.5308 | F29: =IF(D29<>0,D22/D29,0) -> 1612.2302 | G29: =D29-C29 -> -57.05 | H29: =F29-E29 -> -122.30064
A30: 120 | B30: DRY CROP | C30: 5 | D30: 5 | E30: 336 | F30: =IF(D30<>0,D23/D30,0) -> 295 | G30: =D30-C30 -> 0 | H30: =F30-E30 -> -41
A31: 130 | B31: RANGE | C31: 17495.596 | D31: 17925.334 | E31: 470.25181 | F31: =IF(D31<>0,D24/D31,0) -> 571.63733 | G31: =D31-C31 -> 429.738 | H31: =F31-E31 -> 101.38552
C35: 2025 | D35: =$D$3 -> 2026 | E35: 2025 | F35: =$D$3 -> 2026 | G35: Dollar | H35: % | I35: =$D$3 -> 2026
C36: Fair Market | D36: Fair Market | E36: Assessed | F36: Assessed | G36: Market Value | H36: Assessed Value | I36: Level of
A37: REAL PROPERTY | C37: Value | D37: Value | E37: Value | F37: Value | G37: Change | H37: Change | I37: Assessment
A38: 200 | B38: RESIDENTIAL LAND | C38: 1.3516011e+10 | D38: 1.4335562e+10 | E38: 1284021320 | F38: 1361878008 | G38: =D38-C38 -> 8.195506e+08 | H38: =IF(E38=0,"",F38/E38-1) -> 0.060635043 | I38: =IF(D38=0,"N/A",F38/D38) -> 0.094999974
A39: 300 | B39: RESIDENTIAL IMPROVED | C39: 2.0216253e+10 | D39: 2.2035809e+10 | E39: 1920544014 | F39: 2093401891 | G39: =D39-C39 -> 1.8195563e+09 | H39: =IF(E39=0,"",F39/E39-1) -> 0.090004642 | I39: =IF(D39=0,"N/A",F39/D39) -> 0.095000001
A40: 400 | B40: COMMERCIAL LAND | C40: 1881059270 | D40: 3.1870048e+09 | E40: 178700719 | F40: 302765459 | G40: =D40-C40 -> 1.3059455e+09 | H40: =IF(E40=0,"",F40/E40-1) -> 0.69425988 | I40: =IF(D40=0,"N/A",F40/D40) -> 0.095000002
A41: 500 | B41: COMMERCIAL IMPROVED | C41: 4008111314 | D41: 3.3334167e+09 | E41: 380770551 | F41: 316674660 | G41: =D41-C41 -> -6.7469459e+08 | H41: =IF(E41=0,"",F41/E41-1) -> -0.16833206 | I41: =IF(D41=0,"N/A",F41/D41) -> 0.095000021
A42: B | B42: TOTAL REAL PROPERTY | C42: 3.9621435e+10 | D42: =SUM(D38:D41) -> 4.2891792e+10 | E42: 3764036604 | F42: =SUM(F38:F41) -> 4074720018 | G42: =SUM(G38:G41) -> 3.2703578e+09 | H42: =IF(E42=0,"",F42/E42-1) -> 0.082539956 | I42: =IF(D42=0,"N/A",F42/D42) -> 0.094999994
C44: 2025 | D44: =$D$3 -> 2026 | E44: 2025 | F44: =$D$3 -> 2026 | G44: Dollar | H44: % | I44: =$D$3 -> 2026
C45: Fair Market | D45: Fair Market | E45: Assessed | F45: Assessed | G45: Market Value | H45: Assessed Value | I45: Level of
